Workbook

Sheet Смета по ТСН-2001
A1: =Source!B1 -> Smeta.RU (495) 974-1589
K2: Форма № 4б
B3: "СОГЛАСОВАНО" | G3: "УТВЕРЖДАЮ"
B6: =CONCATENATE("______________________ ", IF(Source!AL12<>"", Source!AL12, "")) -> ______________________ | G6: =CONCATENATE("______________________ ", IF(Source!AH12<>"", Source!AH12, "")) -> ______________________
B7: "_____"________________ 2019 г. | G7: "_____"________________ 2019 г.
A10: =IF(Source!G12<>"Новый объект", Source!G12, "") -> 12 СКУД
A11: (наименование стройки и/или объекта)
A13: =CONCATENATE( "ЛОКАЛЬНАЯ СМЕТА № ",IF(Source!F20<>"Новая локальная смета", Source!F20, "")) -> ЛОКАЛЬНАЯ СМЕТА № 02-01-12
A15: =IF(Source!G20<>"Новая локальная смета", Source!G20, "") -> Система контроля доступа
A16: (наименование работ и затрат)
A18: =CONCATENATE( "Основание: чертежи № ", Source!J20) -> Основание: чертежи №
I20: В базисном уровне цен | J20: В текущем уровне цен
F21: Сметная стоимость | I21: =(Source!F156/1000) -> 50.11816 | J21: =(Source!P156/1000) -> 389.20072 | K21: тыс. руб.
F22: Строительные работы | I22: =(Source!F146)/1000 -> 0.14006 | J22: =(Source!P146)/1000 -> 5.72034 | K22: тыс. руб.
F23: Работы по монтажу оборудования | I23: =(Source!F147)/1000 -> 18.07869 | J23: =(Source!P147)/1000 -> 199.92699 | K23: тыс. руб.
F24: Оборудование | I24: =(Source!F138)/1000 -> 31.38037 | J24: =(Source!P138)/1000 -> 160.02421 | K24: тыс. руб.
F25: Прочие работы и затраты | I25: =(Source!F148+Source!F149)/1000 -> 0.51904 | J25: =(Source!P148+Source!P149)/1000 -> 23.52918 | K25: тыс. руб.
F26: Средства на оплату труда | I26: =(Source!F144+ Source!F143)/1000 -> 3.08408 | J26: =((Source!P144 + Source!P143)/1000) -> 66.89363 | K26: тыс. руб.
F27: Затраты труда | I27: =Source!F151 -> 184 | K27: чел.-ч.
F28: Кроме того:
F29: Возврат материалов | I29: =SUM(Y35:Y240)/1000 -> 0 | J29: =SUM(Z35:Z240)/1000 -> 0 | K29: тыс. руб.
A31: Составлен(а) по ТСН-2001 с учетом Дополнения №: 52
A32: № и период сборника коэффициентов (индексов) пересчета: ТСН-2001 ремонт №152 май 2019 года и Коэффициенты пересчета к ТСН-2001.13-2 март 2019 года | AE32: № и период сборника коэффициентов (индексов) пересчета: ТСН-2001 ремонт №152 май 2019 года и Коэффициенты пересчета к ТСН-2001.13-2 март 2019 года
A33: № п/п | B33: Шифр расценки и коды ресурсов | C33: Наименование работ и затрат | D33: Ед. изм. | E33: Кол-во единиц | F33: Цена на ед. изм., руб. | G33: Попра-вочные коэффи- циенты | H33: Коэффи-циенты зимних удорожа-ний | I33: Всего в ценах на январь 2000 года, руб. | J33: Коэффици-енты (индексы) пересчета, нормы НР и СП | K33: ВСЕГО затрат в текущем уровне цен, руб.
A34: 1 | B34: 2 | C34: 3 | D34: 4 | E34: 5 | F34: 6 | G34: 7 | H34: 8 | I34: 9 | J34: 10 | K34: 11
A35: =Source!E24 -> 1 | B35: =Source!F24 -> 4.10-176-1 | C35: Блок контроля датчиков (контроллер) | D35: =Source!H24 -> 10 шт. | E35: =Source!I24 -> 0.4 | Q35: =Source!X24 -> 0 | R35: =Source!X25 -> 3146.39 | S35: =Source!Y24 -> 0 | T35: =Source!Y25 -> 1675.35 | U35: =ROUND((175/100)*ROUND(Source!R24, 2), 2) -> 0.14 | V35: =ROUND((157/100)*ROUND(Source!R25, 2), 2) -> 2.73
C36: ="Объем: "&Source!I24&"=4/"&"10" -> Объем: 0,4=4/10
C37: ЗП | F37: =Source!AO24 -> 470.98 | G37: =Source!DG24 | H37: =Source!AV25 -> 1 | I37: =Source!S24 -> 188.39 | J37: =IF(Source!BA25<> 0, Source!BA25, 1) -> 21.69 | K37: =Source!S25 -> 4086.22
C38: ЭМ | F38: =Source!AM24 -> 1.11 | G38: =Source!DE24 | H38: =Source!AV25 -> 1 | I38: =Source!Q24 -> 0.44 | J38: =IF(Source!BB25<> 0, Source!BB25, 1) -> 8.21 | K38: =Source!Q25 -> 3.65
C39: в т.ч. ЗПМ | F39: =Source!AN24 -> 0.2 | G39: =Source!DF24 | H39: =Source!AV25 -> 1 | I39: =Source!R24 -> 0.08 | J39: =IF(Source!BS25<> 0, Source!BS25, 1) -> 21.69 | K39: =Source!R25 -> 1.74
C40: МР | F40: =Source!AL24 -> 1.23 | G40: =Source!DD24 | H40: =Source!AW25 -> 1 | I40: =Source!P24 -> 0.49 | J40: =IF(Source!BC25<> 0, Source!BC25, 1) -> 5.41 | K40: =Source!P25 -> 2.66
C41: НР от ЗП | D41: % | E41: =Source!DN25 -> 114 | I41: =SUM(Q35:Q40) -> 0 | J41: =Source!BZ25 -> 77 | K41: =SUM(R35:R40) -> 3146.39
C42: СП от ЗП | D42: % | E42: =Source!DO25 -> 67 | I42: =SUM(S35:S41) -> 0 | J42: =Source!CA25 -> 41 | K42: =SUM(T35:T41) -> 1675.35
C43: НР и СП от ЗПМ | D43: % | E43: =175 -> 175 | I43: =SUM(U35:U42) -> 0.14 | J43: =157 -> 157 | K43: =SUM(V35:V42) -> 2.73
C44: ЗТР | D44: чел-ч | E44: =Source!AQ24 -> 29.96 | G44: =Source!DI24 | H44: =Source!AV25 -> 1 | I44: =Source!U24 -> 11.984
C45: Всего по позиции: | H45: =I37+I38+I40+I41+I42+I43 -> 189.46 | J45: =K37+K38+K40+K41+K42+K43 -> 8917 | O45: =I37+I38+I40+I41+I42+I43 -> 189.46 | P45: =K37+K38+K40+K41+K42+K43 -> 8917
A47: =Source!E26 -> 2 | B47: =Source!F26 -> 4.10-173-2 | C47: Блок бесперебойного питания (ББП) в диспетчерской | D47: =Source!H26 -> 1 ШТ. | E47: =Source!I26 -> 3 | Q47: =Source!X26 -> 0 | R47: =Source!X27 -> 2010.67 | S47: =Source!Y26 -> 0 | T47: =Source!Y27 -> 1070.62 | U47: =ROUND((175/100)*ROUND(Source!R26, 2), 2) -> 0 | V47: =ROUND((157/100)*ROUND(Source!R27, 2), 2) -> 0
C48: ЗП | F48: =Source!AO26 -> 40.13 | G48: =Source!DG26 | H48: =Source!AV27 -> 1 | I48: =Source!S26 -> 120.39 | J48: =IF(Source!BA27<> 0, Source!BA27, 1) -> 21.69 | K48: =Source!S27 -> 2611.26
C49: МР | F49: =Source!AL26 -> 1.5 | G49: =Source!DD26 | H49: =Source!AW27 -> 1 | I49: =Source!P26 -> 4.5 | J49: =IF(Source!BC27<> 0, Source!BC27, 1) -> 5.41 | K49: =Source!P27 -> 24.35
C50: НР от ЗП | D50: % | E50: =Source!DN27 -> 114 | I50: =SUM(Q47:Q49) -> 0 | J50: =Source!BZ27 -> 77 | K50: =SUM(R47:R49) -> 2010.67
C51: СП от ЗП | D51: % | E51: =Source!DO27 -> 67 | I51: =SUM(S47:S50) -> 0 | J51: =Source!CA27 -> 41 | K51: =SUM(T47:T50) -> 1070.62
C52: ЗТР | D52: чел-ч | E52: =Source!AQ26 -> 3.18 | G52: =Source!DI26 | H52: =Source!AV27 -> 1 | I52: =Source!U26 -> 9.54
C53: Всего по позиции: | H53: =I48+I49+I50+I51 -> 124.89 | J53: =K48+K49+K50+K51 -> 5716.9 | O53: =I48+I49+I50+I51 -> 124.89 | P53: =K48+K49+K50+K51 -> 5716.9
A55: =Source!E28 -> 3 | B55: =Source!F28 -> 4.10-168-1 | C55: Блок считывания кода (БСК) и считыватель в диспетчерской | D55: =Source!H28 -> 1 ШТ. | E55: =Source!I28 -> 5 | Q55: =Source!X28 -> 0 | R55: =Source!X29 -> 4933.57 | S55: =Source!Y28 -> 0 | T55: =Source!Y29 -> 2626.96 | U55: =ROUND((175/100)*ROUND(Source!R28, 2), 2) -> 0.53 | V55: =ROUND((157/100)*ROUND(Source!R29, 2), 2) -> 10.22
C56: ЗП | F56: =Source!AO28 -> 59.08 | G56: =Source!DG28 | H56: =Source!AV29 -> 1 | I56: =Source!S28 -> 295.4 | J56: =IF(Source!BA29<> 0, Source!BA29, 1) -> 21.69 | K56: =Source!S29 -> 6407.23
C57: ЭМ | F57: =Source!AM28 -> 3.52 | G57: =Source!DE28 | H57: =Source!AV29 -> 1 | I57: =Source!Q28 -> 17.6 | J57: =IF(Source!BB29<> 0, Source!BB29, 1) -> 5.52 | K57: =Source!Q29 -> 97.15
C58: в т.ч. ЗПМ | F58: =Source!AN28 -> 0.06 | G58: =Source!DF28 | H58: =Source!AV29 -> 1 | I58: =Source!R28 -> 0.3 | J58: =IF(Source!BS29<> 0, Source!BS29, 1) -> 21.69 | K58: =Source!R29 -> 6.51
C59: МР | F59: =Source!AL28 -> 11.87 | G59: =Source!DD28 | H59: =Source!AW29 -> 1 | I59: =Source!P28 -> 59.35 | J59: =IF(Source!BC29<> 0, Source!BC29, 1) -> 5.41 | K59: =Source!P29 -> 321.08
C60: НР от ЗП | D60: % | E60: =Source!DN29 -> 114 | I60: =SUM(Q55:Q59) -> 0 | J60: =Source!BZ29 -> 77 | K60: =SUM(R55:R59) -> 4933.57
C61: СП от ЗП | D61: % | E61: =Source!DO29 -> 67 | I61: =SUM(S55:S60) -> 0 | J61: =Source!CA29 -> 41 | K61: =SUM(T55:T60) -> 2626.96
C62: НР и СП от ЗПМ | D62: % | E62: =175 -> 175 | I62: =SUM(U55:U61) -> 0.53 | J62: =157 -> 157 | K62: =SUM(V55:V61) -> 10.22
C63: ЗТР | D63: чел-ч | E63: =Source!AQ28 -> 4.68 | G63: =Source!DI28 | H63: =Source!AV29 -> 1 | I63: =Source!U28 -> 23.4
C64: Всего по позиции: | H64: =I56+I57+I59+I60+I61+I62 -> 372.88 | J64: =K56+K57+K59+K60+K61+K62 -> 14396.21 | O64: =I56+I57+I59+I60+I61+I62 -> 372.88 | P64: =K56+K57+K59+K60+K61+K62 -> 14396.21
A66: =Source!E30 -> 4 | B66: =Source!F30 -> 3.10-82-1 | C66: Установка дверного доводчика к металлическим дверям | D66: =Source!H30 -> 1 ШТ. | E66: =Source!I30 -> 7 | Q66: =Source!X30 -> 0 | R66: =Source!X31 -> 1896.62 | S66: =Source!Y30 -> 0 | T66: =Source!Y31 -> 1065.23 | U66: =ROUND((175/100)*ROUND(Source!R30, 2), 2) -> 1.38 | V66: =ROUND((157/100)*ROUND(Source!R31, 2), 2) -> 26.82
C67: ЗП | F67: =Source!AO30 -> 14.88 | G67: =Source!DG30 -> )*1,15 | H67: =Source!AV31 -> 1 | I67: =Source!S30 -> 119.78 | J67: =IF(Source!BA31<> 0, Source!BA31, 1) -> 21.69 | K67: =Source!S31 -> 2598.11
C68: ЭМ | F68: =Source!AM30 -> 1.99 | G68: =Source!DE30 -> )*1,25 | H68: =Source!AV31 -> 1 | I68: =Source!Q30 -> 17.41 | J68: =IF(Source!BB31<> 0, Source!BB31, 1) -> 6.93 | K68: =Source!Q31 -> 120.67
C69: в т.ч. ЗПМ | F69: =Source!AN30 -> 0.09 | G69: =Source!DF30 -> )*1,25 | H69: =Source!AV31 -> 1 | I69: =Source!R30 -> 0.79 | J69: =IF(Source!BS31<> 0, Source!BS31, 1) -> 21.69 | K69: =Source!R31 -> 17.08
C70: МР | F70: =Source!AL30 -> 0.41 | G70: =Source!DD30 | H70: =Source!AW31 -> 1 | I70: =Source!P30 -> 2.87 | J70: =IF(Source!BC31<> 0, Source!BC31, 1) -> 4.49 | K70: =Source!P31 -> 12.89
C71: НР от ЗП | D71: % | E71: =Source!DN31 -> 91 | I71: =SUM(Q66:Q70) -> 0 | J71: =Source!BZ31 -> 73 | K71: =SUM(R66:R70) -> 1896.62
C72: СП от ЗП | D72: % | E72: =Source!DO31 -> 70 | I72: =SUM(S66:S71) -> 0 | J72: =Source!CA31 -> 41 | K72: =SUM(T66:T71) -> 1065.23
C73: НР и СП от ЗПМ | D73: % | E73: =175 -> 175 | I73: =SUM(U66:U72) -> 1.38 | J73: =157 -> 157 | K73: =SUM(V66:V72) -> 26.82
C74: ЗТР | D74: чел-ч | E74: =Source!AQ30 -> 1.11 | G74: =Source!DI30 -> )*1,15 | H74: =Source!AV31 -> 1 | I74: =Source!U30 -> 8.9355
C75: Всего по позиции: | H75: =I67+I68+I70+I71+I72+I73 -> 141.44 | J75: =K67+K68+K70+K71+K72+K73 -> 5720.34 | O75: =I67+I68+I70+I71+I72+I73 -> 141.44 | P75: =K67+K68+K70+K71+K72+K73 -> 5720.34
A77: =Source!E32 -> 5 | B77: =Source!F32 -> 4.10-76-10 | C77: Ключ или кнопка на панели | D77: =Source!H32 -> 1 ШТ. | E77: =Source!I32 -> 7 | Q77: =Source!X32 -> 0 | R77: =Source!X33 -> 1391.22 | S77: =Source!Y32 -> 0 | T77: =Source!Y33 -> 740.78 | U77: =ROUND((175/100)*ROUND(Source!R32, 2), 2) -> 0 | V77: =ROUND((157/100)*ROUND(Source!R33, 2), 2) -> 0
C78: ЗП | F78: =Source!AO32 -> 11.9 | G78: =Source!DG32 | H78: =Source!AV33 -> 1 | I78: =Source!S32 -> 83.3 | J78: =IF(Source!BA33<> 0, Source!BA33, 1) -> 21.69 | K78: =Source!S33 -> 1806.78
C79: МР | F79: =Source!AL32 -> 1.75 | G79: =Source!DD32 | H79: =Source!AW33 -> 1 | I79: =Source!P32 -> 12.25 | J79: =IF(Source!BC33<> 0, Source!BC33, 1) -> 5.41 | K79: =Source!P33 -> 66.27
A80: =Source!E34 -> 5,1 | B80: =Source!F34 -> ц. пост. | C80: Кнопка выхода SR-BP42 Базисная стоимость: 32,24 = [205,2 / 1,2 / 5,41] + 2% Трансп | D80: =Source!H34 -> шт. | E80: =Source!I34 -> 7 | F80: =Source!AK34 -> 32.54 | H80: =Source!AW35 -> 1 | I80: =Source!O34 -> 227.78 | J80: =IF(Source!BC35<> 0, Source!BC35, 1) -> 5.41 | K80: =Source!O35 -> 1220.93 | Q80: =Source!X34 -> 0 | R80: =Source!X35 -> 0 | S80: =Source!Y34 -> 0 | T80: =Source!Y35 -> 0 | U80: =ROUND((175/100)*ROUND(Source!R34, 2), 2) -> 0 | V80: =ROUND((157/100)*ROUND(Source!R35, 2), 2) -> 0
C81: НР от ЗП | D81: % | E81: =Source!DN33 -> 114 | I81: =SUM(Q77:Q80) -> 0 | J81: =Source!BZ33 -> 77 | K81: =SUM(R77:R80) -> 1391.22
C82: СП от ЗП | D82: % | E82: =Source!DO33 -> 67 | I82: =SUM(S77:S81) -> 0 | J82: =Source!CA33 -> 41 | K82: =SUM(T77:T81) -> 740.78
C83: ЗТР | D83: чел-ч | E83: =Source!AQ32 -> 1 | G83: =Source!DI32 | H83: =Source!AV33 -> 1 | I83: =Source!U32 -> 7
C84: Всего по позиции: | H84: =I78+I79+I81+I82+SUM(I80:I80) -> 323.33 | J84: =K78+K79+K81+K82+SUM(K80:K80) -> 5225.98 | O84: =I78+I79+I81+I82+SUM(I80:I80) -> 323.33 | P84: =K78+K79+K81+K82+SUM(K80:K80) -> 5225.98
A86: =Source!E36 -> 6 | B86: =Source!F36 -> 4.11-1-1 | C86: Конструкции для установки приборов и средств автоматизации массой до 1 кг | D86: =Source!H36 -> 1 ШТ. | E86: =Source!I36 -> 7 | Q86: =Source!X36 -> 0 | R86: =Source!X37 -> 696.78 | S86: =Source!Y36 -> 0 | T86: =Source!Y37 -> 371.01 | U86: =ROUND((175/100)*ROUND(Source!R36, 2), 2) -> 12.62 | V86: =ROUND((157/100)*ROUND(Source!R37, 2), 2) -> 245.52
C87: ЗП | F87: =Source!AO36 -> 5.96 | G87: =Source!DG36 | H87: =Source!AV37 -> 1 | I87: =Source!S36 -> 41.72 | J87: =IF(Source!BA37<> 0, Source!BA37, 1) -> 21.69 | K87: =Source!S37 -> 904.91
C88: ЭМ | F88: =Source!AM36 -> 4.26 | G88: =Source!DE36 | H88: =Source!AV37 -> 1 | I88: =Source!Q36 -> 29.82 | J88: =IF(Source!BB37<> 0, Source!BB37, 1) -> 9.22 | K88: =Source!Q37 -> 274.94
C89: в т.ч. ЗПМ | F89: =Source!AN36 -> 1.03 | G89: =Source!DF36 | H89: =Source!AV37 -> 1 | I89: =Source!R36 -> 7.21 | J89: =IF(Source!BS37<> 0, Source!BS37, 1) -> 21.69 | K89: =Source!R37 -> 156.38
C90: МР | F90: =Source!AL36 -> 3.43 | G90: =Source!DD36 | H90: =Source!AW37 -> 1 | I90: =Source!P36 -> 24.01 | J90: =IF(Source!BC37<> 0, Source!BC37, 1) -> 5.41 | K90: =Source!P37 -> 129.89
C91: НР от ЗП | D91: % | E91: =Source!DN37 -> 114 | I91: =SUM(Q86:Q90) -> 0 | J91: =Source!BZ37 -> 77 | K91: =SUM(R86:R90) -> 696.78
C92: СП от ЗП | D92: % | E92: =Source!DO37 -> 67 | I92: =SUM(S86:S91) -> 0 | J92: =Source!CA37 -> 41 | K92: =SUM(T86:T91) -> 371.01
C93: НР и СП от ЗПМ | D93: % | E93: =175 -> 175 | I93: =SUM(U86:U92) -> 12.62 | J93: =157 -> 157 | K93: =SUM(V86:V92) -> 245.52
C94: ЗТР | D94: чел-ч | E94: =Source!AQ36 -> 0.52 | G94: =Source!DI36 | H94: =Source!AV37 -> 1 | I94: =Source!U36 -> 3.64
C95: Всего по позиции: | H95: =I87+I88+I90+I91+I92+I93 -> 108.17 | J95: =K87+K88+K90+K91+K92+K93 -> 2623.05 | O95: =I87+I88+I90+I91+I92+I93 -> 108.17 | P95: =K87+K88+K90+K91+K92+K93 -> 2623.05
A97: =Source!E38 -> 7 | B97: =Source!F38 -> 4.8-288-3 | C97: Трубы гофрированные поливинилхлоридные наружным диаметром 25 мм открыто по стенам и потолкам с установкой соединительных коробок | D97: =Source!H38 -> 100 м | E97: =Source!I38 -> 1 | Q97: =Source!X38 -> 0 | R97: =Source!X39 -> 3391.87 | S97: =Source!Y38 -> 0 | T97: =Source!Y39 -> 1806.06 | U97: =ROUND((175/100)*ROUND(Source!R38, 2), 2) -> 14.49 | V97: =ROUND((157/100)*ROUND(Source!R39, 2), 2) -> 281.96
C98: ="Объем: "&Source!I38&"=100/"&"100" -> Объем: 1=100/100
C99: ЗП | F99: =Source!AO38 -> 203.09 | G99: =Source!DG38 | H99: =Source!AV39 -> 1 | I99: =Source!S38 -> 203.09 | J99: =IF(Source!BA39<> 0, Source!BA39, 1) -> 21.69 | K99: =Source!S39 -> 4405.02
C100: ЭМ | F100: =Source!AM38 -> 43.19 | G100: =Source!DE38 | H100: =Source!AV39 -> 1 | I100: =Source!Q38 -> 43.19 | J100: =IF(Source!BB39<> 0, Source!BB39, 1) -> 8.39 | K100: =Source!Q39 -> 362.36
C101: в т.ч. ЗПМ | F101: =Source!AN38 -> 8.28 | G101: =Source!DF38 | H101: =Source!AV39 -> 1 | I101: =Source!R38 -> 8.28 | J101: =IF(Source!BS39<> 0, Source!BS39, 1) -> 21.69 | K101: =Source!R39 -> 179.59
C102: МР | F102: =Source!AL38 -> 290.65 | G102: =Source!DD38 | H102: =Source!AW39 -> 1 | I102: =Source!P38 -> 290.65 | J102: =IF(Source!BC39<> 0, Source!BC39, 1) -> 5.41 | K102: =Source!P39 -> 1572.42
A103: =Source!E40 -> 7,1 | B103: =Source!F40 -> 1.12-5-373 | C103: Трубы электротехнические гофрированные, поливинилхлоридные, негорючие, с зондом, наружный диаметр 25 мм | D103: =Source!H40 -> м | E103: =Source!I40 -> 102 | F103: =Source!AK40 -> 5.19 | H103: =Source!AW41 -> 1 | I103: =Source!O40 -> 529.38 | J103: =IF(Source!BC41<> 0, Source!BC41, 1) -> 6.65 | K103: =Source!O41 -> 3520.38 | Q103: =Source!X40 -> 0 | R103: =Source!X41 -> 0 | S103: =Source!Y40 -> 0 | T103: =Source!Y41 -> 0 | U103: =ROUND((175/100)*ROUND(Source!R40, 2), 2) -> 0 | V103: =ROUND((157/100)*ROUND(Source!R41, 2), 2) -> 0
A104: =Source!E42 -> 7,2 | B104: =Source!F42 -> 1.21-5-185 | C104: Коробки ответвительные, тип КРП-1 УХЛ4, размеры 52х109х109 мм | D104: =Source!H42 -> шт. | E104: =Source!I42 -> 5 | F104: =Source!AK42 -> 26.19 | H104: =Source!AW43 -> 1 | I104: =Source!O42 -> 130.95 | J104: =IF(Source!BC43<> 0, Source!BC43, 1) -> 0.96 | K104: =Source!O43 -> 125.71 | Q104: =Source!X42 -> 0 | R104: =Source!X43 -> 0 | S104: =Source!Y42 -> 0 | T104: =Source!Y43 -> 0 | U104: =ROUND((175/100)*ROUND(Source!R42, 2), 2) -> 0 | V104: =ROUND((157/100)*ROUND(Source!R43, 2), 2) -> 0
A105: =Source!E44 -> 7,3 | B105: =Source!F44 -> 1.21-5-1137 | C105: Держатели пластиковые с защелкой для крепления труб, рукавов и гибких вводов диаметром 25 мм | D105: =Source!H44 -> 100 шт. | E105: =Source!I44 -> 0.91 | F105: =Source!AK44 -> 154.37 | H105: =Source!AW45 -> 1 | I105: =Source!O44 -> 140.48 | J105: =IF(Source!BC45<> 0, Source!BC45, 1) -> 1.39 | K105: =Source!O45 -> 195.26 | Q105: =Source!X44 -> 0 | R105: =Source!X45 -> 0 | S105: =Source!Y44 -> 0 | T105: =Source!Y45 -> 0 | U105: =ROUND((175/100)*ROUND(Source!R44, 2), 2) -> 0 | V105: =ROUND((157/100)*ROUND(Source!R45, 2), 2) -> 0
C106: НР от ЗП | D106: % | E106: =Source!DN39 -> 114 | I106: =SUM(Q97:Q105) -> 0 | J106: =Source!BZ39 -> 77 | K106: =SUM(R97:R105) -> 3391.87
C107: СП от ЗП | D107: % | E107: =Source!DO39 -> 67 | I107: =SUM(S97:S106) -> 0 | J107: =Source!CA39 -> 41 | K107: =SUM(T97:T106) -> 1806.06
C108: НР и СП от ЗПМ | D108: % | E108: =175 -> 175 | I108: =SUM(U97:U107) -> 14.49 | J108: =157 -> 157 | K108: =SUM(V97:V107) -> 281.96
C109: ЗТР | D109: чел-ч | E109: =Source!AQ38 -> 15.93 | G109: =Source!DI38 | H109: =Source!AV39 -> 1 | I109: =Source!U38 -> 15.93
C110: Всего по позиции: | H110: =I99+I100+I102+I106+I107+I108+SUM(I103:I105) -> 1352.23 | J110: =K99+K100+K102+K106+K107+K108+SUM(K103:K105) -> 15661.04 | O110: =I99+I100+I102+I106+I107+I108+SUM(I103:I105) -> 1352.23 | P110: =K99+K100+K102+K106+K107+K108+SUM(K103:K105) -> 15661.04
A112: =Source!E46 -> 8 | B112: =Source!F46 -> 4.8-280-2 | C112: Прокладка пластикового кабель-канала по бетонному основанию | D112: =Source!H46 -> 100 м | E112: =Source!I46 -> 0.5 | Q112: =Source!X46 -> 0 | R112: =Source!X47 -> 4103.09 | S112: =Source!Y46 -> 0 | T112: =Source!Y47 -> 2184.76 | U112: =ROUND((175/100)*ROUND(Source!R46, 2), 2) -> 3.45 | V112: =ROUND((157/100)*ROUND(Source!R47, 2), 2) -> 67.09
C113: ЗП | F113: =Source!AO46 -> 491.35 | G113: =Source!DG46 | H113: =Source!AV47 -> 1 | I113: =Source!S46 -> 245.68 | J113: =IF(Source!BA47<> 0, Source!BA47, 1) -> 21.69 | K113: =Source!S47 -> 5328.69
C114: ЭМ | F114: =Source!AM46 -> 29.47 | G114: =Source!DE46 | H114: =Source!AV47 -> 1 | I114: =Source!Q46 -> 14.74 | J114: =IF(Source!BB47<> 0, Source!BB47, 1) -> 7.44 | K114: =Source!Q47 -> 109.63
C115: в т.ч. ЗПМ | F115: =Source!AN46 -> 3.94 | G115: =Source!DF46 | H115: =Source!AV47 -> 1 | I115: =Source!R46 -> 1.97 | J115: =IF(Source!BS47<> 0, Source!BS47, 1) -> 21.69 | K115: =Source!R47 -> 42.73
C116: МР | F116: =Source!AL46 -> 1844.59 | G116: =Source!DD46 | H116: =Source!AW47 -> 1 | I116: =Source!P46 -> 922.3 | J116: =IF(Source!BC47<> 0, Source!BC47, 1) -> 5.41 | K116: =Source!P47 -> 4989.62
...

Sheet Дефектная ведомость
A1: =Source!B1 -> Smeta.RU (495) 974-1589
D3: "УТВЕРЖДАЮ"
C5: ___________________________
C7: ___________________________
C9: " ___ " ___________ 20 ___ г.
A11: =CONCATENATE("Дефектный акт ", IF(Source!AN15<>"", Source!AN15," ")) -> Дефектный акт
A12: =CONCATENATE("На капитальный ремонт ", Source!F12) -> На капитальный ремонт 12 СКУД
B14: Мы, нижеподписавшиеся, произвели осмотр объекта
B15: и постановили произвести ремонт объекта в
B16: следующем объеме:
A17: № п/п | B17: Наименование работ и затрат | C17: Единица измерения | D17: Количество | E17: Примечание
A18: 1 | B18: 2 | C18: 3 | D18: 4 | E18: 5
A19: =CONCATENATE("Локальная смета: ", Source!G20) -> Локальная смета: Система контроля доступа
A20: =Source!E24 -> 1 | B20: =Source!G24 -> Блок контроля датчиков (контроллер) | C20: =Source!H24 -> 10 шт. | D20: =Source!I24 -> 0.4
A21: =Source!E26 -> 2 | B21: =Source!G26 -> Блок бесперебойного питания (ББП) в диспетчерской | C21: =Source!H26 -> 1 ШТ. | D21: =Source!I26 -> 3
A22: =Source!E28 -> 3 | B22: =Source!G28 -> Блок считывания кода (БСК) и считыватель в диспетчерской | C22: =Source!H28 -> 1 ШТ. | D22: =Source!I28 -> 5
A23: =Source!E30 -> 4 | B23: =Source!G30 -> Установка дверного доводчика к металлическим дверям | C23: =Source!H30 -> 1 ШТ. | D23: =Source!I30 -> 7
A24: =Source!E32 -> 5 | B24: =Source!G32 -> Ключ или кнопка на панели | C24: =Source!H32 -> 1 ШТ. | D24: =Source!I32 -> 7
A25: =Source!E34 -> 5,1 | B25: =Source!G34 -> Кнопка выхода SR-BP42 | C25: =Source!H34 -> шт. | D25: =Source!I34 -> 7
A26: =Source!E36 -> 6 | B26: =Source!G36 -> Конструкции для установки приборов и средств автоматизации массой до 1 кг | C26: =Source!H36 -> 1 ШТ. | D26: =Source!I36 -> 7
A27: =Source!E38 -> 7 | B27: =Source!G38 -> Трубы гофрированные поливинилхлоридные наружным диаметром 25 мм открыто по стенам и потолкам с установкой соединительных коробок | C27: =Source!H38 -> 100 м | D27: =Source!I38 -> 1
A28: =Source!E40 -> 7,1 | B28: =Source!G40 -> Трубы электротехнические гофрированные, поливинилхлоридные, негорючие, с зондом, наружный диаметр 25 мм | C28: =Source!H40 -> м | D28: =Source!I40 -> 102
A29: =Source!E42 -> 7,2 | B29: =Source!G42 -> Коробки ответвительные, тип КРП-1 УХЛ4, размеры 52х109х109 мм | C29: =Source!H42 -> шт. | D29: =Source!I42 -> 5
A30: =Source!E44 -> 7,3 | B30: =Source!G44 -> Держатели пластиковые с защелкой для крепления труб, рукавов и гибких вводов диаметром 25 мм | C30: =Source!H44 -> 100 шт. | D30: =Source!I44 -> 0.91
A31: =Source!E46 -> 8 | B31: =Source!G46 -> Прокладка пластикового кабель-канала по бетонному основанию | C31: =Source!H46 -> 100 м | D31: =Source!I46 -> 0.5
A32: =Source!E48 -> 8,1 | B32: =Source!G48 -> Кабель-каналы, размер 20х12,5 мм, кабель-каналы | C32: =Source!H48 -> м | D32: =Source!I48 -> 50
A33: =Source!E50 -> 8,2 | B33: =Source!G50 -> Кабель-каналы, размер 20х12,5 мм, углы наружные | C33: =Source!H50 -> 1000 шт. | D33: =Source!I50 -> 0.01
A34: =Source!E52 -> 8,3 | B34: =Source!G52 -> Кабель-каналы, размер 20х12,5 мм, заглушки | C34: =Source!H52 -> 1000 шт. | D34: =Source!I52 -> 0.003
A35: =Source!E54 -> 8,4 | B35: =Source!G54 -> Кабель-каналы, размер 20х12,5 мм, углы внутренние | C35: =Source!H54 -> 1000 шт. | D35: =Source!I54 -> 0.007
A36: =Source!E60 -> 11 | B36: =Source!G60 -> Затягивание проводов и кабелей в проложенные трубы и металлические рукава, провод первый одножильный или многожильный в общей оплетке, суммарное сечение до 6 мм2 | C36: =Source!H60 -> 100 м | D36: =Source!I60 -> 1
A37: =Source!E62 -> 12 | B37: =Source!G62 -> Провода и кабели в коробах, провод, сечением до 6 мм2 | C37: =Source!H62 -> 100 м | D37: =Source!I62 -> 0.5
A38: =Source!E64 -> 13 | B38: =Source!G64 -> Провода и кабели по перфорированным профилям, провод сечением до 6 мм2 | C38: =Source!H64 -> 100 м | D38: =Source!I64 -> 10
A39: =Source!E66 -> 14 | B39: =Source!G66 -> Кабель КВПЭфнг(С)-LSLTx-5e 4х2х0,52 | C39: =Source!H66 -> ПМ | D39: =Source!I66 -> 510
A40: =Source!E68 -> 15 | B40: =Source!G68 -> Кабель ВВГЭ нг(А)-LSLTх 3х1,5 | C40: =Source!H68 -> ПМ | D40: =Source!I68 -> 510
A41: =Source!E70 -> 16 | B41: =Source!G70 -> Кабели для адресных систем пожарной сигнализации с однопроволочными медными жилами, с изоляцией и оболочкой из ПВХ пластиката, марка КПСВВ, число пар и сечение 1х2х0,75 мм2 | C41: =Source!H70 -> км | D41: =Source!I70 -> 0.11
A42: =Source!E72 -> 17 | B42: =Source!G72 -> Аккумуляторы кислотные стационарные, аккумулятор С-1, СК-1 | C42: =Source!H72 -> 1 ШТ. | D42: =Source!I72 -> 1
A43: =Source!E74 -> 18 | B43: =Source!G74 -> Устройство связи с согласующим устройством (вызывная панель) | C43: =Source!H74 -> 10 шт. | D43: =Source!I74 -> 0.4
A44: =Source!E76 -> 19 | B44: =Source!G76 -> Аппаратура цветного телевидения, устройство видеоконтрольное | C44: =Source!H76 -> 1 ШТ. | D44: =Source!I76 -> 1
A45: =Source!E78 -> 20 | B45: =Source!G78 -> Комплексная наладка системы контроля и управления доступом (СКУД) | C45: =Source!H78 -> 1 считыватель | D45: =Source!I78 -> 5
A46: =CONCATENATE("Раздел: ", Source!G81) -> Раздел: Оборудование
A47: =Source!E85 -> 21 | B47: =Source!G85 -> Контроллер доступа С2000-2: Разнообразные режимы работы, режим запрета повторного прохода (Antipassback); встроенный звуковой сигнализатор; управление и передача сообщений по интерфейсу RS-485 в ИСО «Орион» | C47: =Source!H85 -> компл. | D47: =Source!I85 -> 4
A48: =Source!E87 -> 22 | B48: =Source!G87 -> Источник питания резервированный РИП-12, напряжение 12 В: Ток 3 А | C48: =Source!H87 -> шт. | D48: =Source!I87 -> 3
A49: =Source!E89 -> 23 | B49: =Source!G89 -> Комплект монтажный (электромагнитный замок, доводчик двери, кнопка выхода): Состав: замок электромагнитный, со звуковой сигнализацией открытия и встроенным контроллером, номинальное напряжение питания постоянное 12 В, потребляемая мощность не более 10 Вт, усилие удержания не менее 500 кг для тяжелых дверей и не менее 150 кг для легких дверей, масса замка не более 6 кг для тяжелых дверей и не более 1,5 кг для легких дверей; доводчик двери; габаритные размеры 293х60х47,5 мм; кнопка выхода НО 91х28 мм | C49: =Source!H89 -> компл. | D49: =Source!I89 -> 7
A50: =Source!E91 -> 24 | B50: =Source!G91 -> Батарея аккумуляторная, емкость 7 А•ч: Напряжение 12 В | C50: =Source!H91 -> шт. | D50: =Source!I91 -> 1
A51: =Source!E93 -> 25 | B51: =Source!G93 -> Считыватель Proxy-5MSG | C51: =Source!H93 -> шт. | D51: =Source!I93 -> 5
A52: =Source!E95 -> 26 | B52: =Source!G95 -> Вызывная панель DRC-4CHC PAL | C52: =Source!H95 -> шт. | D52: =Source!I95 -> 4
A53: =Source!E97 -> 27 | B53: =Source!G97 -> Видеодомофон CDV-1020AQ | C53: =Source!H97 -> шт. | D53: =Source!I97 -> 1
A56: Заказчик _________________ | C56: Подрядчик _________________

Sheet RV_DATA
A1: BuildingFinished | B1: Trud | C1: Mash | D1: Mat | E1: MatZak | F1: Oborud | G1: OborudZak | H1: ZeroStoim | I1: NegativeKoll | J1: ReUnionKollResurcy
A2: 1 | B2: 1 | C2: 1 | D2: 1 | E2: 1 | F2: 1 | G2: 1 | H2: 1 | I2: 1 | J2: 0
A4: TYPE | B4: LINK | C4: RABMAT_EX | D4: TIP_RAB | E4: TYPE_TRUD | F4: TAB | G4: NAME | H4: EDIZM | I4: KOLL | J4: UCH | K4: PRICE_B | L4: PRICE_ED | M4: STOIM_B | N4: PRICE_C | O4: STOIM_C | P4: ZPM_B | Q4: ZPM_ED | R4: STOIM_ZPM_B | S4: ZPM_C | T4: STOIM_ZPM_C | U4: CRC_GR_RES | V4: CRC_B | W4: CRC_C
A6: =Source!A20 -> 3 | B6: 20 | G6: =Source!G20 -> Система контроля доступа
A7: =Source!A25 -> 17 | C7: 1 | D7: 0 | E7: =SmtRes!AV2 -> 1 | F7: =SmtRes!I2 -> 9999990008 | G7: =SmtRes!K2 -> Трудозатраты рабочих | H7: =SmtRes!O2 -> чел.-ч. | I7: =SmtRes!Y2*Source!I25 -> 11.984 | J7: =SmtRes!AO2 -> 1 | K7: =SmtRes!AH2 -> 0 | L7: =SmtRes!DB2 -> 0 | M7: =ROUND(ROUND(L7*Source!I25, 6)*1, 2) -> 0 | N7: =SmtRes!AD2 -> 0 | O7: =ROUND(ROUND(L7*Source!I25, 6)*SmtRes!DA2, 2) -> 0 | P7: =SmtRes!AG2 -> 0 | Q7: =SmtRes!DC2 -> 0 | R7: =ROUND(ROUND(Q7*Source!I25, 6)*1, 2) -> 0 | S7: =SmtRes!AC2 -> 0 | T7: =ROUND(ROUND(Q7*Source!I25, 6)*SmtRes!AK2, 2) -> 0 | U7: =SmtRes!X2 -> 476480486 | V7: 1286141856 | W7: 1286141856
A8: =Source!A27 -> 17 | C8: 1 | D8: 0 | E8: =SmtRes!AV4 -> 1 | F8: =SmtRes!I4 -> 9999990008 | G8: =SmtRes!K4 -> Трудозатраты рабочих | H8: =SmtRes!O4 -> чел.-ч. | I8: =SmtRes!Y4*Source!I27 -> 9.54 | J8: =SmtRes!AO4 -> 1 | K8: =SmtRes!AH4 -> 0 | L8: =SmtRes!DB4 -> 0 | M8: =ROUND(ROUND(L8*Source!I27, 6)*1, 2) -> 0 | N8: =SmtRes!AD4 -> 0 | O8: =ROUND(ROUND(L8*Source!I27, 6)*SmtRes!DA4, 2) -> 0 | P8: =SmtRes!AG4 -> 0 | Q8: =SmtRes!DC4 -> 0 | R8: =ROUND(ROUND(Q8*Source!I27, 6)*1, 2) -> 0 | S8: =SmtRes!AC4 -> 0 | T8: =ROUND(ROUND(Q8*Source!I27, 6)*SmtRes!AK4, 2) -> 0 | U8: =SmtRes!X4 -> 476480486 | V8: 1286141856 | W8: 1286141856
A9: =Source!A29 -> 17 | C9: 1 | D9: 0 | E9: =SmtRes!AV6 -> 1 | F9: =SmtRes!I6 -> 9999990008 | G9: =SmtRes!K6 -> Трудозатраты рабочих | H9: =SmtRes!O6 -> чел.-ч. | I9: =SmtRes!Y6*Source!I29 -> 23.4 | J9: =SmtRes!AO6 -> 1 | K9: =SmtRes!AH6 -> 0 | L9: =SmtRes!DB6 -> 0 | M9: =ROUND(ROUND(L9*Source!I29, 6)*1, 2) -> 0 | N9: =SmtRes!AD6 -> 0 | O9: =ROUND(ROUND(L9*Source!I29, 6)*SmtRes!DA6, 2) -> 0 | P9: =SmtRes!AG6 -> 0 | Q9: =SmtRes!DC6 -> 0 | R9: =ROUND(ROUND(Q9*Source!I29, 6)*1, 2) -> 0 | S9: =SmtRes!AC6 -> 0 | T9: =ROUND(ROUND(Q9*Source!I29, 6)*SmtRes!AK6, 2) -> 0 | U9: =SmtRes!X6 -> 476480486 | V9: 1286141856 | W9: 1286141856
A10: =Source!A31 -> 17 | C10: 3 | D10: 0 | E10: =SmtRes!AV18 -> 0 | F10: =SmtRes!I18 -> 1.1-1-2627 | G10: =SmtRes!K18 -> Винты самонарезающие 5х40 мм для металла | H10: =SmtRes!O18 -> кг | I10: =SmtRes!Y18*Source!I31 -> 0.14 | J10: =SmtRes!AO18 -> 1 | K10: =SmtRes!AE18 -> 20.63 | L10: =SmtRes!DB18 -> 0.41 | M10: =ROUND(ROUND(L10*Source!I31, 6)*1, 2) -> 2.87 | N10: =SmtRes!AA18 -> 91.8 | O10: =ROUND(ROUND(L10*Source!I31, 6)*SmtRes!DA18, 2) -> 12.77 | P10: =SmtRes!AG18 -> 0 | Q10: =SmtRes!DC18 -> 0 | R10: =ROUND(ROUND(Q10*Source!I31, 6)*1, 2) -> 0 | S10: =SmtRes!AC18 -> 0 | T10: =ROUND(ROUND(Q10*Source!I31, 6)*SmtRes!AK18, 2) -> 0 | U10: =SmtRes!X18 -> -1260154368 | V10: 458667026 | W10: 1761663345
A11: =Source!A31 -> 17 | C11: 2 | D11: 0 | E11: =SmtRes!AV17 -> 0 | F11: =SmtRes!I17 -> 2.1-30-6 | G11: =SmtRes!K17 -> Дрели электрические | H11: =SmtRes!O17 -> маш.-ч. | I11: =SmtRes!Y17*Source!I31 -> 0.9625 | J11: =SmtRes!AO17 -> 1 | K11: =SmtRes!AF17 -> 2.36 | L11: =SmtRes!DB17 -> 0.325 | M11: =ROUND(ROUND(L11*Source!I31, 6)*1, 2) -> 2.28 | N11: =SmtRes!AB17 -> 28.23 | O11: =ROUND(ROUND(L11*Source!I31, 6)*SmtRes!DA17, 2) -> 27.21 | P11: =SmtRes!AG17 -> 0.1 | Q11: =SmtRes!DC17 -> 0.0125 | R11: =ROUND(ROUND(Q11*Source!I31, 6)*1, 2) -> 0.09 | S11: =SmtRes!AC17 -> 2.17 | T11: =ROUND(ROUND(Q11*Source!I31, 6)*SmtRes!AK17, 2) -> 1.9 | U11: =SmtRes!X17 -> 950854334 | V11: 1680068806 | W11: -1277416625
A12: =Source!A31 -> 17 | C12: 2 | D12: 0 | E12: =SmtRes!AV16 -> 0 | F12: =SmtRes!I16 -> 2.1-30-56 | G12: =SmtRes!K16 -> Шуруповерты | H12: =SmtRes!O16 -> маш.-ч. | I12: =SmtRes!Y16*Source!I31 -> 1.3125 | J12: =SmtRes!AO16 -> 1 | K12: =SmtRes!AF16 -> 0.64 | L12: =SmtRes!DB16 -> 0.125 | M12: =ROUND(ROUND(L12*Source!I31, 6)*1, 2) -> 0.88 | N12: =SmtRes!AB16 -> 5.35 | O12: =ROUND(ROUND(L12*Source!I31, 6)*SmtRes!DA16, 2) -> 7.32 | P12: =SmtRes!AG16 -> 0.04 | Q12: =SmtRes!DC16 -> 0.0125 | R12: =ROUND(ROUND(Q12*Source!I31, 6)*1, 2) -> 0.09 | S12: =SmtRes!AC16 -> 0.87 | T12: =ROUND(ROUND(Q12*Source!I31, 6)*SmtRes!AK16, 2) -> 1.9 | U12: =SmtRes!X16 -> 926785503 | V12: 1087820908 | W12: 2105073805
A13: =Source!A31 -> 17 | C13: 2 | D13: 0 | E13: =SmtRes!AV15 -> 0 | F13: =SmtRes!I15 -> 2.1-30-19 | G13: =SmtRes!K15 -> Машины шлифовальные электрические | H13: =SmtRes!O15 -> маш.-ч. | I13: =SmtRes!Y15*Source!I31 -> 0.175 | J13: =SmtRes!AO15 -> 1 | K13: =SmtRes!AF15 -> 0.68 | L13: =SmtRes!DB15 -> 0.0125 | M13: =ROUND(ROUND(L13*Source!I31, 6)*1, 2) -> 0.09 | N13: =SmtRes!AB15 -> 5.22 | O13: =ROUND(ROUND(L13*Source!I31, 6)*SmtRes!DA15, 2) -> 0.67 | P13: =SmtRes!AG15 -> 0.04 | Q13: =SmtRes!DC15 -> 0 | R13: =ROUND(ROUND(Q13*Source!I31, 6)*1, 2) -> 0 | S13: =SmtRes!AC15 -> 0.87 | T13: =ROUND(ROUND(Q13*Source!I31, 6)*SmtRes!AK15, 2) -> 0 | U13: =SmtRes!X15 -> -875577540 | V13: 334347769 | W13: -1601543727
A14: =Source!A31 -> 17 | C14: 2 | D14: 0 | E14: =SmtRes!AV14 -> 0 | F14: =SmtRes!I14 -> 2.1-13-14 | G14: =SmtRes!K14 -> Установки для сварки ручной дуговой (постоянного тока) | H14: =SmtRes!O14 -> маш.-ч. | I14: =SmtRes!Y14*Source!I31 -> 2.275 | J14: =SmtRes!AO14 -> 1 | K14: =SmtRes!AF14 -> 6.22 | L14: =SmtRes!DB14 -> 2.025 | M14: =ROUND(ROUND(L14*Source!I31, 6)*1, 2) -> 14.18 | N14: =SmtRes!AB14 -> 37.63 | O14: =ROUND(ROUND(L14*Source!I31, 6)*SmtRes!DA14, 2) -> 85.76 | P14: =SmtRes!AG14 -> 0.29 | Q14: =SmtRes!DC14 -> 0.1 | R14: =ROUND(ROUND(Q14*Source!I31, 6)*1, 2) -> 0.7 | S14: =SmtRes!AC14 -> 6.29 | T14: =ROUND(ROUND(Q14*Source!I31, 6)*SmtRes!AK14, 2) -> 15.18 | U14: =SmtRes!X14 -> -243982840 | V14: 1628274585 | W14: -649282412
A15: =Source!A31 -> 17 | C15: 1 | D15: 0 | E15: =SmtRes!AV13 -> 1 | F15: =SmtRes!I13 -> 9999990008 | G15: =SmtRes!K13 -> Трудозатраты рабочих | H15: =SmtRes!O13 -> чел.-ч. | I15: =SmtRes!Y13*Source!I31 -> 8.9355 | J15: =SmtRes!AO13 -> 1 | K15: =SmtRes!AH13 -> 0 | L15: =SmtRes!DB13 -> 0 | M15: =ROUND(ROUND(L15*Source!I31, 6)*1, 2) -> 0 | N15: =SmtRes!AD13 -> 0 | O15: =ROUND(ROUND(L15*Source!I31, 6)*SmtRes!DA13, 2) -> 0 | P15: =SmtRes!AG13 -> 0 | Q15: =SmtRes!DC13 -> 0 | R15: =ROUND(ROUND(Q15*Source!I31, 6)*1, 2) -> 0 | S15: =SmtRes!AC13 -> 0 | T15: =ROUND(ROUND(Q15*Source!I31, 6)*SmtRes!AK13, 2) -> 0 | U15: =SmtRes!X13 -> 476480486 | V15: 1286141856 | W15: 1286141856
A16: =Source!A33 -> 17 | C16: 1 | D16: 0 | E16: =SmtRes!AV21 -> 1 | F16: =SmtRes!I21 -> 9999990008 | G16: =SmtRes!K21 -> Трудозатраты рабочих | H16: =SmtRes!O21 -> чел.-ч. | I16: =SmtRes!Y21*Source!I33 -> 7 | J16: =SmtRes!AO21 -> 1 | K16: =SmtRes!AH21 -> 0 | L16: =SmtRes!DB21 -> 0 | M16: =ROUND(ROUND(L16*Source!I33, 6)*1, 2) -> 0 | N16: =SmtRes!AD21 -> 0 | O16: =ROUND(ROUND(L16*Source!I33, 6)*SmtRes!DA21, 2) -> 0 | P16: =SmtRes!AG21 -> 0 | Q16: =SmtRes!DC21 -> 0 | R16: =ROUND(ROUND(Q16*Source!I33, 6)*1, 2) -> 0 | S16: =SmtRes!AC21 -> 0 | T16: =ROUND(ROUND(Q16*Source!I33, 6)*SmtRes!AK21, 2) -> 0 | U16: =SmtRes!X21 -> 476480486 | V16: 1286141856 | W16: 1286141856
A17: =Source!A35 -> 18 | C17: 3 | D17: =Source!BI35 -> 2 | E17: =Source!FS35 -> 0 | F17: =Source!F35 -> ц. пост. | G17: =Source!G35 -> Кнопка выхода SR-BP42 | H17: =Source!H35 -> шт. | I17: =Source!I35 -> 7 | J17: 1 | K17: =Source!AC35 -> 32.24 | M17: =ROUND(K17*I17, 2) -> 225.68 | N17: =Source!AC35*IF(Source!BC35<> 0, Source!BC35, 1) -> 174.4184 | O17: =ROUND(N17*I17, 2) -> 1220.93 | P17: =Source!AE35 -> 0 | R17: =ROUND(P17*I17, 2) -> 0 | S17: =Source!AE35*IF(Source!BS35<> 0, Source!BS35, 1) -> 0 | T17: =ROUND(S17*I17, 2) -> 0 | U17: =Source!GF35 -> -43413833 | V17: -1538863874 | W17: -1960723027
A18: =Source!A37 -> 17 | C18: 1 | D18: 0 | E18: =SmtRes!AV24 -> 1 | F18: =SmtRes!I24 -> 9999990008 | G18: =SmtRes!K24 -> Трудозатраты рабочих | H18: =SmtRes!O24 -> чел.-ч. | I18: =SmtRes!Y24*Source!I37 -> 3.64 | J18: =SmtRes!AO24 -> 1 | K18: =SmtRes!AH24 -> 0 | L18: =SmtRes!DB24 -> 0 | M18: =ROUND(ROUND(L18*Source!I37, 6)*1, 2) -> 0 | N18: =SmtRes!AD24 -> 0 | O18: =ROUND(ROUND(L18*Source!I37, 6)*SmtRes!DA24, 2) -> 0 | P18: =SmtRes!AG24 -> 0 | Q18: =SmtRes!DC24 -> 0 | R18: =ROUND(ROUND(Q18*Source!I37, 6)*1, 2) -> 0 | S18: =SmtRes!AC24 -> 0 | T18: =ROUND(ROUND(Q18*Source!I37, 6)*SmtRes!AK24, 2) -> 0 | U18: =SmtRes!X24 -> 476480486 | V18: 1286141856 | W18: 1286141856
A19: =Source!A39 -> 17 | C19: 1 | D19: 0 | E19: =SmtRes!AV29 -> 1 | F19: =SmtRes!I29 -> 9999990008 | G19: =SmtRes!K29 -> Трудозатраты рабочих | H19: =SmtRes!O29 -> чел.-ч. | I19: =SmtRes!Y29*Source!I39 -> 15.93 | J19: =SmtRes!AO29 -> 1 | K19: =SmtRes!AH29 -> 0 | L19: =SmtRes!DB29 -> 0 | M19: =ROUND(ROUND(L19*Source!I39, 6)*1, 2) -> 0 | N19: =SmtRes!AD29 -> 0 | O19: =ROUND(ROUND(L19*Source!I39, 6)*SmtRes!DA29, 2) -> 0 | P19: =SmtRes!AG29 -> 0 | Q19: =SmtRes!DC29 -> 0 | R19: =ROUND(ROUND(Q19*Source!I39, 6)*1, 2) -> 0 | S19: =SmtRes!AC29 -> 0 | T19: =ROUND(ROUND(Q19*Source!I39, 6)*SmtRes!AK29, 2) -> 0 | U19: =SmtRes!X29 -> 476480486 | V19: 1286141856 | W19: 1286141856
A20: =Source!A41 -> 18 | C20: 3 | D20: =Source!BI41 -> 2 | E20: =Source!FS41 -> 0 | F20: =Source!F41 -> 1.12-5-373 | G20: =Source!G41 -> Трубы электротехнические гофрированные, поливинилхлоридные, негорючие, с зондом, наружный диаметр 25 мм | H20: =Source!H41 -> м | I20: =Source!I41 -> 102 | J20: 1 | K20: =Source!AC41 -> 5.19 | M20: =ROUND(K20*I20, 2) -> 529.38 | N20: =Source!AC41*IF(Source!BC41<> 0, Source!BC41, 1) -> 34.5135 | O20: =ROUND(N20*I20, 2) -> 3520.38 | P20: =Source!AE41 -> 0 | R20: =ROUND(P20*I20, 2) -> 0 | S20: =Source!AE41*IF(Source!BS41<> 0, Source!BS41, 1) -> 0 | T20: =ROUND(S20*I20, 2) -> 0 | U20: =Source!GF41 -> -1867355440 | V20: 55109370 | W20: -290208468
A21: =Source!A43 -> 18 | C21: 3 | D21: =Source!BI43 -> 2 | E21: =Source!FS43 -> 0 | F21: =Source!F43 -> 1.21-5-185 | G21: =Source!G43 -> Коробки ответвительные, тип КРП-1 УХЛ4, размеры 52х109х109 мм | H21: =Source!H43 -> шт. | I21: =Source!I43 -> 5 | J21: 1 | K21: =Source!AC43 -> 26.19 | M21: =ROUND(K21*I21, 2) -> 130.95 | N21: =Source!AC43*IF(Source!BC43<> 0, Source!BC43, 1) -> 25.1424 | O21: =ROUND(N21*I21, 2) -> 125.71 | P21: =Source!AE43 -> 0 | R21: =ROUND(P21*I21, 2) -> 0 | S21: =Source!AE43*IF(Source!BS43<> 0, Source!BS43, 1) -> 0 | T21: =ROUND(S21*I21, 2) -> 0 | U21: =Source!GF43 -> -838499012 | V21: -565866029 | W21: 776779917
A22: =Source!A45 -> 18 | C22: 3 | D22: =Source!BI45 -> 2 | E22: =Source!FS45 -> 0 | F22: =Source!F45 -> 1.21-5-1137 | G22: =Source!G45 -> Держатели пластиковые с защелкой для крепления труб, рукавов и гибких вводов диаметром 25 мм | H22: =Source!H45 -> 100 шт. | I22: =Source!I45 -> 0.91 | J22: 1 | K22: =Source!AC45 -> 154.37 | M22: =ROUND(K22*I22, 2) -> 140.48 | N22: =Source!AC45*IF(Source!BC45<> 0, Source!BC45, 1) -> 214.5743 | O22: =ROUND(N22*I22, 2) -> 195.26 | P22: =Source!AE45 -> 0 | R22: =ROUND(P22*I22, 2) -> 0 | S22: =Source!AE45*IF(Source!BS45<> 0, Source!BS45, 1) -> 0 | T22: =ROUND(S22*I22, 2) -> 0 | U22: =Source!GF45 -> 1689615020 | V22: -2006919963 | W22: -1203804874
A23: =Source!A47 -> 17 | C23: 1 | D23: 0 | E23: =SmtRes!AV38 -> 1 | F23: =SmtRes!I38 -> 9999990008 | G23: =SmtRes!K38 -> Трудозатраты рабочих | H23: =SmtRes!O38 -> чел.-ч. | I23: =SmtRes!Y38*Source!I47 -> 20.335 | J23: =SmtRes!AO38 -> 1 | K23: =SmtRes!AH38 -> 0 | L23: =SmtRes!DB38 -> 0 | M23: =ROUND(ROUND(L23*Source!I47, 6)*1, 2) -> 0 | N23: =SmtRes!AD38 -> 0 | O23: =ROUND(ROUND(L23*Source!I47, 6)*SmtRes!DA38, 2) -> 0 | P23: =SmtRes!AG38 -> 0 | Q23: =SmtRes!DC38 -> 0 | R23: =ROUND(ROUND(Q23*Source!I47, 6)*1, 2) -> 0 | S23: =SmtRes!AC38 -> 0 | T23: =ROUND(ROUND(Q23*Source!I47, 6)*SmtRes!AK38, 2) -> 0 | U23: =SmtRes!X38 -> 476480486 | V23: 1286141856 | W23: 1286141856
A24: =Source!A49 -> 18 | C24: 3 | D24: =Source!BI49 -> 2 | E24: =Source!FS49 -> 0 | F24: =Source!F49 -> 1.1-1-2426 | G24: =Source!G49 -> Кабель-каналы, размер 20х12,5 мм, кабель-каналы | H24: =Source!H49 -> м | I24: =Source!I49 -> 50 | J24: 1 | K24: =Source!AC49 -> 7.28 | M24: =ROUND(K24*I24, 2) -> 364 | N24: =Source!AC49*IF(Source!BC49<> 0, Source!BC49, 1) -> 13.468 | O24: =ROUND(N24*I24, 2) -> 673.4 | P24: =Source!AE49 -> 0 | R24: =ROUND(P24*I24, 2) -> 0 | S24: =Source!AE49*IF(Source!BS49<> 0, Source!BS49, 1) -> 0 | T24: =ROUND(S24*I24, 2) -> 0 | U24: =Source!GF49 -> -1211388013 | V24: -1575198268 | W24: -120463350
A25: =Source!A51 -> 18 | C25: 3 | D25: =Source!BI51 -> 2 | E25: =Source!FS51 -> 0 | F25: =Source!F51 -> 1.1-1-2428 | G25: =Source!G51 -> Кабель-каналы, размер 20х12,5 мм, углы наружные | H25: =Source!H51 -> 1000 шт. | I25: =Source!I51 -> 0.01 | J25: 1 | K25: =Source!AC51 -> 11139.68 | M25: =ROUND(K25*I25, 2) -> 111.4 | N25: =Source!AC51*IF(Source!BC51<> 0, Source!BC51, 1) -> 12699.235 | O25: =ROUND(N25*I25, 2) -> 126.99 | P25: =Source!AE51 -> 0 | R25: =ROUND(P25*I25, 2) -> 0 | S25: =Source!AE51*IF(Source!BS51<> 0, Source!BS51, 1) -> 0 | T25: =ROUND(S25*I25, 2) -> 0 | U25: =Source!GF51 -> 2143346931 | V25: 583768039 | W25: 1080349418
A26: =Source!A53 -> 18 | C26: 3 | D26: =Source!BI53 -> 2 | E26: =Source!FS53 -> 0 | F26: =Source!F53 -> 1.1-1-2430 | G26: =Source!G53 -> Кабель-каналы, размер 20х12,5 мм, заглушки | H26: =Source!H53 -> 1000 шт. | I26: =Source!I53 -> 0.003 | J26: 1 | K26: =Source!AC53 -> 5447.7 | M26: =ROUND(K26*I26, 2) -> 16.34 | N26: =Source!AC53*IF(Source!BC53<> 0, Source!BC53, 1) -> 9805.86 | O26: =ROUND(N26*I26, 2) -> 29.42 | P26: =Source!AE53 -> 0 | R26: =ROUND(P26*I26, 2) -> 0 | S26: =Source!AE53*IF(Source!BS53<> 0, Source!BS53, 1) -> 0 | T26: =ROUND(S26*I26, 2) -> 0 | U26: =Source!GF53 -> 1934155101 | V26: -1937781842 | W26: 1143559099
A27: =Source!A55 -> 18 | C27: 3 | D27: =Source!BI55 -> 2 | E27: =Source!FS55 -> 0 | F27: =Source!F55 -> 1.1-1-2427 | G27: =Source!G55 -> Кабель-каналы, размер 20х12,5 мм, углы внутренние | H27: =Source!H55 -> 1000 шт. | I27: =Source!I55 -> 0.007 | J27: 1 | K27: =Source!AC55 -> 8875.18 | M27: =ROUND(K27*I27, 2) -> 62.13 | N27: =Source!AC55*IF(Source!BC55<> 0, Source!BC55, 1) -> 12780.259 | O27: =ROUND(N27*I27, 2) -> 89.46 | P27: =Source!AE55 -> 0 | R27: =ROUND(P27*I27, 2) -> 0 | S27: =Source!AE55*IF(Source!BS55<> 0, Source!BS55, 1) -> 0 | T27: =ROUND(S27*I27, 2) -> 0 | U27: =Source!GF55 -> 2124294238 | V27: 1320925888 | W27: 1135683912
A28: =Source!A57 -> 17 | C28: 3 | D28: =Source!BI57 -> 2 | E28: =Source!FS57 -> 0 | F28: =Source!F57 -> 1.21-5-555 | G28: =Source!G57 -> Лотки кабельные оцинкованные, перфорированные, простые, без крышек, тип PNK-50 | H28: =Source!H57 -> м | I28: =Source!I57 -> 0 | J28: 1 | K28: =Source!AC57 -> 50.14 | M28: =ROUND(K28*I28, 2) -> 0 | N28: =Source!AC57*IF(Source!BC57<> 0, Source!BC57, 1) -> 86.2408 | O28: =ROUND(N28*I28, 2) -> 0 | P28: =Source!AE57 -> 0 | R28: =ROUND(P28*I28, 2) -> 0 | S28: =Source!AE57*IF(Source!BS57<> 0, Source!BS57, 1) -> 0 | T28: =ROUND(S28*I28, 2) -> 0 | U28: =Source!GF57 -> -253407897 | V28: 1958707482 | W28: 959745139
A29: =Source!A59 -> 17 | C29: 3 | D29: =Source!BI59 -> 2 | E29: =Source!FS59 -> 0 | F29: =Source!F59 -> 1.21-5-559 | G29: =Source!G59 -> Крышки для лотков простых марки PNK-50 | H29: =Source!H59 -> м | I29: =Source!I59 -> 0 | J29: 1 | K29: =Source!AC59 -> 34.73 | M29: =ROUND(K29*I29, 2) -> 0 | N29: =Source!AC59*IF(Source!BC59<> 0, Source!BC59, 1) -> 51.4004 | O29: =ROUND(N29*I29, 2) -> 0 | P29: =Source!AE59 -> 0 | R29: =ROUND(P29*I29, 2) -> 0 | S29: =Source!AE59*IF(Source!BS59<> 0, Source!BS59, 1) -> 0 | T29: =ROUND(S29*I29, 2) -> 0 | U29: =Source!GF59 -> 2038973461 | V29: -1742127275 | W29: -311461502
A30: =Source!A61 -> 17 | C30: 1 | D30: 0 | E30: =SmtRes!AV44 -> 1 | F30: =SmtRes!I44 -> 9999990008 | G30: =SmtRes!K44 -> Трудозатраты рабочих | H30: =SmtRes!O44 -> чел.-ч. | I30: =SmtRes!Y44*Source!I61 -> 6.18 | J30: =SmtRes!AO44 -> 1 | K30: =SmtRes!AH44 -> 0 | L30: =SmtRes!DB44 -> 0 | M30: =ROUND(ROUND(L30*Source!I61, 6)*1, 2) -> 0 | N30: =SmtRes!AD44 -> 0 | O30: =ROUND(ROUND(L30*Source!I61, 6)*SmtRes!DA44, 2) -> 0 | P30: =SmtRes!AG44 -> 0 | Q30: =SmtRes!DC44 -> 0 | R30: =ROUND(ROUND(Q30*Source!I61, 6)*1, 2) -> 0 | S30: =SmtRes!AC44 -> 0 | T30: =ROUND(ROUND(Q30*Source!I61, 6)*SmtRes!AK44, 2) -> 0 | U30: =SmtRes!X44 -> 476480486 | V30: 1286141856 | W30: 1286141856
A31: =Source!A63 -> 17 | C31: 1 | D31: 0 | E31: =SmtRes!AV46 -> 1 | F31: =SmtRes!I46 -> 9999990008 | G31: =SmtRes!K46 -> Трудозатраты рабочих | H31: =SmtRes!O46 -> чел.-ч. | I31: =SmtRes!Y46*Source!I63 -> 1.545 | J31: =SmtRes!AO46 -> 1 | K31: =SmtRes!AH46 -> 0 | L31: =SmtRes!DB46 -> 0 | M31: =ROUND(ROUND(L31*Source!I63, 6)*1, 2) -> 0 | N31: =SmtRes!AD46 -> 0 | O31: =ROUND(ROUND(L31*Source!I63, 6)*SmtRes!DA46, 2) -> 0 | P31: =SmtRes!AG46 -> 0 | Q31: =SmtRes!DC46 -> 0 | R31: =ROUND(ROUND(Q31*Source!I63, 6)*1, 2) -> 0 | S31: =SmtRes!AC46 -> 0 | T31: =ROUND(ROUND(Q31*Source!I63, 6)*SmtRes!AK46, 2) -> 0 | U31: =SmtRes!X46 -> 476480486 | V31: 1286141856 | W31: 1286141856
A32: =Source!A65 -> 17 | C32: 1 | D32: 0 | E32: =SmtRes!AV48 -> 1 | F32: =SmtRes!I48 -> 9999990008 | G32: =SmtRes!K48 -> Трудозатраты рабочих | H32: =SmtRes!O48 -> чел.-ч. | I32: =SmtRes!Y48*Source!I65 -> 41.2 | J32: =SmtRes!AO48 -> 1 | K32: =SmtRes!AH48 -> 0 | L32: =SmtRes!DB48 -> 0 | M32: =ROUND(ROUND(L32*Source!I65, 6)*1, 2) -> 0 | N32: =SmtRes!AD48 -> 0 | O32: =ROUND(ROUND(L32*Source!I65, 6)*SmtRes!DA48, 2) -> 0 | P32: =SmtRes!AG48 -> 0 | Q32: =SmtRes!DC48 -> 0 | R32: =ROUND(ROUND(Q32*Source!I65, 6)*1, 2) -> 0 | S32: =SmtRes!AC48 -> 0 | T32: =ROUND(ROUND(Q32*Source!I65, 6)*SmtRes!AK48, 2) -> 0 | U32: =SmtRes!X48 -> 476480486 | V32: 1286141856 | W32: 1286141856
A33: =Source!A67 -> 17 | C33: 3 | D33: =Source!BI67 -> 2 | E33: =Source!FS67 -> 0 | F33: =Source!F67 -> ц. пост. | G33: =Source!G67 -> Кабель КВПЭфнг(С)-LSLTx-5e 4х2х0,52 | H33: =Source!H67 -> ПМ | I33: =Source!I67 -> 510 | J33: 1 | K33: =Source!AC67 -> 12.36 | M33: =ROUND(K33*I33, 2) -> 6303.6 | N33: =Source!AC67*IF(Source!BC67<> 0, Source!BC67, 1) -> 66.8676 | O33: =ROUND(N33*I33, 2) -> 34102.48 | P33: =Source!AE67 -> 0 | R33: =ROUND(P33*I33, 2) -> 0 | S33: =Source!AE67*IF(Source!BS67<> 0, Source!BS67, 1) -> 0 | T33: =ROUND(S33*I33, 2) -> 0 | U33: =Source!GF67 -> 1696774418 | V33: 1233014327 | W33: -1775216362
A34: =Source!A69 -> 17 | C34: 3 | D34: =Source!BI69 -> 2 | E34: =Source!FS69 -> 0 | F34: =Source!F69 -> ц. пост. | G34: =Source!G69 -> Кабель ВВГЭ нг(А)-LSLTх 3х1,5 | H34: =Source!H69 -> ПМ | I34: =Source!I69 -> 510 | J34: 1 | K34: =Source!AC69 -> 7.73 | M34: =ROUND(K34*I34, 2) -> 3942.3 | N34: =Source!AC69*IF(Source!BC69<> 0, Source!BC69, 1) -> 41.8193 | O34: =ROUND(N34*I34, 2) -> 21327.84 | P34: =Source!AE69 -> 0 | R34: =ROUND(P34*I34, 2) -> 0 | S34: =Source!AE69*IF(Source!BS69<> 0, Source!BS69, 1) -> 0 | T34: =ROUND(S34*I34, 2) -> 0 | U34: =Source!GF69 -> 926290351 | V34: -2137379462 | W34: 1287347680
A35: =Source!A71 -> 17 | C35: 3 | D35: =Source!BI71 -> 2 | E35: =Source!FS71 -> 0 | F35: =Source!F71 -> 1.23-9-38 | G35: =Source!G71 -> Кабели для адресных систем пожарной сигнализации с однопроволочными медными жилами, с изоляцией и оболочкой из ПВХ пластиката, марка КПСВВ, число пар и сечение 1х2х0,75 мм2 | H35: =Source!H71 -> км | I35: =Source!I71 -> 0.11 | J35: 1 | K35: =Source!AC71 -> 4020.51 | M35: =ROUND(K35*I35, 2) -> 442.26 | N35: =Source!AC71*IF(Source!BC71<> 0, Source!BC71, 1) -> 10654.352 | O35: =ROUND(N35*I35, 2) -> 1171.98 | P35: =Source!AE71 -> 0 | R35: =ROUND(P35*I35, 2) -> 0 | S35: =Source!AE71*IF(Source!BS71<> 0, Source!BS71, 1) -> 0 | T35: =ROUND(S35*I35, 2) -> 0 | U35: =Source!GF71 -> 459342775 | V35: 1035200766 | W35: 784183130
A36: =Source!A73 -> 17 | C36: 1 | D36: 0 | E36: =SmtRes!AV50 -> 1 | F36: =SmtRes!I50 -> 9999990008 | G36: =SmtRes!K50 -> Трудозатраты рабочих | H36: =SmtRes!O50 -> чел.-ч. | I36: =SmtRes!Y50*Source!I73 -> 2.06 | J36: =SmtRes!AO50 -> 1 | K36: =SmtRes!AH50 -> 0 | L36: =SmtRes!DB50 -> 0 | M36: =ROUND(ROUND(L36*Source!I73, 6)*1, 2) -> 0 | N36: =SmtRes!AD50 -> 0 | O36: =ROUND(ROUND(L36*Source!I73, 6)*SmtRes!DA50, 2) -> 0 | P36: =SmtRes!AG50 -> 0 | Q36: =SmtRes!DC50 -> 0 | R36: =ROUND(ROUND(Q36*Source!I73, 6)*1, 2) -> 0 | S36: =SmtRes!AC50 -> 0 | T36: =ROUND(ROUND(Q36*Source!I73, 6)*SmtRes!AK50, 2) -> 0 | U36: =SmtRes!X50 -> 476480486 | V36: 1286141856 | W36: 1286141856
A37: =Source!A75 -> 17 | C37: 1 | D37: 0 | E37: =SmtRes!AV52 -> 1 | F37: =SmtRes!I52 -> 9999990008 | G37: =SmtRes!K52 -> Трудозатраты рабочих | H37: =SmtRes!O52 -> чел.-ч. | I37: =SmtRes!Y52*Source!I75 -> 5.856 | J37: =SmtRes!AO52 -> 1 | K37: =SmtRes!AH52 -> 0 | L37: =SmtRes!DB52 -> 0 | M37: =ROUND(ROUND(L37*Source!I75, 6)*1, 2) -> 0 | N37: =SmtRes!AD52 -> 0 | O37: =ROUND(ROUND(L37*Source!I75, 6)*SmtRes!DA52, 2) -> 0 | P37: =SmtRes!AG52 -> 0 | Q37: =SmtRes!DC52 -> 0 | R37: =ROUND(ROUND(Q37*Source!I75, 6)*1, 2) -> 0 | S37: =SmtRes!AC52 -> 0 | T37: =ROUND(ROUND(Q37*Source!I75, 6)*SmtRes!AK52, 2) -> 0 | U37: =SmtRes!X52 -> 476480486 | V37: 1286141856 | W37: 1286141856
A38: =Source!A77 -> 17 | C38: 3 | D38: 0 | E38: =SmtRes!AV56 -> 0 | F38: =SmtRes!I56 -> 9999990002 | G38: =SmtRes!K56 -> Масса оборудования | H38: =SmtRes!O56 -> т | I38: =SmtRes!Y56*Source!I77 -> 0.045 | J38: =SmtRes!AO56 -> 1 | K38: =SmtRes!AE56 -> 0 | L38: =SmtRes!DB56 -> 0 | M38: =ROUND(ROUND(L38*Source!I77, 6)*1, 2) -> 0 | N38: =SmtRes!AA56 -> 0 | O38: =ROUND(ROUND(L38*Source!I77, 6)*SmtRes!DA56, 2) -> 0 | P38: =SmtRes!AG56 -> 0 | Q38: =SmtRes!DC56 -> 0 | R38: =ROUND(ROUND(Q38*Source!I77, 6)*1, 2) -> 0 | S38: =SmtRes!AC56 -> 0 | T38: =ROUND(ROUND(Q38*Source!I77, 6)*SmtRes!AK56, 2) -> 0 | U38: =SmtRes!X56 -> -783086922 | V38: 1479202730 | W38: 1479202730
A39: =Source!A77 -> 17 | C39: 1 | D39: 0 | E39: =SmtRes!AV55 -> 1 | F39: =SmtRes!I55 -> 9999990008 | G39: =SmtRes!K55 -> Трудозатраты рабочих | H39: =SmtRes!O55 -> чел.-ч. | I39: =SmtRes!Y55*Source!I77 -> 2 | J39: =SmtRes!AO55 -> 1 | K39: =SmtRes!AH55 -> 0 | L39: =SmtRes!DB55 -> 0 | M39: =ROUND(ROUND(L39*Source!I77, 6)*1, 2) -> 0 | N39: =SmtRes!AD55 -> 0 | O39: =ROUND(ROUND(L39*Source!I77, 6)*SmtRes!DA55, 2) -> 0 | P39: =SmtRes!AG55 -> 0 | Q39: =SmtRes!DC55 -> 0 | R39: =ROUND(ROUND(Q39*Source!I77, 6)*1, 2) -> 0 | S39: =SmtRes!AC55 -> 0 | T39: =ROUND(ROUND(Q39*Source!I77, 6)*SmtRes!AK55, 2) -> 0 | U39: =SmtRes!X55 -> 476480486 | V39: 1286141856 | W39: 1286141856
A40: =Source!A79 -> 17 | C40: 1 | D40: 0 | E40: =SmtRes!AV58 -> 1 | F40: =SmtRes!I58 -> 9999990008 | G40: =SmtRes!K58 -> Трудозатраты рабочих | H40: =SmtRes!O58 -> чел.-ч. | I40: =SmtRes!Y58*Source!I79 -> 24.24 | J40: =SmtRes!AO58 -> 1 | K40: =SmtRes!AH58 -> 0 | L40: =SmtRes!DB58 -> 0 | M40: =ROUND(ROUND(L40*Source!I79, 6)*1, 2) -> 0 | N40: =SmtRes!AD58 -> 0 | O40: =ROUND(ROUND(L40*Source!I79, 6)*SmtRes!DA58, 2) -> 0 | P40: =SmtRes!AG58 -> 0 | Q40: =SmtRes!DC58 -> 0 | R40: =ROUND(ROUND(Q40*Source!I79, 6)*1, 2) -> 0 | S40: =SmtRes!AC58 -> 0 | T40: =ROUND(ROUND(Q40*Source!I79, 6)*SmtRes!AK58, 2) -> 0 | U40: =SmtRes!X58 -> 476480486 | V40: 1286141856 | W40: 1286141856
A41: =Source!A81 -> 4 | B41: 81 | G41: =Source!G81 -> Оборудование
A42: =Source!A86 -> 17 | C42: 5 | D42: =Source!BI86 -> 3 | E42: =Source!FS86 -> 0 | F42: =Source!F86 -> 13.1-3-185 | G42: =Source!G86 -> Контроллер доступа С2000-2: Разнообразные режимы работы, режим запрета повторного прохода (Antipassback); встроенный звуковой сигнализатор; управление и передача сообщений по интерфейсу RS-485 в ИСО «Орион» | H42: =Source!H86 -> компл. | I42: =Source!I86 -> 4 | J42: 1 | K42: =Source!AC86 -> 1024.44 | M42: =ROUND(K42*I42, 2) -> 4097.76 | N42: =Source!AC86*IF(Source!BC86<> 0, Source!BC86, 1) -> 2735.2548 | O42: =ROUND(N42*I42, 2) -> 10941.02 | P42: =Source!AE86 -> 0 | R42: =ROUND(P42*I42, 2) -> 0 | S42: =Source!AE86*IF(Source!BS86<> 0, Source!BS86, 1) -> 0 | T42: =ROUND(S42*I42, 2) -> 0 | U42: =Source!GF86 -> -218678575 | V42: -2090169374 | W42: -1105606372
A43: =Source!A88 -> 17 | C43: 5 | D43: =Source!BI88 -> 3 | E43: =Source!FS88 -> 0 | F43: =Source!F88 -> 13.1-1-54 | G43: =Source!G88 -> Источник питания резервированный РИП-12, напряжение 12 В: Ток 3 А | H43: =Source!H88 -> шт. | I43: =Source!I88 -> 3 | J43: 1 | K43: =Source!AC88 -> 667.24 | M43: =ROUND(K43*I43, 2) -> 2001.72 | N43: =Source!AC88*IF(Source!BC88<> 0, Source!BC88, 1) -> 2929.1836 | O43: =ROUND(N43*I43, 2) -> 8787.55 | P43: =Source!AE88 -> 0 | R43: =ROUND(P43*I43, 2) -> 0 | S43: =Source!AE88*IF(Source!BS88<> 0, Source!BS88, 1) -> 0 | T43: =ROUND(S43*I43, 2) -> 0 | U43: =Source!GF88 -> 1680792693 | V43: -527491461 | W43: 1928043858
A44: =Source!A90 -> 17 | C44: 5 | D44: =Source!BI90 -> 3 | E44: =Source!FS90 -> 0 | F44: =Source!F90 -> 13.1-3-70 | G44: =Source!G90 -> Комплект монтажный (электромагнитный замок, доводчик двери, кнопка выхода): Состав: замок электромагнитный, со звуковой сигнализацией открытия и встроенным контроллером, номинальное напряжение питания постоянное 12 В, потребляемая мощность не более 10 Вт, усилие удержания не менее 500 кг для тяжелых дверей и не менее 150 кг для легких дверей, масса замка не более 6 кг для тяжелых дверей и не более 1,5 кг для легких дверей; доводчик двери; габаритные размеры 293х60х47,5 мм; кнопка выхода НО 91х28 мм | H44: =Source!H90 -> компл. | I44: =Source!I90 -> 7 | J44: 1 | K44: =Source!AC90 -> 3298.25 | M44: =ROUND(K44*I44, 2) -> 23087.75 | N44: =Source!AC90*IF(Source!BC90<> 0, Source!BC90, 1) -> 10257.557 | O44: =ROUND(N44*I44, 2) -> 71802.9 | P44: =Source!AE90 -> 0 | R44: =ROUND(P44*I44, 2) -> 0 | S44: =Source!AE90*IF(Source!BS90<> 0, Source!BS90, 1) -> 0 | T44: =ROUND(S44*I44, 2) -> 0 | U44: =Source!GF90 -> -1285856882 | V44: 902282154 | W44: 1844722699
A45: =Source!A92 -> 17 | C45: 5 | D45: =Source!BI92 -> 3 | E45: =Source!FS92 -> 0 | F45: =Source!F92 -> 13.1-1-20 | G45: =Source!G92 -> Батарея аккумуляторная, емкость 7 А•ч: Напряжение 12 В | H45: =Source!H92 -> шт. | I45: =Source!I92 -> 1 | J45: 1 | K45: =Source!AC92 -> 89.39 | M45: =ROUND(K45*I45, 2) -> 89.39 | N45: =Source!AC92*IF(Source!BC92<> 0, Source!BC92, 1) -> 439.7988 | O45: =ROUND(N45*I45, 2) -> 439.8 | P45: =Source!AE92 -> 0 | R45: =ROUND(P45*I45, 2) -> 0 | S45: =Source!AE92*IF(Source!BS92<> 0, Source!BS92, 1) -> 0 | T45: =ROUND(S45*I45, 2) -> 0 | U45: =Source!GF92 -> -2090318031 | V45: 1987918070 | W45: -1045490865
A46: =Source!A94 -> 17 | C46: 5 | D46: =Source!BI94 -> 3 | E46: =Source!FS94 -> 0 | F46: =Source!F94 -> ц. пост. | G46: =Source!G94 -> Считыватель Proxy-5MSG | H46: =Source!H94 -> шт. | I46: =Source!I94 -> 5 | J46: 1 | K46: =Source!AC94 -> 484.38 | M46: =ROUND(K46*I46, 2) -> 2421.9 | N46: =Source!AC94*IF(Source!BC94<> 0, Source!BC94, 1) -> 2126.4282 | O46: =ROUND(N46*I46, 2) -> 10632.14 | P46: =Source!AE94 -> 0 | R46: =ROUND(P46*I46, 2) -> 0 | S46: =Source!AE94*IF(Source!BS94<> 0, Source!BS94, 1) -> 0 | T46: =ROUND(S46*I46, 2) -> 0 | U46: =Source!GF94 -> -700267353 | V46: -1376118014 | W46: -174929855
A47: =Source!A96 -> 17 | C47: 5 | D47: =Source!BI96 -> 3 | E47: =Source!FS96 -> 0 | F47: =Source!F96 -> ц. пост. | G47: =Source!G96 -> Вызывная панель DRC-4CHC PAL | H47: =Source!H96 -> шт. | I47: =Source!I96 -> 4 | J47: 1 | K47: =Source!AC96 -> 1379.61 | M47: =ROUND(K47*I47, 2) -> 5518.44 | N47: =Source!AC96*IF(Source!BC96<> 0, Source!BC96, 1) -> 6056.4879 | O47: =ROUND(N47*I47, 2) -> 24225.95 | P47: =Source!AE96 -> 0 | R47: =ROUND(P47*I47, 2) -> 0 | S47: =Source!AE96*IF(Source!BS96<> 0, Source!BS96, 1) -> 0 | T47: =ROUND(S47*I47, 2) -> 0 | U47: =Source!GF96 -> -806061954 | V47: 753303550 | W47: -308179863
A48: =Source!A98 -> 17 | C48: 5 | D48: =Source!BI98 -> 3 | E48: =Source!FS98 -> 0 | F48: =Source!F98 -> ц. пост. | G48: =Source!G98 -> Видеодомофон CDV-1020AQ | H48: =Source!H98 -> шт. | I48: =Source!I98 -> 1 | J48: 1 | K48: =Source!AC98 -> 7561.47 | M48: =ROUND(K48*I48, 2) -> 7561.47 | N48: =Source!AC98*IF(Source!BC98<> 0, Source!BC98, 1) -> 33194.853 | O48: =ROUND(N48*I48, 2) -> 33194.85 | P48: =Source!AE98 -> 0 | R48: =ROUND(P48*I48, 2) -> 0 | S48: =Source!AE98*IF(Source!BS98<> 0, Source!BS98, 1) -> 0 | T48: =ROUND(S48*I48, 2) -> 0 | U48: =Source!GF98 -> -1922234184 | V48: -1719609673 | W48: -935583337
A49: 999

Sheet Расчет стоимости ресурсов
A2: Ресурсная ведомость на
A3: =CONCATENATE("Объект: ",IF(Source!G158<>"Новый объект", Source!G158, "")) -> Объект: 12 СКУД
A4: Обоснование | B4: Наименование | C4: Единица измерения | D4: Объем | E4: Текущая
E6: цена | F6: стоимость
A7: 1 | B7: 2 | C7: 3 | D7: 4 | E7: 5 | F7: 6
A8: =CONCATENATE("Локальная смета: ",IF(Source!G22<>"Новая локальная смета", Source!G22, "")) -> Локальная смета: Система контроля доступа
A9: Трудовые ресурсы
A10: 9999990008 | B10: Трудозатраты рабочих | C10: чел.-ч. | D10: =ROUND(SUMIF(RV_DATA!W7:'RV_DATA'!W40, 1286141856, RV_DATA!I7:'RV_DATA'!I40), 6) -> 183.8455 | E10: =ROUND(RV_DATA!N7, 6) -> 0 | F10: =ROUND(SUMIF(RV_DATA!W7:'RV_DATA'!W40, 1286141856, RV_DATA!O7:'RV_DATA'!O40), 6) -> 0 | Q10: 1
A11: Итого трудовые ресурсы | E11: =SUMIF(Q10:Q10, 1, F10:F10) -> 0
A12: Машины и механизмы
A13: 2.1-13-14 | B13: Установки для сварки ручной дуговой (постоянного тока) | C13: маш.-ч. | D13: =ROUND(SUMIF(RV_DATA!W7:'RV_DATA'!W40, -649282412, RV_DATA!I7:'RV_DATA'!I40), 6) -> 2.275 | E13: =ROUND(RV_DATA!N14, 6) -> 37.63 | F13: =ROUND(SUMIF(RV_DATA!W7:'RV_DATA'!W40, -649282412, RV_DATA!O7:'RV_DATA'!O40), 6) -> 85.76 | Q13: 2
A14: 2.1-30-19 | B14: Машины шлифовальные электрические | C14: маш.-ч. | D14: =ROUND(SUMIF(RV_DATA!W7:'RV_DATA'!W40, -1601543727, RV_DATA!I7:'RV_DATA'!I40), 6) -> 0.175 | E14: =ROUND(RV_DATA!N13, 6) -> 5.22 | F14: =ROUND(SUMIF(RV_DATA!W7:'RV_DATA'!W40, -1601543727, RV_DATA!O7:'RV_DATA'!O40), 6) -> 0.67 | Q14: 2
A15: 2.1-30-56 | B15: Шуруповерты | C15: маш.-ч. | D15: =ROUND(SUMIF(RV_DATA!W7:'RV_DATA'!W40, 2105073805, RV_DATA!I7:'RV_DATA'!I40), 6) -> 1.3125 | E15: =ROUND(RV_DATA!N12, 6) -> 5.35 | F15: =ROUND(SUMIF(RV_DATA!W7:'RV_DATA'!W40, 2105073805, RV_DATA!O7:'RV_DATA'!O40), 6) -> 7.32 | Q15: 2
A16: 2.1-30-6 | B16: Дрели электрические | C16: маш.-ч. | D16: =ROUND(SUMIF(RV_DATA!W7:'RV_DATA'!W40, -1277416625, RV_DATA!I7:'RV_DATA'!I40), 6) -> 0.9625 | E16: =ROUND(RV_DATA!N11, 6) -> 28.23 | F16: =ROUND(SUMIF(RV_DATA!W7:'RV_DATA'!W40, -1277416625, RV_DATA!O7:'RV_DATA'!O40), 6) -> 27.21 | Q16: 2
A17: Итого машины и механизмы | E17: =SUMIF(Q13:Q16, 2, F13:F16) -> 120.96
A18: Материальные ресурсы
A19: 1.1-1-2426 | B19: Кабель-каналы, размер 20х12,5 мм, кабель-каналы | C19: м | D19: =ROUND(SUMIF(RV_DATA!W7:'RV_DATA'!W40, -120463350, RV_DATA!I7:'RV_DATA'!I40), 6) -> 50 | E19: =ROUND(RV_DATA!N24, 6) -> 13.468 | F19: =ROUND(SUMIF(RV_DATA!W7:'RV_DATA'!W40, -120463350, RV_DATA!O7:'RV_DATA'!O40), 6) -> 673.4 | Q19: 3
A20: 1.1-1-2427 | B20: Кабель-каналы, размер 20х12,5 мм, углы внутренние | C20: 1000 шт. | D20: =ROUND(SUMIF(RV_DATA!W7:'RV_DATA'!W40, 1135683912, RV_DATA!I7:'RV_DATA'!I40), 6) -> 0.007 | E20: =ROUND(RV_DATA!N27, 6) -> 12780.259 | F20: =ROUND(SUMIF(RV_DATA!W7:'RV_DATA'!W40, 1135683912, RV_DATA!O7:'RV_DATA'!O40), 6) -> 89.46 | Q20: 3
A21: 1.1-1-2428 | B21: Кабель-каналы, размер 20х12,5 мм, углы наружные | C21: 1000 шт. | D21: =ROUND(SUMIF(RV_DATA!W7:'RV_DATA'!W40, 1080349418, RV_DATA!I7:'RV_DATA'!I40), 6) -> 0.01 | E21: =ROUND(RV_DATA!N25, 6) -> 12699.235 | F21: =ROUND(SUMIF(RV_DATA!W7:'RV_DATA'!W40, 1080349418, RV_DATA!O7:'RV_DATA'!O40), 6) -> 126.99 | Q21: 3
A22: 1.1-1-2430 | B22: Кабель-каналы, размер 20х12,5 мм, заглушки | C22: 1000 шт. | D22: =ROUND(SUMIF(RV_DATA!W7:'RV_DATA'!W40, 1143559099, RV_DATA!I7:'RV_DATA'!I40), 6) -> 0.003 | E22: =ROUND(RV_DATA!N26, 6) -> 9805.86 | F22: =ROUND(SUMIF(RV_DATA!W7:'RV_DATA'!W40, 1143559099, RV_DATA!O7:'RV_DATA'!O40), 6) -> 29.42 | Q22: 3
A23: 1.1-1-2627 | B23: Винты самонарезающие 5х40 мм для металла | C23: кг | D23: =ROUND(SUMIF(RV_DATA!W7:'RV_DATA'!W40, 1761663345, RV_DATA!I7:'RV_DATA'!I40), 6) -> 0.14 | E23: =ROUND(RV_DATA!N10, 6) -> 91.8 | F23: =ROUND(SUMIF(RV_DATA!W7:'RV_DATA'!W40, 1761663345, RV_DATA!O7:'RV_DATA'!O40), 6) -> 12.77 | Q23: 3
A24: 1.12-5-373 | B24: Трубы электротехнические гофрированные, поливинилхлоридные, негорючие, с зондом, наружный диаметр 25 мм | C24: м | D24: =ROUND(SUMIF(RV_DATA!W7:'RV_DATA'!W40, -290208468, RV_DATA!I7:'RV_DATA'!I40), 6) -> 102 | E24: =ROUND(RV_DATA!N20, 6) -> 34.5135 | F24: =ROUND(SUMIF(RV_DATA!W7:'RV_DATA'!W40, -290208468, RV_DATA!O7:'RV_DATA'!O40), 6) -> 3520.38 | Q24: 3
A25: 1.21-5-1137 | B25: Держатели пластиковые с защелкой для крепления труб, рукавов и гибких вводов диаметром 25 мм | C25: 100 шт. | D25: =ROUND(SUMIF(RV_DATA!W7:'RV_DATA'!W40, -1203804874, RV_DATA!I7:'RV_DATA'!I40), 6) -> 0.91 | E25: =ROUND(RV_DATA!N22, 6) -> 214.5743 | F25: =ROUND(SUMIF(RV_DATA!W7:'RV_DATA'!W40, -1203804874, RV_DATA!O7:'RV_DATA'!O40), 6) -> 195.26 | Q25: 3
A26: 1.21-5-185 | B26: Коробки ответвительные, тип КРП-1 УХЛ4, размеры 52х109х109 мм | C26: шт. | D26: =ROUND(SUMIF(RV_DATA!W7:'RV_DATA'!W40, 776779917, RV_DATA!I7:'RV_DATA'!I40), 6) -> 5 | E26: =ROUND(RV_DATA!N21, 6) -> 25.1424 | F26: =ROUND(SUMIF(RV_DATA!W7:'RV_DATA'!W40, 776779917, RV_DATA!O7:'RV_DATA'!O40), 6) -> 125.71 | Q26: 3
A27: 1.21-5-555 | B27: Лотки кабельные оцинкованные, перфорированные, простые, без крышек, тип PNK-50 | C27: м | D27: =ROUND(SUMIF(RV_DATA!W7:'RV_DATA'!W40, 959745139, RV_DATA!I7:'RV_DATA'!I40), 6) -> 0 | E27: =ROUND(RV_DATA!N28, 6) -> 86.2408 | F27: =ROUND(SUMIF(RV_DATA!W7:'RV_DATA'!W40, 959745139, RV_DATA!O7:'RV_DATA'!O40), 6) -> 0 | Q27: 3
A28: 1.21-5-559 | B28: Крышки для лотков простых марки PNK-50 | C28: м | D28: =ROUND(SUMIF(RV_DATA!W7:'RV_DATA'!W40, -311461502, RV_DATA!I7:'RV_DATA'!I40), 6) -> 0 | E28: =ROUND(RV_DATA!N29, 6) -> 51.4004 | F28: =ROUND(SUMIF(RV_DATA!W7:'RV_DATA'!W40, -311461502, RV_DATA!O7:'RV_DATA'!O40), 6) -> 0 | Q28: 3
A29: 1.23-9-38 | B29: Кабели для адресных систем пожарной сигнализации с однопроволочными медными жилами, с изоляцией и оболочкой из ПВХ пластиката, марка КПСВВ, число пар и сечение 1х2х0,75 мм2 | C29: км | D29: =ROUND(SUMIF(RV_DATA!W7:'RV_DATA'!W40, 784183130, RV_DATA!I7:'RV_DATA'!I40), 6) -> 0.11 | E29: =ROUND(RV_DATA!N35, 6) -> 10654.352 | F29: =ROUND(SUMIF(RV_DATA!W7:'RV_DATA'!W40, 784183130, RV_DATA!O7:'RV_DATA'!O40), 6) -> 1171.98 | Q29: 3
A30: 9999990002 | B30: Масса оборудования | C30: т | D30: =ROUND(SUMIF(RV_DATA!W7:'RV_DATA'!W40, 1479202730, RV_DATA!I7:'RV_DATA'!I40), 6) -> 0.045 | E30: =ROUND(RV_DATA!N38, 6) -> 0 | F30: =ROUND(SUMIF(RV_DATA!W7:'RV_DATA'!W40, 1479202730, RV_DATA!O7:'RV_DATA'!O40), 6) -> 0 | Q30: 3
A31: ц. пост. | B31: Кнопка выхода SR-BP42 | C31: шт. | D31: =ROUND(SUMIF(RV_DATA!W7:'RV_DATA'!W40, -1960723027, RV_DATA!I7:'RV_DATA'!I40), 6) -> 7 | E31: =ROUND(RV_DATA!N17, 6) -> 174.4184 | F31: =ROUND(SUMIF(RV_DATA!W7:'RV_DATA'!W40, -1960723027, RV_DATA!O7:'RV_DATA'!O40), 6) -> 1220.93 | Q31: 3
A32: ц. пост. | B32: Кабель КВПЭфнг(С)-LSLTx-5e 4х2х0,52 | C32: ПМ | D32: =ROUND(SUMIF(RV_DATA!W7:'RV_DATA'!W40, -1775216362, RV_DATA!I7:'RV_DATA'!I40), 6) -> 510 | E32: =ROUND(RV_DATA!N33, 6) -> 66.8676 | F32: =ROUND(SUMIF(RV_DATA!W7:'RV_DATA'!W40, -1775216362, RV_DATA!O7:'RV_DATA'!O40), 6) -> 34102.48 | Q32: 3
A33: ц. пост. | B33: Кабель ВВГЭ нг(А)-LSLTх 3х1,5 | C33: ПМ | D33: =ROUND(SUMIF(RV_DATA!W7:'RV_DATA'!W40, 1287347680, RV_DATA!I7:'RV_DATA'!I40), 6) -> 510 | E33: =ROUND(RV_DATA!N34, 6) -> 41.8193 | F33: =ROUND(SUMIF(RV_DATA!W7:'RV_DATA'!W40, 1287347680, RV_DATA!O7:'RV_DATA'!O40), 6) -> 21327.84 | Q33: 3
A34: Итого материальные ресурсы | E34: =SUMIF(Q19:Q33, 3, F19:F33) -> 62596.62
A35: =CONCATENATE("Раздел: ",IF(Source!G83<>"Новый раздел", Source!G83, "")) -> Раздел: Оборудование
A36: Оборудование
A37: 13.1-1-20 | B37: Батарея аккумуляторная, емкость 7 А•ч: Напряжение 12 В | C37: шт. | D37: =ROUND(SUMIF(RV_DATA!W42:'RV_DATA'!W48, -1045490865, RV_DATA!I42:'RV_DATA'!I48), 6) -> 1 | E37: =ROUND(RV_DATA!N45, 6) -> 439.7988 | F37: =ROUND(SUMIF(RV_DATA!W42:'RV_DATA'!W48, -1045490865, RV_DATA!O42:'RV_DATA'!O48), 6) -> 439.8 | Q37: 5
A38: 13.1-1-54 | B38: Источник питания резервированный РИП-12, напряжение 12 В: Ток 3 А | C38: шт. | D38: =ROUND(SUMIF(RV_DATA!W42:'RV_DATA'!W48, 1928043858, RV_DATA!I42:'RV_DATA'!I48), 6) -> 3 | E38: =ROUND(RV_DATA!N43, 6) -> 2929.1836 | F38: =ROUND(SUMIF(RV_DATA!W42:'RV_DATA'!W48, 1928043858, RV_DATA!O42:'RV_DATA'!O48), 6) -> 8787.55 | Q38: 5
A39: 13.1-3-185 | B39: Контроллер доступа С2000-2: Разнообразные режимы работы, режим запрета повторного прохода (Antipassback); встроенный звуковой сигнализатор; управление и передача сообщений по интерфейсу RS-485 в ИСО «Орион» | C39: компл. | D39: =ROUND(SUMIF(RV_DATA!W42:'RV_DATA'!W48, -1105606372, RV_DATA!I42:'RV_DATA'!I48), 6) -> 4 | E39: =ROUND(RV_DATA!N42, 6) -> 2735.2548 | F39: =ROUND(SUMIF(RV_DATA!W42:'RV_DATA'!W48, -1105606372, RV_DATA!O42:'RV_DATA'!O48), 6) -> 10941.02 | Q39: 5
A40: 13.1-3-70 | B40: Комплект монтажный (электромагнитный замок, доводчик двери, кнопка выхода): Состав: замок электромагнитный, со звуковой сигнализацией открытия и встроенным контроллером, номинальное напряжение питания постоянное 12 В, потребляемая мощность не более 10 Вт, усилие удержания не менее 500 кг для тяжелых дверей и не менее 150 кг для легких дверей, масса замка не более 6 кг для тяжелых дверей и не более 1,5 кг для легких дверей; доводчик двери; габаритные размеры 293х60х47,5 мм; кнопка выхода НО 91х28 мм | C40: компл. | D40: =ROUND(SUMIF(RV_DATA!W42:'RV_DATA'!W48, 1844722699, RV_DATA!I42:'RV_DATA'!I48), 6) -> 7 | E40: =ROUND(RV_DATA!N44, 6) -> 10257.558 | F40: =ROUND(SUMIF(RV_DATA!W42:'RV_DATA'!W48, 1844722699, RV_DATA!O42:'RV_DATA'!O48), 6) -> 71802.9 | Q40: 5
A41: ц. пост. | B41: Считыватель Proxy-5MSG | C41: шт. | D41: =ROUND(SUMIF(RV_DATA!W42:'RV_DATA'!W48, -174929855, RV_DATA!I42:'RV_DATA'!I48), 6) -> 5 | E41: =ROUND(RV_DATA!N46, 6) -> 2126.4282 | F41: =ROUND(SUMIF(RV_DATA!W42:'RV_DATA'!W48, -174929855, RV_DATA!O42:'RV_DATA'!O48), 6) -> 10632.14 | Q41: 5
A42: ц. пост. | B42: Вызывная панель DRC-4CHC PAL | C42: шт. | D42: =ROUND(SUMIF(RV_DATA!W42:'RV_DATA'!W48, -308179863, RV_DATA!I42:'RV_DATA'!I48), 6) -> 4 | E42: =ROUND(RV_DATA!N47, 6) -> 6056.4879 | F42: =ROUND(SUMIF(RV_DATA!W42:'RV_DATA'!W48, -308179863, RV_DATA!O42:'RV_DATA'!O48), 6) -> 24225.95 | Q42: 5
A43: ц. пост. | B43: Видеодомофон CDV-1020AQ | C43: шт. | D43: =ROUND(SUMIF(RV_DATA!W42:'RV_DATA'!W48, -935583337, RV_DATA!I42:'RV_DATA'!I48), 6) -> 1 | E43: =ROUND(RV_DATA!N48, 6) -> 33194.853 | F43: =ROUND(SUMIF(RV_DATA!W42:'RV_DATA'!W48, -935583337, RV_DATA!O42:'RV_DATA'!O48), 6) -> 33194.85 | Q43: 5
A44: Итого оборудование | E44: =SUMIF(Q37:Q43, 5, F37:F43) -> 160024.21
A46: =CONCATENATE("Итого по разделу: ",IF(Source!G100<>"Новый раздел", Source!G100, "")) -> Итого по разделу: Оборудование
A47: Итого трудовые ресурсы | E47: =SUMIF(Q35:Q46, 1, F35:F46) -> 0
A48: Итого машины и механизмы | E48: =SUMIF(Q35:Q47, 2, F35:F47) -> 0
A49: Итого материальные ресурсы | E49: =SUMIF(Q35:Q48, 3, F35:F48) -> 0
A50: Итого материалы заказчика | E50: =SUMIF(Q35:Q49, 4, F35:F49) -> 0
A51: Итого оборудование | E51: =SUMIF(Q35:Q50, 5, F35:F50) -> 160024.21
A52: Итого оборудование заказчика | E52: =SUMIF(Q35:Q51, 6, F35:F51) -> 0
A53: Итого материальных ресурсов | E53: =E52+E51+E50+E49 -> 160024.21
A54: Накладные расходы | E54: =(Source!P125)/1 -> 0
A55: сметная прибыль | E55: =(Source!P126)/1 -> 0
A56: Итого сметная стоимость | E56: =E55+E54+E53+E48+E47 -> 160024.21
A59: =CONCATENATE("Итого по локальной смете:",IF(Source!G129<>"Новая локальная смета", Source!G129, "")) -> Итого по локальной смете:Система контроля доступа
A60: Итого трудовые ресурсы | E60: =SUMIF(Q1:Q59, 1, F1:F59) -> 0
A61: Итого машины и механизмы | E61: =SUMIF(Q1:Q60, 2, F1:F60) -> 120.96
A62: Итого материальные ресурсы | E62: =SUMIF(Q1:Q61, 3, F1:F61) -> 62596.62
A63: Итого материалы заказчика | E63: =SUMIF(Q1:Q62, 4, F1:F62) -> 0
A64: Итого оборудование | E64: =SUMIF(Q1:Q63, 5, F1:F63) -> 160024.21
A65: Итого оборудование заказчика | E65: =SUMIF(Q1:Q64, 6, F1:F64) -> 0
A66: Итого материальных ресурсов | E66: =E65+E64+E63+E62 -> 222620.83
A67: Накладные расходы | E67: =(Source!P154)/1 -> 41740.36
A68: сметная прибыль | E68: =(Source!P155)/1 -> 22820.23
A69: Итого сметная стоимость | E69: =E68+E67+E66+E61+E60 -> 287302.38
A72: =CONCATENATE("Итого по объекту: ",IF(Source!G158<>"Новый объект", Source!G158, "")) -> Итого по объекту: 12 СКУД
A73: Итого трудовые ресурсы | E73: =SUMIF(Q1:Q72, 1, F1:F72) -> 0
A74: Итого машины и механизмы | E74: =SUMIF(Q1:Q73, 2, F1:F73) -> 120.96
A75: Итого материальные ресурсы | E75: =SUMIF(Q1:Q74, 3, F1:F74) -> 62596.62
A76: Итого материалы заказчика | E76: =SUMIF(Q1:Q75, 4, F1:F75) -> 0
A77: Итого оборудование | E77: =SUMIF(Q1:Q76, 5, F1:F76) -> 160024.21
A78: Итого оборудование заказчика | E78: =SUMIF(Q1:Q77, 6, F1:F77) -> 0
A79: Итого материальных ресурсов | E79: =E78+E77+E76+E75 -> 222620.83
A80: Накладные расходы | E80: =(Source!P183)/1 -> 41740.36
A81: сметная прибыль | E81: =(Source!P184)/1 -> 22820.23
A82: Итого сметная стоимость | E82: =E81+E80+E79+E74+E73 -> 287302.38

Sheet Source
A1: 0 | B1: Smeta.RU (495) 974-1589 | D1: _PS_ | F1: 0 | G1: 0 | H1: 0 | I1: Smeta.RU | K1: 0 | L1: 29412 | M1: 10 | N1: 10 | O1: 1 | P1: 0 | Q1: 11
A12: 1 | B12: 190 | C12: 0 | D12: =ROW(A158) -> 158 | E12: 0 | F12: 12 СКУД | G12: 12 СКУД | I12: 0 | J12: 024/18КН-ИОС.5.1 | K12: 0 | O12: 0 | P12: 0 | Q12: 0 | R12: 180 | S12: 157 | V12: 0 | BH12: Сметные нормы списания | BI12: Коды ОКП для ТСН-2001 МГЭ | BJ12: 1 | BK12: 1 | BL12: 0 | BM12: 0 | BN12: 1 | BO12: 0 | BP12: 6 | BQ12: 2 | BR12: 1 | BS12: 1 | BT12: 0 | BU12: 0 | BV12: 0 | BW12: 0 | BX12: 0 | BY12: ТСН 2001- Ремонт | BZ12: Типовой расчет для ТСН-2001 (Ремонт) | CA12: Территориальные сметные нормативы для Москвы ТСН-2001 (МГЭ) | CB12: Территориальные сметные нормативы для Москвы ТСН-2001 (МГЭ) | CC12: Территориальные сметные нормативы для Москвы ТСН-2001 (МГЭ) | CD12: Территориальные сметные нормативы для Москвы ТСН-2001 (МГЭ) | CE12: Поправки для ТСН-2001 от 06.05.2019 г. | CF12: 0 | CG12: 0 | CH12: 8 | CK12: 52 | EC12: 0
A15: 15 | B15: 1
A18: 52 | B18: =B158 -> 190 | C18: =C158 -> 1 | D18: =D158 -> 12 | E18: =E158 -> 0 | F18: =F158 -> 12 СКУД | G18: =G158 -> 12 СКУД | O18: =O158 -> 50118.16 | P18: =P158 -> 45112.6 | Q18: =Q158 -> 2439.44 | R18: =R158 -> 517.96 | S18: =S158 -> 2566.12 | T18: =T158 -> 0 | U18: =U158 -> 183.8455 | V18: =V158 -> 0 | ... GX18: =GX158 -> 0
A20: 3 | B20: 1 | D20: =ROW(A129) -> 129 | F20: 02-01-12 | G20: Система контроля доступа | I20: 0 | K20: -1 | V20: 0 | BX20: 0 | CF20: 0 | CG20: 0
A22: 52 | B22: =B129 -> 1 | C22: =C129 -> 3 | D22: =D129 -> 20 | E22: =E129 -> 0 | F22: =F129 -> 02-01-12 | G22: =G129 -> Система контроля доступа | O22: =O129 -> 50118.16 | P22: =P129 -> 45112.6 | Q22: =Q129 -> 2439.44 | R22: =R129 -> 517.96 | S22: =S129 -> 2566.12 | T22: =T129 -> 0 | U22: =U129 -> 183.8455 | V22: =V129 -> 0 | ... GX22: =GX129 -> 0
A24: 17 | B24: 1 | C24: =ROW(SmtRes!A1) -> 1 | D24: =ROW(EtalonRes!A1) -> 1 | E24: 1 | F24: 4.10-176-1 | G24: Блок контроля датчиков (контроллер) | H24: 10 шт. | I24: =ROUND(4/10,9) -> 0.4 | J24: 0 | O24: =ROUND(CP24,2) -> 189.32 | P24: =ROUND(CQ24*I24,2) -> 0.49 | Q24: =ROUND(CR24*I24,2) -> 0.44 | R24: =ROUND(CS24*I24,2) -> 0.08 | S24: =ROUND(CT24*I24,2) -> 188.39 | T24: =ROUND(CU24*I24,2) -> 0 | U24: =CV24*I24 -> 11.984 | V24: =CW24*I24 -> 0 | W24: =ROUND(CX24*I24,2) -> 0 | X24: =ROUND(CY24,2) -> 0 | Y24: =ROUND(CZ24,2) -> 0 | AA24: 55106055 | AB24: =ROUND((AC24+AD24+AF24),6) -> 473.32 | AC24: =ROUND((ES24),6) -> 1.23 | AD24: =ROUND((ET24),6) -> 1.11 | AE24: =ROUND((EU24),6) -> 0.2 | AF24: =ROUND((EV24),6) -> 470.98 | AG24: =ROUND((AP24),6) -> 0 | AH24: =(EW24) -> 29.96 | AI24: =(EX24) -> 0 | AJ24: =(AS24) -> 0 | AK24: 473.32 | AL24: 1.23 | AM24: 1.11 | AN24: 0.2 | AO24: 470.98 | AP24: 0 | AQ24: 29.96 | AR24: 0 | AS24: 0 | AT24: 0 | AU24: 0 | AV24: 1 | AW24: 1 | AZ24: 1 | BA24: 1 | BB24: 1 | BC24: 1 | BH24: 0 | BI24: 2 | BJ24: ТСН-2001.4. Доп. 1-42. Сб. 10, т. 176, поз. 1 | BM24: 1738 | BN24: 0 | BP24: 0 | BQ24: 40 | BR24: 0 | BS24: 1 | BT24: 1 | BU24: 1 | BV24: 1 | BW24: 1 | BX24: 1 | BZ24: 0 | CA24: 0 | CE24: 0 | CF24: 0 | CG24: 0 | CM24: 0 | CO24: 0 | CP24: =(P24+Q24+S24) -> 189.32 | CQ24: =(AC24*BC24*AW24) -> 1.23 | CR24: =(AD24*BB24*AV24) -> 1.11 | CS24: =(AE24*BS24*AV24) -> 0.2 | CT24: =(AF24*BA24*AV24) -> 470.98 | CU24: =AG24 -> 0 | CV24: =(AH24*AV24) -> 29.96 | CW24: =AI24 -> 0 | CX24: =AJ24 -> 0 | CY24: =S24*(BZ24/100) -> 0 | CZ24: =S24*(CA24/100) -> 0 | DN24: 114 | DO24: 67 | DP24: 1.047 | DQ24: 1 | DU24: 1010 | DV24: 10 шт. | DW24: 10 шт. | DX24: 10 | EE24: 21989090 | EF24: 40 | EG24: Монтаж оборудования | EH24: 0 | EJ24: 2 | EK24: 1738 | EL24: ТСН-2001.4-10. 10-175…10-177 (доп. 31) | EM24: ТСН-2001.4-10-22 | EQ24: 131072 | ER24: 473.32 | ES24: 1.23 | ET24: 1.11 | EU24: 0.2 | EV24: 470.98 | EW24: 29.96 | EX24: 0 | EY24: 0 | FQ24: 0 | FR24: =ROUND(IF(AND(BH24=3,BI24=3),P24,0),2) -> 0 | FS24: 0 | FX24: 114 | FY24: 67 | GD24: 1 | GF24: -593748981 | GG24: 2 | GH24: 1 | GI24: -2 | GJ24: 0 | GK24: 0 | GL24: =ROUND(IF(AND(BH24=3,BI24=3,FS24<>0),P24,0),2) -> 0 | GM24: =ROUND(O24+X24+Y24,2)+GX24 -> 189.32 | GN24: =IF(OR(BI24=0,BI24=1),ROUND(O24+X24+Y24,2),0) -> 0 | GO24: =IF(BI24=2,ROUND(O24+X24+Y24,2),0) -> 189.32 | GP24: =IF(BI24=4,ROUND(O24+X24+Y24,2)+GX24,0) -> 0 | GR24: 0 | GS24: 0 | GT24: 0 | GV24: =ROUND((GT24),6) -> 0 | GW24: 1 | GX24: =ROUND(HC24*I24,2) -> 0 | HA24: 0 | HB24: 0 | HC24: =GV24*GW24 -> 0 | IK24: 0
A25: 17 | B25: 1 | C25: =ROW(SmtRes!A2) -> 2 | D25: =ROW(EtalonRes!A2) -> 2 | E25: 1 | F25: 4.10-176-1 | G25: Блок контроля датчиков (контроллер) | H25: 10 шт. | I25: =ROUND(4/10,9) -> 0.4 | J25: 0 | O25: =ROUND(CP25,2) -> 4092.53 | P25: =ROUND(CQ25*I25,2) -> 2.66 | Q25: =ROUND(CR25*I25,2) -> 3.65 | R25: =ROUND(CS25*I25,2) -> 1.74 | S25: =ROUND(CT25*I25,2) -> 4086.22 | T25: =ROUND(CU25*I25,2) -> 0 | U25: =CV25*I25 -> 11.984 | V25: =CW25*I25 -> 0 | W25: =ROUND(CX25*I25,2) -> 0 | X25: =ROUND(CY25,2) -> 3146.39 | Y25: =ROUND(CZ25,2) -> 1675.35 | AA25: 55106052 | AB25: =ROUND((AC25+AD25+AF25),6) -> 473.32 | AC25: =ROUND((ES25),6) -> 1.23 | AD25: =ROUND((ET25),6) -> 1.11 | AE25: =ROUND((EU25),6) -> 0.2 | AF25: =ROUND((EV25),6) -> 470.98 | AG25: =ROUND((AP25),6) -> 0 | AH25: =(EW25) -> 29.96 | AI25: =(EX25) -> 0 | AJ25: =(AS25) -> 0 | AK25: 473.32 | AL25: 1.23 | AM25: 1.11 | AN25: 0.2 | AO25: 470.98 | AP25: 0 | AQ25: 29.96 | AR25: 0 | AS25: 0 | AT25: 77 | AU25: 41 | AV25: 1 | AW25: 1 | AZ25: 1 | BA25: 21.69 | BB25: 8.21 | BC25: 5.41 | BH25: 0 | BI25: 2 | BJ25: ТСН-2001.4. Доп. 1-42. Сб. 10, т. 176, поз. 1 | BM25: 1738 | BN25: 0 | BO25: 4.10-176-1 | BP25: 1 | BQ25: 40 | BR25: 0 | BS25: 21.69 | BT25: 1 | BU25: 1 | BV25: 1 | BW25: 1 | BX25: 1 | BZ25: 77 | CA25: 41 | CE25: 0 | CF25: 0 | CG25: 0 | CM25: 0 | CO25: 0 | CP25: =(P25+Q25+S25) -> 4092.53 | CQ25: =(AC25*BC25*AW25) -> 6.6543 | CR25: =(AD25*BB25*AV25) -> 9.1131 | CS25: =(AE25*BS25*AV25) -> 4.338 | CT25: =(AF25*BA25*AV25) -> 10215.556 | CU25: =AG25 -> 0 | CV25: =(AH25*AV25) -> 29.96 | CW25: =AI25 -> 0 | CX25: =AJ25 -> 0 | CY25: =S25*(BZ25/100) -> 3146.3894 | CZ25: =S25*(CA25/100) -> 1675.3502 | DN25: 114 | DO25: 67 | DP25: 1.047 | DQ25: 1 | DU25: 1010 | DV25: 10 шт. | DW25: 10 шт. | DX25: 10 | EE25: 21989090 | EF25: 40 | EG25: Монтаж оборудования | EH25: 0 | EJ25: 2 | EK25: 1738 | EL25: ТСН-2001.4-10. 10-175…10-177 (доп. 31) | EM25: ТСН-2001.4-10-22 | EQ25: 131072 | ER25: 473.32 | ES25: 1.23 | ET25: 1.11 | EU25: 0.2 | EV25: 470.98 | EW25: 29.96 | EX25: 0 | EY25: 0 | FQ25: 0 | FR25: =ROUND(IF(AND(BH25=3,BI25=3),P25,0),2) -> 0 | FS25: 0 | FX25: 114 | FY25: 67 | GD25: 0 | GF25: -593748981 | GG25: 2 | GH25: 1 | GI25: 2 | GJ25: 0 | GK25: =ROUND(R25*(S12)/100,2) -> 2.73 | GL25: =ROUND(IF(AND(BH25=3,BI25=3,FS25<>0),P25,0),2) -> 0 | GM25: =ROUND(O25+X25+Y25+GK25,2)+GX25 -> 8917 | GN25: =IF(OR(BI25=0,BI25=1),ROUND(O25+X25+Y25+GK25,2),0) -> 0 | GO25: =IF(BI25=2,ROUND(O25+X25+Y25+GK25,2),0) -> 8917 | GP25: =IF(BI25=4,ROUND(O25+X25+Y25+GK25,2)+GX25,0) -> 0 | GR25: 0 | GS25: 3 | GT25: 0 | GV25: =ROUND((GT25),6) -> 0 | GW25: 1 | GX25: =ROUND(HC25*I25,2) -> 0 | HA25: 0 | HB25: 0 | HC25: =GV25*GW25 -> 0 | IK25: 0
A26: 17 | B26: 1 | C26: =ROW(SmtRes!A3) -> 3 | D26: =ROW(EtalonRes!A3) -> 3 | E26: 2 | F26: 4.10-173-2 | G26: Блок бесперебойного питания (ББП) в диспетчерской | H26: 1 ШТ. | I26: 3 | J26: 0 | O26: =ROUND(CP26,2) -> 124.89 | P26: =ROUND(CQ26*I26,2) -> 4.5 | Q26: =ROUND(CR26*I26,2) -> 0 | R26: =ROUND(CS26*I26,2) -> 0 | S26: =ROUND(CT26*I26,2) -> 120.39 | T26: =ROUND(CU26*I26,2) -> 0 | U26: =CV26*I26 -> 9.54 | V26: =CW26*I26 -> 0 | W26: =ROUND(CX26*I26,2) -> 0 | X26: =ROUND(CY26,2) -> 0 | Y26: =ROUND(CZ26,2) -> 0 | AA26: 55106055 | AB26: =ROUND((AC26+AD26+AF26),6) -> 41.63 | AC26: =ROUND((ES26),6) -> 1.5 | AD26: =ROUND((ET26),6) -> 0 | AE26: =ROUND((EU26),6) -> 0 | AF26: =ROUND((EV26),6) -> 40.13 | AG26: =ROUND((AP26),6) -> 0 | AH26: =(EW26) -> 3.18 | AI26: =(EX26) -> 0 | AJ26: =(AS26) -> 0 | AK26: 41.63 | AL26: 1.5 | AM26: 0 | AN26: 0 | AO26: 40.13 | AP26: 0 | AQ26: 3.18 | AR26: 0 | AS26: 0 | AT26: 0 | AU26: 0 | AV26: 1 | AW26: 1 | AZ26: 1 | BA26: 1 | BB26: 1 | BC26: 1 | BH26: 0 | BI26: 2 | BJ26: ТСН-2001.4. Доп. 1-42. Сб. 10, т. 173, поз. 2 | BM26: 1352 | BN26: 0 | BP26: 0 | BQ26: 40 | BR26: 0 | BS26: 1 | BT26: 1 | BU26: 1 | BV26: 1 | BW26: 1 | BX26: 1 | BZ26: 0 | CA26: 0 | CE26: 0 | CF26: 0 | CG26: 0 | CM26: 0 | CO26: 0 | CP26: =(P26+Q26+S26) -> 124.89 | CQ26: =(AC26*BC26*AW26) -> 1.5 | CR26: =(AD26*BB26*AV26) -> 0 | CS26: =(AE26*BS26*AV26) -> 0 | CT26: =(AF26*BA26*AV26) -> 40.13 | CU26: =AG26 -> 0 | CV26: =(AH26*AV26) -> 3.18 | CW26: =AI26 -> 0 | CX26: =AJ26 -> 0 | CY26: =S26*(BZ26/100) -> 0 | CZ26: =S26*(CA26/100) -> 0 | DN26: 114 | DO26: 67 | DP26: 1.047 | DQ26: 1 | DU26: 1013 | DV26: 1 ШТ. | DW26: 1 ШТ. | DX26: 1 | EE26: 21988704 | EF26: 40 | EG26: Монтаж оборудования | EH26: 0 | EJ26: 2 | EK26: 1352 | EL26: ТСН-2001.4-10. 10-162…10-173 (доп. 9) | EM26: ТСН-2001.4-10-20 | EQ26: 131072 | ER26: 41.63 | ES26: 1.5 | ET26: 0 | EU26: 0 | EV26: 40.13 | EW26: 3.18 | EX26: 0 | EY26: 0 | FQ26: 0 | FR26: =ROUND(IF(AND(BH26=3,BI26=3),P26,0),2) -> 0 | FS26: 0 | FX26: 114 | FY26: 67 | GD26: 1 | GF26: -1074894288 | GG26: 2 | GH26: 1 | GI26: -2 | GJ26: 0 | GK26: 0 | GL26: =ROUND(IF(AND(BH26=3,BI26=3,FS26<>0),P26,0),2) -> 0 | GM26: =ROUND(O26+X26+Y26,2)+GX26 -> 124.89 | GN26: =IF(OR(BI26=0,BI26=1),ROUND(O26+X26+Y26,2),0) -> 0 | GO26: =IF(BI26=2,ROUND(O26+X26+Y26,2),0) -> 124.89 | GP26: =IF(BI26=4,ROUND(O26+X26+Y26,2)+GX26,0) -> 0 | GR26: 0 | GS26: 0 | GT26: 0 | GV26: =ROUND((GT26),6) -> 0 | GW26: 1 | GX26: =ROUND(HC26*I26,2) -> 0 | HA26: 0 | HB26: 0 | HC26: =GV26*GW26 -> 0 | IK26: 0
A27: 17 | B27: 1 | C27: =ROW(SmtRes!A4) -> 4 | D27: =ROW(EtalonRes!A4) -> 4 | E27: 2 | F27: 4.10-173-2 | G27: Блок бесперебойного питания (ББП) в диспетчерской | H27: 1 ШТ. | I27: 3 | J27: 0 | O27: =ROUND(CP27,2) -> 2635.61 | P27: =ROUND(CQ27*I27,2) -> 24.35 | Q27: =ROUND(CR27*I27,2) -> 0 | R27: =ROUND(CS27*I27,2) -> 0 | S27: =ROUND(CT27*I27,2) -> 2611.26 | T27: =ROUND(CU27*I27,2) -> 0 | U27: =CV27*I27 -> 9.54 | V27: =CW27*I27 -> 0 | W27: =ROUND(CX27*I27,2) -> 0 | X27: =ROUND(CY27,2) -> 2010.67 | Y27: =ROUND(CZ27,2) -> 1070.62 | AA27: 55106052 | AB27: =ROUND((AC27+AD27+AF27),6) -> 41.63 | AC27: =ROUND((ES27),6) -> 1.5 | AD27: =ROUND((ET27),6) -> 0 | AE27: =ROUND((EU27),6) -> 0 | AF27: =ROUND((EV27),6) -> 40.13 | AG27: =ROUND((AP27),6) -> 0 | AH27: =(EW27) -> 3.18 | AI27: =(EX27) -> 0 | AJ27: =(AS27) -> 0 | AK27: 41.63 | AL27: 1.5 | AM27: 0 | AN27: 0 | AO27: 40.13 | AP27: 0 | AQ27: 3.18 | AR27: 0 | AS27: 0 | AT27: 77 | AU27: 41 | AV27: 1 | AW27: 1 | AZ27: 1 | BA27: 21.69 | BB27: 1 | BC27: 5.41 | BH27: 0 | BI27: 2 | BJ27: ТСН-2001.4. Доп. 1-42. Сб. 10, т. 173, поз. 2 | BM27: 1352 | BN27: 0 | BO27: 4.10-173-2 | BP27: 1 | BQ27: 40 | BR27: 0 | BS27: 21.69 | BT27: 1 | BU27: 1 | BV27: 1 | BW27: 1 | BX27: 1 | BZ27: 77 | CA27: 41 | CE27: 0 | CF27: 0 | CG27: 0 | CM27: 0 | CO27: 0 | CP27: =(P27+Q27+S27) -> 2635.61 | CQ27: =(AC27*BC27*AW27) -> 8.115 | CR27: =(AD27*BB27*AV27) -> 0 | CS27: =(AE27*BS27*AV27) -> 0 | CT27: =(AF27*BA27*AV27) -> 870.4197 | CU27: =AG27 -> 0 | CV27: =(AH27*AV27) -> 3.18 | CW27: =AI27 -> 0 | CX27: =AJ27 -> 0 | CY27: =S27*(BZ27/100) -> 2010.6702 | CZ27: =S27*(CA27/100) -> 1070.6166 | DN27: 114 | DO27: 67 | DP27: 1.047 | DQ27: 1 | DU27: 1013 | DV27: 1 ШТ. | DW27: 1 ШТ. | DX27: 1 | EE27: 21988704 | EF27: 40 | EG27: Монтаж оборудования | EH27: 0 | EJ27: 2 | EK27: 1352 | EL27: ТСН-2001.4-10. 10-162…10-173 (доп. 9) | EM27: ТСН-2001.4-10-20 | EQ27: 131072 | ER27: 41.63 | ES27: 1.5 | ET27: 0 | EU27: 0 | EV27: 40.13 | EW27: 3.18 | EX27: 0 | EY27: 0 | FQ27: 0 | FR27: =ROUND(IF(AND(BH27=3,BI27=3),P27,0),2) -> 0 | FS27: 0 | FX27: 114 | FY27: 67 | GD27: 0 | GF27: -1074894288 | GG27: 2 | GH27: 1 | GI27: 2 | GJ27: 0 | GK27: =ROUND(R27*(S12)/100,2) -> 0 | GL27: =ROUND(IF(AND(BH27=3,BI27=3,FS27<>0),P27,0),2) -> 0 | GM27: =ROUND(O27+X27+Y27+GK27,2)+GX27 -> 5716.9 | GN27: =IF(OR(BI27=0,BI27=1),ROUND(O27+X27+Y27+GK27,2),0) -> 0 | GO27: =IF(BI27=2,ROUND(O27+X27+Y27+GK27,2),0) -> 5716.9 | GP27: =IF(BI27=4,ROUND(O27+X27+Y27+GK27,2)+GX27,0) -> 0 | GR27: 0 | GS27: 3 | GT27: 0 | GV27: =ROUND((GT27),6) -> 0 | GW27: 1 | GX27: =ROUND(HC27*I27,2) -> 0 | HA27: 0 | HB27: 0 | HC27: =GV27*GW27 -> 0 | IK27: 0
A28: 17 | B28: 1 | C28: =ROW(SmtRes!A5) -> 5 | D28: =ROW(EtalonRes!A5) -> 5 | E28: 3 | F28: 4.10-168-1 | G28: Блок считывания кода (БСК) и считыватель в диспетчерской | H28: 1 ШТ. | I28: 5 | J28: 0 | O28: =ROUND(CP28,2) -> 372.35 | P28: =ROUND(CQ28*I28,2) -> 59.35 | Q28: =ROUND(CR28*I28,2) -> 17.6 | R28: =ROUND(CS28*I28,2) -> 0.3 | S28: =ROUND(CT28*I28,2) -> 295.4 | T28: =ROUND(CU28*I28,2) -> 0 | U28: =CV28*I28 -> 23.4 | V28: =CW28*I28 -> 0 | W28: =ROUND(CX28*I28,2) -> 0 | X28: =ROUND(CY28,2) -> 0 | Y28: =ROUND(CZ28,2) -> 0 | AA28: 55106055 | AB28: =ROUND((AC28+AD28+AF28),6) -> 74.47 | AC28: =ROUND((ES28),6) -> 11.87 | AD28: =ROUND((ET28),6) -> 3.52 | AE28: =ROUND((EU28),6) -> 0.06 | AF28: =ROUND((EV28),6) -> 59.08 | AG28: =ROUND((AP28),6) -> 0 | AH28: =(EW28) -> 4.68 | AI28: =(EX28) -> 0 | AJ28: =(AS28) -> 0 | AK28: 74.47 | AL28: 11.87 | AM28: 3.52 | AN28: 0.06 | AO28: 59.08 | AP28: 0 | AQ28: 4.68 | AR28: 0 | AS28: 0 | AT28: 0 | AU28: 0 | AV28: 1 | AW28: 1 | AZ28: 1 | BA28: 1 | BB28: 1 | BC28: 1 | BH28: 0 | BI28: 2 | BJ28: ТСН-2001.4. Доп. 1-42. Сб. 10, т. 168, поз. 1 | BM28: 1352 | BN28: 0 | BP28: 0 | BQ28: 40 | BR28: 0 | BS28: 1 | BT28: 1 | BU28: 1 | BV28: 1 | BW28: 1 | BX28: 1 | BZ28: 0 | CA28: 0 | CE28: 0 | CF28: 0 | CG28: 0 | CM28: 0 | CO28: 0 | CP28: =(P28+Q28+S28) -> 372.35 | CQ28: =(AC28*BC28*AW28) -> 11.87 | CR28: =(AD28*BB28*AV28) -> 3.52 | CS28: =(AE28*BS28*AV28) -> 0.06 | CT28: =(AF28*BA28*AV28) -> 59.08 | CU28: =AG28 -> 0 | CV28: =(AH28*AV28) -> 4.68 | CW28: =AI28 -> 0 | CX28: =AJ28 -> 0 | CY28: =S28*(BZ28/100) -> 0 | CZ28: =S28*(CA28/100) -> 0 | DN28: 114 | DO28: 67 | DP28: 1.047 | DQ28: 1 | DU28: 1013 | DV28: 1 ШТ. | DW28: 1 ШТ. | DX28: 1 | EE28: 21988704 | EF28: 40 | EG28: Монтаж оборудования | EH28: 0 | EJ28: 2 | EK28: 1352 | EL28: ТСН-2001.4-10. 10-162…10-173 (доп. 9) | EM28: ТСН-2001.4-10-20 | EQ28: 131072 | ER28: 74.47 | ES28: 11.87 | ET28: 3.52 | EU28: 0.06 | EV28: 59.08 | EW28: 4.68 | EX28: 0 | EY28: 0 | FQ28: 0 | FR28: =ROUND(IF(AND(BH28=3,BI28=3),P28,0),2) -> 0 | FS28: 0 | FX28: 114 | FY28: 67 | GD28: 1 | GF28: -302613050 | GG28: 2 | GH28: 1 | GI28: -2 | GJ28: 0 | GK28: 0 | GL28: =ROUND(IF(AND(BH28=3,BI28=3,FS28<>0),P28,0),2) -> 0 | GM28: =ROUND(O28+X28+Y28,2)+GX28 -> 372.35 | GN28: =IF(OR(BI28=0,BI28=1),ROUND(O28+X28+Y28,2),0) -> 0 | GO28: =IF(BI28=2,ROUND(O28+X28+Y28,2),0) -> 372.35 | GP28: =IF(BI28=4,ROUND(O28+X28+Y28,2)+GX28,0) -> 0 | GR28: 0 | GS28: 0 | GT28: 0 | GV28: =ROUND((GT28),6) -> 0 | GW28: 1 | GX28: =ROUND(HC28*I28,2) -> 0 | HA28: 0 | HB28: 0 | HC28: =GV28*GW28 -> 0 | IK28: 0
A29: 17 | B29: 1 | C29: =ROW(SmtRes!A6) -> 6 | D29: =ROW(EtalonRes!A6) -> 6 | E29: 3 | F29: 4.10-168-1 | G29: Блок считывания кода (БСК) и считыватель в диспетчерской | H29: 1 ШТ. | I29: 5 | J29: 0 | O29: =ROUND(CP29,2) -> 6825.46 | P29: =ROUND(CQ29*I29,2) -> 321.08 | Q29: =ROUND(CR29*I29,2) -> 97.15 | R29: =ROUND(CS29*I29,2) -> 6.51 | S29: =ROUND(CT29*I29,2) -> 6407.23 | T29: =ROUND(CU29*I29,2) -> 0 | U29: =CV29*I29 -> 23.4 | V29: =CW29*I29 -> 0 | W29: =ROUND(CX29*I29,2) -> 0 | X29: =ROUND(CY29,2) -> 4933.57 | Y29: =ROUND(CZ29,2) -> 2626.96 | AA29: 55106052 | AB29: =ROUND((AC29+AD29+AF29),6) -> 74.47 | AC29: =ROUND((ES29),6) -> 11.87 | AD29: =ROUND((ET29),6) -> 3.52 | AE29: =ROUND((EU29),6) -> 0.06 | AF29: =ROUND((EV29),6) -> 59.08 | AG29: =ROUND((AP29),6) -> 0 | AH29: =(EW29) -> 4.68 | AI29: =(EX29) -> 0 | AJ29: =(AS29) -> 0 | AK29: 74.47 | AL29: 11.87 | AM29: 3.52 | AN29: 0.06 | AO29: 59.08 | AP29: 0 | AQ29: 4.68 | AR29: 0 | AS29: 0 | AT29: 77 | AU29: 41 | AV29: 1 | AW29: 1 | AZ29: 1 | BA29: 21.69 | BB29: 5.52 | BC29: 5.41 | BH29: 0 | BI29: 2 | BJ29: ТСН-2001.4. Доп. 1-42. Сб. 10, т. 168, поз. 1 | BM29: 1352 | BN29: 0 | BO29: 4.10-168-1 | BP29: 1 | BQ29: 40 | BR29: 0 | BS29: 21.69 | BT29: 1 | BU29: 1 | BV29: 1 | BW29: 1 | BX29: 1 | BZ29: 77 | CA29: 41 | CE29: 0 | CF29: 0 | CG29: 0 | CM29: 0 | CO29: 0 | CP29: =(P29+Q29+S29) -> 6825.46 | CQ29: =(AC29*BC29*AW29) -> 64.2167 | CR29: =(AD29*BB29*AV29) -> 19.4304 | CS29: =(AE29*BS29*AV29) -> 1.3014 | CT29: =(AF29*BA29*AV29) -> 1281.4452 | CU29: =AG29 -> 0 | CV29: =(AH29*AV29) -> 4.68 | CW29: =AI29 -> 0 | CX29: =AJ29 -> 0 | CY29: =S29*(BZ29/100) -> 4933.5671 | CZ29: =S29*(CA29/100) -> 2626.9643 | DN29: 114 | DO29: 67 | DP29: 1.047 | DQ29: 1 | DU29: 1013 | DV29: 1 ШТ. | DW29: 1 ШТ. | DX29: 1 | EE29: 21988704 | EF29: 40 | EG29: Монтаж оборудования | EH29: 0 | EJ29: 2 | EK29: 1352 | EL29: ТСН-2001.4-10. 10-162…10-173 (доп. 9) | EM29: ТСН-2001.4-10-20 | EQ29: 131072 | ER29: 74.47 | ES29: 11.87 | ET29: 3.52 | EU29: 0.06 | EV29: 59.08 | EW29: 4.68 | EX29: 0 | EY29: 0 | FQ29: 0 | FR29: =ROUND(IF(AND(BH29=3,BI29=3),P29,0),2) -> 0 | FS29: 0 | FX29: 114 | FY29: 67 | GD29: 0 | GF29: -302613050 | GG29: 2 | GH29: 1 | GI29: 2 | GJ29: 0 | GK29: =ROUND(R29*(S12)/100,2) -> 10.22 | GL29: =ROUND(IF(AND(BH29=3,BI29=3,FS29<>0),P29,0),2) -> 0 | GM29: =ROUND(O29+X29+Y29+GK29,2)+GX29 -> 14396.21 | GN29: =IF(OR(BI29=0,BI29=1),ROUND(O29+X29+Y29+GK29,2),0) -> 0 | GO29: =IF(BI29=2,ROUND(O29+X29+Y29+GK29,2),0) -> 14396.21 | GP29: =IF(BI29=4,ROUND(O29+X29+Y29+GK29,2)+GX29,0) -> 0 | GR29: 0 | GS29: 3 | GT29: 0 | GV29: =ROUND((GT29),6) -> 0 | GW29: 1 | GX29: =ROUND(HC29*I29,2) -> 0 | HA29: 0 | HB29: 0 | HC29: =GV29*GW29 -> 0 | IK29: 0
A30: 17 | B30: 1 | C30: =ROW(SmtRes!A12) -> 12 | D30: =ROW(EtalonRes!A13) -> 13 | E30: 4 | F30: 3.10-82-1 | G30: Установка дверного доводчика к металлическим дверям | H30: 1 ШТ. | I30: 7 | J30: 0 | O30: =ROUND(CP30,2) -> 140.06 | P30: =ROUND(CQ30*I30,2) -> 2.87 | Q30: =ROUND(CR30*I30,2) -> 17.41 | R30: =ROUND(CS30*I30,2) -> 0.79 | S30: =ROUND(CT30*I30,2) -> 119.78 | T30: =ROUND(CU30*I30,2) -> 0 | U30: =CV30*I30 -> 8.9355 | V30: =CW30*I30 -> 0 | W30: =ROUND(CX30*I30,2) -> 0 | X30: =ROUND(CY30,2) -> 0 | Y30: =ROUND(CZ30,2) -> 0 | AA30: 55106055 | AB30: =ROUND((AC30+AD30+AF30),6) -> 20.0095 | AC30: =ROUND((ES30),6) -> 0.41 | AD30: =ROUND(((ET30*1.25)),6) -> 2.4875 | AE30: =ROUND(((EU30*1.25)),6) -> 0.1125 | AF30: =ROUND(((EV30*1.15)),6) -> 17.112 | AG30: =ROUND((AP30),6) -> 0 | AH30: =((EW30*1.15)) -> 1.2765 | AI30: =((EX30*1.25)) -> 0 | AJ30: =(AS30) -> 0 | AK30: 17.28 | AL30: 0.41 | AM30: 1.99 | AN30: 0.09 | AO30: 14.88 | AP30: 0 | AQ30: 1.11 | AR30: 0 | AS30: 0 | AT30: 0 | AU30: 0 | AV30: 1 | AW30: 1 | AZ30: 1 | BA30: 1 | BB30: 1 | BC30: 1 | BH30: 0 | BI30: 1 | BJ30: ТСН-2001.3 Доп. 44, Сб. 10, т. 82, поз. 1 | BM30: 87 | BN30: 0 | BP30: 0 | BQ30: 30 | BR30: 0 | BS30: 1 | BT30: 1 | BU30: 1 | BV30: 1 | BW30: 1 | BX30: 1 | BZ30: 0 | CA30: 0 | CE30: 0 | CF30: 0 | CG30: 0 | CM30: 0 | CO30: 0 | CP30: =(P30+Q30+S30) -> 140.06 | CQ30: =(AC30*BC30*AW30) -> 0.41 | CR30: =(AD30*BB30*AV30) -> 2.4875 | CS30: =(AE30*BS30*AV30) -> 0.1125 | CT30: =(AF30*BA30*AV30) -> 17.112 | CU30: =AG30 -> 0 | CV30: =(AH30*AV30) -> 1.2765 | CW30: =AI30 -> 0 | CX30: =AJ30 -> 0 | CY30: =S30*(BZ30/100) -> 0 | CZ30: =S30*(CA30/100) -> 0 | DE30: )*1,25 | DF30: )*1,25 | DG30: )*1,15 | DI30: )*1,15 | DJ30: )*1,25 | DN30: 91 | DO30: 70 | DP30: 1.047 | DQ30: 1.002 | DU30: 1013 | DV30: 1 ШТ. | DW30: 1 ШТ. | DX30: 1 | EE30: 21987439 | EF30: 30 | EG30: Строительные работы | EH30: 0 | EJ30: 1 | EK30: 87 | EL30: ТСН-2001.3-10. 10-82 | EM30: ТСН-2001.3-10-7 | EQ30: 131072 | ER30: 17.28 | ES30: 0.41 | ET30: 1.99 | EU30: 0.09 | EV30: 14.88 | EW30: 1.11 | EX30: 0 | EY30: 0 | FQ30: 0 | FR30: =ROUND(IF(AND(BH30=3,BI30=3),P30,0),2) -> 0 | FS30: 0 | FX30: 91 | FY30: 70 | GD30: 1 | GF30: 1307162067 | GG30: 2 | GH30: 1 | GI30: -2 | GJ30: 0 | GK30: 0 | GL30: =ROUND(IF(AND(BH30=3,BI30=3,FS30<>0),P30,0),2) -> 0 | GM30: =ROUND(O30+X30+Y30,2)+GX30 -> 140.06 | GN30: =IF(OR(BI30=0,BI30=1),ROUND(O30+X30+Y30,2),0) -> 140.06 | GO30: =IF(BI30=2,ROUND(O30+X30+Y30,2),0) -> 0 | GP30: =IF(BI30=4,ROUND(O30+X30+Y30,2)+GX30,0) -> 0 | GR30: 0 | GS30: 0 | GT30: 0 | GV30: =ROUND((GT30),6) -> 0 | GW30: 1 | GX30: =ROUND(HC30*I30,2) -> 0 | HA30: 0 | HB30: 0 | HC30: =GV30*GW30 -> 0 | IK30: 0
A31: 17 | B31: 1 | C31: =ROW(SmtRes!A18) -> 18 | D31: =ROW(EtalonRes!A20) -> 20 | E31: 4 | F31: 3.10-82-1 | G31: Установка дверного доводчика к металлическим дверям | H31: 1 ШТ. | I31: 7 | J31: 0 | O31: =ROUND(CP31,2) -> 2731.67 | P31: =ROUND(CQ31*I31,2) -> 12.89 | Q31: =ROUND(CR31*I31,2) -> 120.67 | R31: =ROUND(CS31*I31,2) -> 17.08 | S31: =ROUND(CT31*I31,2) -> 2598.11 | T31: =ROUND(CU31*I31,2) -> 0 | U31: =CV31*I31 -> 8.9355 | V31: =CW31*I31 -> 0 | W31: =ROUND(CX31*I31,2) -> 0 | X31: =ROUND(CY31,2) -> 1896.62 | Y31: =ROUND(CZ31,2) -> 1065.23 | AA31: 55106052 | AB31: =ROUND((AC31+AD31+AF31),6) -> 20.0095 | AC31: =ROUND((ES31),6) -> 0.41 | AD31: =ROUND(((ET31*1.25)),6) -> 2.4875 | AE31: =ROUND(((EU31*1.25)),6) -> 0.1125 | AF31: =ROUND(((EV31*1.15)),6) -> 17.112 | AG31: =ROUND((AP31),6) -> 0 | AH31: =((EW31*1.15)) -> 1.2765 | AI31: =((EX31*1.25)) -> 0 | AJ31: =(AS31) -> 0 | AK31: 17.28 | AL31: 0.41 | AM31: 1.99 | AN31: 0.09 | AO31: 14.88 | AP31: 0 | AQ31: 1.11 | AR31: 0 | AS31: 0 | AT31: 73 | AU31: 41 | AV31: 1 | AW31: 1 | AZ31: 1 | BA31: 21.69 | BB31: 6.93 | BC31: 4.49 | BH31: 0 | BI31: 1 | BJ31: ТСН-2001.3 Доп. 44, Сб. 10, т. 82, поз. 1 | BM31: 87 | BN31: 0 | BO31: 3.10-82-1 | BP31: 1 | BQ31: 30 | BR31: 0 | BS31: 21.69 | BT31: 1 | BU31: 1 | BV31: 1 | BW31: 1 | BX31: 1 | BZ31: 73 | CA31: 41 | CE31: 0 | CF31: 0 | CG31: 0 | CM31: 0 | CO31: 0 | CP31: =(P31+Q31+S31) -> 2731.67 | CQ31: =(AC31*BC31*AW31) -> 1.8409 | CR31: =(AD31*BB31*AV31) -> 17.238375 | CS31: =(AE31*BS31*AV31) -> 2.440125 | CT31: =(AF31*BA31*AV31) -> 371.15928 | CU31: =AG31 -> 0 | CV31: =(AH31*AV31) -> 1.2765 | CW31: =AI31 -> 0 | CX31: =AJ31 -> 0 | CY31: =S31*(BZ31/100) -> 1896.6203 | CZ31: =S31*(CA31/100) -> 1065.2251 | DE31: )*1,25 | DF31: )*1,25 | DG31: )*1,15 | DI31: )*1,15 | DJ31: )*1,25 | DN31: 91 | DO31: 70 | DP31: 1.047 | DQ31: 1.002 | DU31: 1013 | DV31: 1 ШТ. | DW31: 1 ШТ. | DX31: 1 | EE31: 21987439 | EF31: 30 | EG31: Строительные работы | EH31: 0 | EJ31: 1 | EK31: 87 | EL31: ТСН-2001.3-10. 10-82 | EM31: ТСН-2001.3-10-7 | EQ31: 131072 | ER31: 17.28 | ES31: 0.41 | ET31: 1.99 | EU31: 0.09 | EV31: 14.88 | EW31: 1.11 | EX31: 0 | EY31: 0 | FQ31: 0 | FR31: =ROUND(IF(AND(BH31=3,BI31=3),P31,0),2) -> 0 | FS31: 0 | FX31: 91 | FY31: 70 | GD31: 0 | GF31: 1307162067 | GG31: 2 | GH31: 1 | GI31: 2 | GJ31: 0 | GK31: =ROUND(R31*(S12)/100,2) -> 26.82 | GL31: =ROUND(IF(AND(BH31=3,BI31=3,FS31<>0),P31,0),2) -> 0 | GM31: =ROUND(O31+X31+Y31+GK31,2)+GX31 -> 5720.34 | GN31: =IF(OR(BI31=0,BI31=1),ROUND(O31+X31+Y31+GK31,2),0) -> 5720.34 | GO31: =IF(BI31=2,ROUND(O31+X31+Y31+GK31,2),0) -> 0 | GP31: =IF(BI31=4,ROUND(O31+X31+Y31+GK31,2)+GX31,0) -> 0 | GR31: 0 | GS31: 3 | GT31: 0 | GV31: =ROUND((GT31),6) -> 0 | GW31: 1 | GX31: =ROUND(HC31*I31,2) -> 0 | HA31: 0 | HB31: 0 | HC31: =GV31*GW31 -> 0 | IK31: 0
A32: 17 | B32: 1 | C32: =ROW(SmtRes!A20) -> 20 | D32: =ROW(EtalonRes!A21) -> 21 | E32: 5 | F32: 4.10-76-10 | G32: Ключ или кнопка на панели | H32: 1 ШТ. | I32: 7 | J32: 0 | O32: =ROUND(CP32,2) -> 95.55 | P32: =ROUND(CQ32*I32,2) -> 12.25 | Q32: =ROUND(CR32*I32,2) -> 0 | R32: =ROUND(CS32*I32,2) -> 0 | S32: =ROUND(CT32*I32,2) -> 83.3 | T32: =ROUND(CU32*I32,2) -> 0 | U32: =CV32*I32 -> 7 | V32: =CW32*I32 -> 0 | W32: =ROUND(CX32*I32,2) -> 0 | X32: =ROUND(CY32,2) -> 0 | Y32: =ROUND(CZ32,2) -> 0 | AA32: 55106055 | AB32: =ROUND((AC32+AD32+AF32),6) -> 13.65 | AC32: =ROUND((ES32),6) -> 1.75 | AD32: =ROUND((ET32),6) -> 0 | AE32: =ROUND((EU32),6) -> 0 | AF32: =ROUND((EV32),6) -> 11.9 | AG32: =ROUND((AP32),6) -> 0 | AH32: =(EW32) -> 1 | AI32: =(EX32) -> 0 | AJ32: =(AS32) -> 0 | AK32: 13.65 | AL32: 1.75 | AM32: 0 | AN32: 0 | AO32: 11.9 | AP32: 0 | AQ32: 1 | AR32: 0 | AS32: 0 | AT32: 0 | AU32: 0 | AV32: 1 | AW32: 1 | AZ32: 1 | BA32: 1 | BB32: 1 | BC32: 1 | BH32: 0 | BI32: 2 | BJ32: ТСН-2001.4. Доп. 1-42. Сб. 10, т. 76, поз. 10 | BM32: 336 | BN32: 0 | BP32: 0 | BQ32: 40 | BR32: 0 | BS32: 1 | BT32: 1 | BU32: 1 | BV32: 1 | BW32: 1 | BX32: 1 | BZ32: 0 | CA32: 0 | CE32: 0 | CF32: 0 | CG32: 0 | CM32: 0 | CO32: 0 | CP32: =(P32+Q32+S32) -> 95.55 | CQ32: =(AC32*BC32*AW32) -> 1.75 | CR32: =(AD32*BB32*AV32) -> 0 | CS32: =(AE32*BS32*AV32) -> 0 | CT32: =(AF32*BA32*AV32) -> 11.9 | CU32: =AG32 -> 0 | CV32: =(AH32*AV32) -> 1 | CW32: =AI32 -> 0 | CX32: =AJ32 -> 0 | CY32: =S32*(BZ32/100) -> 0 | CZ32: =S32*(CA32/100) -> 0 | DN32: 114 | DO32: 67 | DP32: 1.047 | DQ32: 1 | DU32: 1013 | DV32: 1 ШТ. | DW32: 1 ШТ. | DX32: 1 | EE32: 21987688 | EF32: 40 | EG32: Монтаж оборудования | EH32: 0 | EJ32: 2 | EK32: 336 | EL32: ТСН-2001.4-10. 10-1...10-91 | EM32: ТСН-2001.4-10-1 | EQ32: 131072 | ER32: 13.65 | ES32: 1.75 | ET32: 0 | EU32: 0 | EV32: 11.9 | EW32: 1 | EX32: 0 | EY32: 0 | FQ32: 0 | FR32: =ROUND(IF(AND(BH32=3,BI32=3),P32,0),2) -> 0 | FS32: 0 | FX32: 114 | FY32: 67 | GD32: 1 | GF32: -695840693 | GG32: 2 | GH32: 1 | GI32: -2 | GJ32: 0 | GK32: 0 | GL32: =ROUND(IF(AND(BH32=3,BI32=3,FS32<>0),P32,0),2) -> 0 | GM32: =ROUND(O32+X32+Y32,2)+GX32 -> 95.55 | GN32: =IF(OR(BI32=0,BI32=1),ROUND(O32+X32+Y32,2),0) -> 0 | GO32: =IF(BI32=2,ROUND(O32+X32+Y32,2),0) -> 95.55 | GP32: =IF(BI32=4,ROUND(O32+X32+Y32,2)+GX32,0) -> 0 | GR32: 0 | GS32: 3 | GT32: 0 | GV32: =ROUND((GT32),6) -> 0 | GW32: 1 | GX32: =ROUND(HC32*I32,2) -> 0 | HA32: 0 | HB32: 0 | HC32: =GV32*GW32 -> 0 | IK32: 0
A33: 17 | B33: 1 | C33: =ROW(SmtRes!A22) -> 22 | D33: =ROW(EtalonRes!A22) -> 22 | E33: 5 | F33: 4.10-76-10 | G33: Ключ или кнопка на панели | H33: 1 ШТ. | I33: 7 | J33: 0 | O33: =ROUND(CP33,2) -> 1873.05 | P33: =ROUND(CQ33*I33,2) -> 66.27 | Q33: =ROUND(CR33*I33,2) -> 0 | R33: =ROUND(CS33*I33,2) -> 0 | S33: =ROUND(CT33*I33,2) -> 1806.78 | T33: =ROUND(CU33*I33,2) -> 0 | U33: =CV33*I33 -> 7 | V33: =CW33*I33 -> 0 | W33: =ROUND(CX33*I33,2) -> 0 | X33: =ROUND(CY33,2) -> 1391.22 | Y33: =ROUND(CZ33,2) -> 740.78 | AA33: 55106052 | AB33: =ROUND((AC33+AD33+AF33),6) -> 13.65 | AC33: =ROUND((ES33),6) -> 1.75 | AD33: =ROUND((ET33),6) -> 0 | AE33: =ROUND((EU33),6) -> 0 | AF33: =ROUND((EV33),6) -> 11.9 | AG33: =ROUND((AP33),6) -> 0 | AH33: =(EW33) -> 1 | AI33: =(EX33) -> 0 | AJ33: =(AS33) -> 0 | AK33: 13.65 | AL33: 1.75 | AM33: 0 | AN33: 0 | AO33: 11.9 | AP33: 0 | AQ33: 1 | AR33: 0 | AS33: 0 | AT33: 77 | AU33: 41 | AV33: 1 | AW33: 1 | AZ33: 1 | BA33: 21.69 | BB33: 1 | BC33: 5.41 | BH33: 0 | BI33: 2 | BJ33: ТСН-2001.4. Доп. 1-42. Сб. 10, т. 76, поз. 10 | BM33: 336 | BN33: 0 | BO33: 4.10-76-10 | BP33: 1 | BQ33: 40 | BR33: 0 | BS33: 21.69 | BT33: 1 | BU33: 1 | BV33: 1 | BW33: 1 | BX33: 1 | BZ33: 77 | CA33: 41 | CE33: 0 | CF33: 0 | CG33: 0 | CM33: 0 | CO33: 0 | CP33: =(P33+Q33+S33) -> 1873.05 | CQ33: =(AC33*BC33*AW33) -> 9.4675 | CR33: =(AD33*BB33*AV33) -> 0 | CS33: =(AE33*BS33*AV33) -> 0 | CT33: =(AF33*BA33*AV33) -> 258.111 | CU33: =AG33 -> 0 | CV33: =(AH33*AV33) -> 1 | CW33: =AI33 -> 0 | CX33: =AJ33 -> 0 | CY33: =S33*(BZ33/100) -> 1391.2206 | CZ33: =S33*(CA33/100) -> 740.7798 | DN33: 114 | DO33: 67 | DP33: 1.047 | DQ33: 1 | DU33: 1013 | DV33: 1 ШТ. | DW33: 1 ШТ. | DX33: 1 | EE33: 21987688 | EF33: 40 | EG33: Монтаж оборудования | EH33: 0 | EJ33: 2 | EK33: 336 | EL33: ТСН-2001.4-10. 10-1...10-91 | EM33: ТСН-2001.4-10-1 | EQ33: 131072 | ER33: 13.65 | ES33: 1.75 | ET33: 0 | EU33: 0 | EV33: 11.9 | EW33: 1 | EX33: 0 | EY33: 0 | FQ33: 0 | FR33: =ROUND(IF(AND(BH33=3,BI33=3),P33,0),2) -> 0 | FS33: 0 | FX33: 114 | FY33: 67 | GD33: 0 | GF33: -695840693 | GG33: 2 | GH33: 1 | GI33: 2 | GJ33: 0 | GK33: =ROUND(R33*(S12)/100,2) -> 0 | GL33: =ROUND(IF(AND(BH33=3,BI33=3,FS33<>0),P33,0),2) -> 0 | GM33: =ROUND(O33+X33+Y33+GK33,2)+GX33 -> 4005.05 | GN33: =IF(OR(BI33=0,BI33=1),ROUND(O33+X33+Y33+GK33,2),0) -> 0 | GO33: =IF(BI33=2,ROUND(O33+X33+Y33+GK33,2),0) -> 4005.05 | GP33: =IF(BI33=4,ROUND(O33+X33+Y33+GK33,2)+GX33,0) -> 0 | GR33: 0 | GS33: 3 | GT33: 0 | GV33: =ROUND((GT33),6) -> 0 | GW33: 1 | GX33: =ROUND(HC33*I33,2) -> 0 | HA33: 0 | HB33: 0 | HC33: =GV33*GW33 -> 0 | IK33: 0
A34: 18 | B34: 1 | C34: 20 | E34: 5,1 | F34: ц. пост. | G34: Кнопка выхода SR-BP42 | H34: шт. | I34: =I32*J34 -> 7 | J34: 1 | O34: =ROUND(CP34,2) -> 227.78 | P34: =ROUND(CQ34*I34,2) -> 227.78 | Q34: =ROUND(CR34*I34,2) -> 0 | R34: =ROUND(CS34*I34,2) -> 0 | S34: =ROUND(CT34*I34,2) -> 0 | T34: =ROUND(CU34*I34,2) -> 0 | U34: =CV34*I34 -> 0 | V34: =CW34*I34 -> 0 | W34: =ROUND(CX34*I34,2) -> 0 | X34: =ROUND(CY34,2) -> 0 | Y34: =ROUND(CZ34,2) -> 0 | AA34: 55106055 | AB34: =ROUND((AC34+AD34+AF34),6) -> 32.54 | AC34: =ROUND((ES34),6) -> 32.54 | AD34: =ROUND((ET34),6) -> 0 | AE34: =ROUND((EU34),6) -> 0 | AF34: =ROUND((EV34),6) -> 0 | AG34: =ROUND((AP34),6) -> 0 | AH34: =(EW34) -> 0 | AI34: =(EX34) -> 0 | AJ34: =(AS34) -> 0 | AK34: 32.54 | AL34: 32.54 | AM34: 0 | AN34: 0 | AO34: 0 | AP34: 0 | AQ34: 0 | AR34: 0 | AS34: 0 | AT34: 0 | AU34: 0 | AV34: 1 | AW34: 1 | AZ34: 1 | BA34: 1 | BB34: 1 | BC34: 1 | BH34: 3 | BI34: 2 | BM34: 400002 | BN34: 0 | BP34: 0 | BQ34: 202 | BR34: 0 | BS34: 1 | BT34: 1 | BU34: 1 | BV34: 1 | BW34: 1 | BX34: 1 | BZ34: 0 | CA34: 0 | CE34: 0 | CF34: 0 | CG34: 0 | CM34: 0 | CO34: 0 | CP34: =(P34+Q34+S34) -> 227.78 | CQ34: =(AC34*BC34*AW34) -> 32.54 | CR34: =(AD34*BB34*AV34) -> 0 | CS34: =(AE34*BS34*AV34) -> 0 | CT34: =(AF34*BA34*AV34) -> 0 | CU34: =AG34 -> 0 | CV34: =(AH34*AV34) -> 0 | CW34: =AI34 -> 0 | CX34: =AJ34 -> 0 | CY34: =S34*(BZ34/100) -> 0 | CZ34: =S34*(CA34/100) -> 0 | DN34: 0 | DO34: 0 | DP34: 1 | DQ34: 1 | DU34: 1010 | DV34: шт. | DW34: шт. | DX34: 1 | EE34: 22047206 | EF34: 202 | EG34: Материалы | EH34: 0 | EJ34: 1 | EK34: 400002 | EL34: Материалы, изделия и конструкции | EM34: Материалы | EQ34: 0 | ER34: 32.54 | ES34: 32.54 | ET34: 0 | EU34: 0 | EV34: 0 | EW34: 0 | EX34: 0 | FQ34: 0 | FR34: =ROUND(IF(AND(BH34=3,BI34=3),P34,0),2) -> 0 | FS34: 0 | FX34: 0 | FY34: 0 | GD34: 0 | GF34: -43413833 | GG34: 2 | GH34: 0 | GI34: -2 | GJ34: 0 | GK34: =ROUND(R34*(R12)/100,2) -> 0 | GL34: =ROUND(IF(AND(BH34=3,BI34=3,FS34<>0),P34,0),2) -> 0 | GM34: =ROUND(O34+X34+Y34+GK34,2)+GX34 -> 227.78 | GN34: =IF(OR(BI34=0,BI34=1),ROUND(O34+X34+Y34+GK34,2),0) -> 0 | GO34: =IF(BI34=2,ROUND(O34+X34+Y34+GK34,2),0) -> 227.78 | GP34: =IF(BI34=4,ROUND(O34+X34+Y34+GK34,2)+GX34,0) -> 0 | GR34: 0 | GS34: 0 | GT34: 0 | GV34: =ROUND((GT34),6) -> 0 | GW34: 1 | GX34: =ROUND(HC34*I34,2) -> 0 | HA34: 0 | HB34: 0 | HC34: =GV34*GW34 -> 0 | IK34: 0
A35: 18 | B35: 1 | C35: 22 | E35: 5,1 | F35: ц. пост. | G35: Кнопка выхода SR-BP42 | H35: шт. | I35: =I33*J35 -> 7 | J35: 1 | O35: =ROUND(CP35,2) -> 1220.93 | P35: =ROUND(CQ35*I35,2) -> 1220.93 | Q35: =ROUND(CR35*I35,2) -> 0 | R35: =ROUND(CS35*I35,2) -> 0 | S35: =ROUND(CT35*I35,2) -> 0 | T35: =ROUND(CU35*I35,2) -> 0 | U35: =CV35*I35 -> 0 | V35: =CW35*I35 -> 0 | W35: =ROUND(CX35*I35,2) -> 0 | X35: =ROUND(CY35,2) -> 0 | Y35: =ROUND(CZ35,2) -> 0 | AA35: 55106052 | AB35: =ROUND((AC35+AD35+AF35),6) -> 32.24 | AC35: =ROUND((ES35),6) -> 32.24 | AD35: =ROUND((ET35),6) -> 0 | AE35: =ROUND((EU35),6) -> 0 | AF35: =ROUND((EV35),6) -> 0 | AG35: =ROUND((AP35),6) -> 0 | AH35: =(EW35) -> 0 | AI35: =(EX35) -> 0 | AJ35: =(AS35) -> 0 | AK35: 32.24 | AL35: 32.24 | AM35: 0 | AN35: 0 | AO35: 0 | AP35: 0 | AQ35: 0 | AR35: 0 | AS35: 0 | AT35: 0 | AU35: 0 | AV35: 1 | AW35: 1 | AZ35: 1 | BA35: 1 | BB35: 1 | BC35: 5.41 | BH35: 3 | BI35: 2 | BM35: 400002 | BN35: 0 | BP35: 0 | BQ35: 202 | BR35: 0 | BS35: 1 | BT35: 1 | BU35: 1 | BV35: 1 | BW35: 1 | BX35: 1 | BZ35: 0 | CA35: 0 | CE35: 0 | CF35: 0 | CG35: 0 | CM35: 0 | CO35: 0 | CP35: =(P35+Q35+S35) -> 1220.93 | CQ35: =(AC35*BC35*AW35) -> 174.4184 | CR35: =(AD35*BB35*AV35) -> 0 | CS35: =(AE35*BS35*AV35) -> 0 | CT35: =(AF35*BA35*AV35) -> 0 | CU35: =AG35 -> 0 | CV35: =(AH35*AV35) -> 0 | CW35: =AI35 -> 0 | CX35: =AJ35 -> 0 | CY35: =S35*(BZ35/100) -> 0 | CZ35: =S35*(CA35/100) -> 0 | DN35: 0 | DO35: 0 | DP35: 1 | DQ35: 1 | DU35: 1010 | DV35: шт. | DW35: шт. | DX35: 1 | EE35: 22047206 | EF35: 202 | EG35: Материалы | EH35: 0 | EJ35: 1 | EK35: 400002 | EL35: Материалы, изделия и конструкции | EM35: Материалы | EQ35: 0 | ER35: 32.24 | ES35: 32.24 | ET35: 0 | EU35: 0 | EV35: 0 | EW35: 0 | EX35: 0 | EZ35: 5 | FC35: 1 | FD35: 18 | FF35: 205.2 | FQ35: 0 | FR35: =ROUND(IF(AND(BH35=3,BI35=3),P35,0),2) -> 0 | FS35: 0 | FX35: 0 | FY35: 0 | GA35: [205,2 / 1,2 / 5,41] + 2% Трансп | GD35: 0 | GF35: -43413833 | GG35: 2 | GH35: 3 | GI35: 5 | GJ35: 0 | GK35: =ROUND(R35*(S12)/100,2) -> 0 | GL35: =ROUND(IF(AND(BH35=3,BI35=3,FS35<>0),P35,0),2) -> 0 | GM35: =ROUND(O35+X35+Y35+GK35,2)+GX35 -> 1220.93 | GN35: =IF(OR(BI35=0,BI35=1),ROUND(O35+X35+Y35+GK35,2),0) -> 0 | GO35: =IF(BI35=2,ROUND(O35+X35+Y35+GK35,2),0) -> 1220.93 | GP35: =IF(BI35=4,ROUND(O35+X35+Y35+GK35,2)+GX35,0) -> 0 | GR35: 1 | GS35: 1 | GT35: 0 | GV35: =ROUND((GT35),6) -> 0 | GW35: 1 | GX35: =ROUND(HC35*I35,2) -> 0 | HA35: 0 | HB35: 0 | HC35: =GV35*GW35 -> 0 | IK35: 0
A36: 17 | B36: 1 | C36: =ROW(SmtRes!A23) -> 23 | D36: =ROW(EtalonRes!A23) -> 23 | E36: 6 | F36: 4.11-1-1 | G36: Конструкции для установки приборов и средств автоматизации массой до 1 кг | H36: 1 ШТ. | I36: 7 | J36: 0 | O36: =ROUND(CP36,2) -> 95.55 | P36: =ROUND(CQ36*I36,2) -> 24.01 | Q36: =ROUND(CR36*I36,2) -> 29.82 | R36: =ROUND(CS36*I36,2) -> 7.21 | S36: =ROUND(CT36*I36,2) -> 41.72 | T36: =ROUND(CU36*I36,2) -> 0 | U36: =CV36*I36 -> 3.64 | V36: =CW36*I36 -> 0 | W36: =ROUND(CX36*I36,2) -> 0 | X36: =ROUND(CY36,2) -> 0 | Y36: =ROUND(CZ36,2) -> 0 | AA36: 55106055 | AB36: =ROUND((AC36+AD36+AF36),6) -> 13.65 | AC36: =ROUND((ES36),6) -> 3.43 | AD36: =ROUND((ET36),6) -> 4.26 | AE36: =ROUND((EU36),6) -> 1.03 | AF36: =ROUND((EV36),6) -> 5.96 | AG36: =ROUND((AP36),6) -> 0 | AH36: =(EW36) -> 0.52 | AI36: =(EX36) -> 0 | AJ36: =(AS36) -> 0 | AK36: 13.65 | AL36: 3.43 | AM36: 4.26 | AN36: 1.03 | AO36: 5.96 | AP36: 0 | AQ36: 0.52 | AR36: 0 | AS36: 0 | AT36: 0 | AU36: 0 | AV36: 1 | AW36: 1 | AZ36: 1 | BA36: 1 | BB36: 1 | BC36: 1 | BH36: 0 | BI36: 2 | BJ36: ТСН-2001.4. Доп. 1-42. Сб. 11, т. 1, поз. 1 | BM36: 355 | BN36: 0 | BP36: 0 | BQ36: 40 | BR36: 0 | BS36: 1 | BT36: 1 | BU36: 1 | BV36: 1 | BW36: 1 | BX36: 1 | BZ36: 0 | CA36: 0 | CE36: 0 | CF36: 0 | CG36: 0 | CM36: 0 | CO36: 0 | CP36: =(P36+Q36+S36) -> 95.55 | CQ36: =(AC36*BC36*AW36) -> 3.43 | CR36: =(AD36*BB36*AV36) -> 4.26 | CS36: =(AE36*BS36*AV36) -> 1.03 | CT36: =(AF36*BA36*AV36) -> 5.96 | CU36: =AG36 -> 0 | CV36: =(AH36*AV36) -> 0.52 | CW36: =AI36 -> 0 | CX36: =AJ36 -> 0 | CY36: =S36*(BZ36/100) -> 0 | CZ36: =S36*(CA36/100) -> 0 | DN36: 114 | DO36: 67 | DP36: 1.047 | DQ36: 1 | DU36: 1013 | DV36: 1 ШТ. | DW36: 1 ШТ. | DX36: 1 | EE36: 21987707 | EF36: 40 | EG36: Монтаж оборудования | EH36: 0 | EJ36: 2 | EK36: 355 | EL36: ТСН-2001.4-11. 11-1...11-30 | EM36: ТСН-2001.4-11-1 | EQ36: 131072 | ER36: 13.65 | ES36: 3.43 | ET36: 4.26 | EU36: 1.03 | EV36: 5.96 | EW36: 0.52 | EX36: 0 | EY36: 0 | FQ36: 0 | FR36: =ROUND(IF(AND(BH36=3,BI36=3),P36,0),2) -> 0 | FS36: 0 | FX36: 114 | FY36: 67 | GD36: 1 | GF36: -2072070798 | GG36: 2 | GH36: 1 | GI36: -2 | GJ36: 0 | GK36: 0 | GL36: =ROUND(IF(AND(BH36=3,BI36=3,FS36<>0),P36,0),2) -> 0 | GM36: =ROUND(O36+X36+Y36,2)+GX36 -> 95.55 | GN36: =IF(OR(BI36=0,BI36=1),ROUND(O36+X36+Y36,2),0) -> 0 | GO36: =IF(BI36=2,ROUND(O36+X36+Y36,2),0) -> 95.55 | GP36: =IF(BI36=4,ROUND(O36+X36+Y36,2)+GX36,0) -> 0 | GR36: 0 | GS36: 0 | GT36: 0 | GV36: =ROUND((GT36),6) -> 0 | GW36: 1 | GX36: =ROUND(HC36*I36,2) -> 0 | HA36: 0 | HB36: 0 | HC36: =GV36*GW36 -> 0 | IK36: 0
A37: 17 | B37: 1 | C37: =ROW(SmtRes!A24) -> 24 | D37: =ROW(EtalonRes!A24) -> 24 | E37: 6 | F37: 4.11-1-1 | G37: Конструкции для установки приборов и средств автоматизации массой до 1 кг | H37: 1 ШТ. | I37: 7 | J37: 0 | O37: =ROUND(CP37,2) -> 1309.74 | P37: =ROUND(CQ37*I37,2) -> 129.89 | Q37: =ROUND(CR37*I37,2) -> 274.94 | R37: =ROUND(CS37*I37,2) -> 156.38 | S37: =ROUND(CT37*I37,2) -> 904.91 | T37: =ROUND(CU37*I37,2) -> 0 | U37: =CV37*I37 -> 3.64 | V37: =CW37*I37 -> 0 | W37: =ROUND(CX37*I37,2) -> 0 | X37: =ROUND(CY37,2) -> 696.78 | Y37: =ROUND(CZ37,2) -> 371.01 | AA37: 55106052 | AB37: =ROUND((AC37+AD37+AF37),6) -> 13.65 | AC37: =ROUND((ES37),6) -> 3.43 | AD37: =ROUND((ET37),6) -> 4.26 | AE37: =ROUND((EU37),6) -> 1.03 | AF37: =ROUND((EV37),6) -> 5.96 | AG37: =ROUND((AP37),6) -> 0 | AH37: =(EW37) -> 0.52 | AI37: =(EX37) -> 0 | AJ37: =(AS37) -> 0 | AK37: 13.65 | AL37: 3.43 | AM37: 4.26 | AN37: 1.03 | AO37: 5.96 | AP37: 0 | AQ37: 0.52 | AR37: 0 | AS37: 0 | AT37: 77 | AU37: 41 | AV37: 1 | AW37: 1 | AZ37: 1 | BA37: 21.69 | BB37: 9.22 | BC37: 5.41 | BH37: 0 | BI37: 2 | BJ37: ТСН-2001.4. Доп. 1-42. Сб. 11, т. 1, поз. 1 | BM37: 355 | BN37: 0 | BO37: 4.11-1-1 | BP37: 1 | BQ37: 40 | BR37: 0 | BS37: 21.69 | BT37: 1 | BU37: 1 | BV37: 1 | BW37: 1 | BX37: 1 | BZ37: 77 | CA37: 41 | CE37: 0 | CF37: 0 | CG37: 0 | CM37: 0 | CO37: 0 | CP37: =(P37+Q37+S37) -> 1309.74 | CQ37: =(AC37*BC37*AW37) -> 18.5563 | CR37: =(AD37*BB37*AV37) -> 39.2772 | CS37: =(AE37*BS37*AV37) -> 22.3407 | CT37: =(AF37*BA37*AV37) -> 129.2724 | CU37: =AG37 -> 0 | CV37: =(AH37*AV37) -> 0.52 | CW37: =AI37 -> 0 | CX37: =AJ37 -> 0 | CY37: =S37*(BZ37/100) -> 696.7807 | CZ37: =S37*(CA37/100) -> 371.0131 | DN37: 114 | DO37: 67 | DP37: 1.047 | DQ37: 1 | DU37: 1013 | DV37: 1 ШТ. | DW37: 1 ШТ. | DX37: 1 | EE37: 21987707 | EF37: 40 | EG37: Монтаж оборудования | EH37: 0 | EJ37: 2 | EK37: 355 | EL37: ТСН-2001.4-11. 11-1...11-30 | EM37: ТСН-2001.4-11-1 | EQ37: 131072 | ER37: 13.65 | ES37: 3.43 | ET37: 4.26 | EU37: 1.03 | EV37: 5.96 | EW37: 0.52 | EX37: 0 | EY37: 0 | FQ37: 0 | FR37: =ROUND(IF(AND(BH37=3,BI37=3),P37,0),2) -> 0 | FS37: 0 | FX37: 114 | FY37: 67 | GD37: 0 | GF37: -2072070798 | GG37: 2 | GH37: 1 | GI37: 2 | GJ37: 0 | GK37: =ROUND(R37*(S12)/100,2) -> 245.52 | GL37: =ROUND(IF(AND(BH37=3,BI37=3,FS37<>0),P37,0),2) -> 0 | GM37: =ROUND(O37+X37+Y37+GK37,2)+GX37 -> 2623.05 | GN37: =IF(OR(BI37=0,BI37=1),ROUND(O37+X37+Y37+GK37,2),0) -> 0 | GO37: =IF(BI37=2,ROUND(O37+X37+Y37+GK37,2),0) -> 2623.05 | GP37: =IF(BI37=4,ROUND(O37+X37+Y37+GK37,2)+GX37,0) -> 0 | GR37: 0 | GS37: 3 | GT37: 0 | GV37: =ROUND((GT37),6) -> 0 | GW37: 1 | GX37: =ROUND(HC37*I37,2) -> 0 | HA37: 0 | HB37: 0 | HC37: =GV37*GW37 -> 0 | IK37: 0
A38: 17 | B38: 1 | C38: =ROW(SmtRes!A28) -> 28 | D38: =ROW(EtalonRes!A28) -> 28 | E38: 7 | F38: 4.8-288-3 | G38: Трубы гофрированные поливинилхлоридные наружным диаметром 25 мм открыто по стенам и потолкам с установкой соединительных коробок | H38: 100 м | I38: =ROUND(100/100,9) -> 1 | J38: 0 | O38: =ROUND(CP38,2) -> 536.93 | P38: =ROUND(CQ38*I38,2) -> 290.65 | Q38: =ROUND(CR38*I38,2) -> 43.19 | R38: =ROUND(CS38*I38,2) -> 8.28 | S38: =ROUND(CT38*I38,2) -> 203.09 | T38: =ROUND(CU38*I38,2) -> 0 | U38: =CV38*I38 -> 15.93 | V38: =CW38*I38 -> 0 | W38: =ROUND(CX38*I38,2) -> 0 | X38: =ROUND(CY38,2) -> 0 | Y38: =ROUND(CZ38,2) -> 0 | AA38: 55106055 | AB38: =ROUND((AC38+AD38+AF38),6) -> 536.93 | AC38: =ROUND((ES38),6) -> 290.65 | AD38: =ROUND((ET38),6) -> 43.19 | AE38: =ROUND((EU38),6) -> 8.28 | AF38: =ROUND((EV38),6) -> 203.09 | AG38: =ROUND((AP38),6) -> 0 | AH38: =(EW38) -> 15.93 | AI38: =(EX38) -> 0 | AJ38: =(AS38) -> 0 | AK38: 536.93 | AL38: 290.65 | AM38: 43.19 | AN38: 8.28 | AO38: 203.09 | AP38: 0 | AQ38: 15.93 | AR38: 0 | AS38: 0 | AT38: 0 | AU38: 0 | AV38: 1 | AW38: 1 | AZ38: 1 | BA38: 1 | BB38: 1 | BC38: 1 | BH38: 0 | BI38: 2 | BJ38: ТСН-2001.4. Доп. 1-42. Сб. 8, т. 288, поз. 3 | BM38: 1518 | BN38: 0 | BP38: 0 | BQ38: 40 | BR38: 0 | BS38: 1 | BT38: 1 | BU38: 1 | BV38: 1 | BW38: 1 | BX38: 1 | BZ38: 0 | CA38: 0 | CE38: 0 | CF38: 0 | CG38: 0 | CM38: 0 | CO38: 0 | CP38: =(P38+Q38+S38) -> 536.93 | CQ38: =(AC38*BC38*AW38) -> 290.65 | CR38: =(AD38*BB38*AV38) -> 43.19 | CS38: =(AE38*BS38*AV38) -> 8.28 | CT38: =(AF38*BA38*AV38) -> 203.09 | CU38: =AG38 -> 0 | CV38: =(AH38*AV38) -> 15.93 | CW38: =AI38 -> 0 | CX38: =AJ38 -> 0 | CY38: =S38*(BZ38/100) -> 0 | CZ38: =S38*(CA38/100) -> 0 | DN38: 114 | DO38: 67 | DP38: 1.047 | DQ38: 1 | DU38: 1003 | DV38: 100 м | DW38: 100 м | DX38: 100 | EE38: 21988870 | EF38: 40 | EG38: Монтаж оборудования | EH38: 0 | EJ38: 2 | EK38: 1518 | EL38: ТСН-2001.4-8. 8-288 (доп. 19) | EM38: ТСН-2001.4-8-27 | EQ38: 131072 | ER38: 536.93 | ES38: 290.65 | ET38: 43.19 | EU38: 8.28 | EV38: 203.09 | EW38: 15.93 | EX38: 0 | EY38: 0 | FQ38: 0 | FR38: =ROUND(IF(AND(BH38=3,BI38=3),P38,0),2) -> 0 | FS38: 0 | FX38: 114 | FY38: 67 | GD38: 1 | GF38: -1791677156 | GG38: 2 | GH38: 1 | GI38: -2 | GJ38: 0 | GK38: 0 | GL38: =ROUND(IF(AND(BH38=3,BI38=3,FS38<>0),P38,0),2) -> 0 | GM38: =ROUND(O38+X38+Y38,2)+GX38 -> 536.93 | GN38: =IF(OR(BI38=0,BI38=1),ROUND(O38+X38+Y38,2),0) -> 0 | GO38: =IF(BI38=2,ROUND(O38+X38+Y38,2),0) -> 536.93 | GP38: =IF(BI38=4,ROUND(O38+X38+Y38,2)+GX38,0) -> 0 | GR38: 0 | GS38: 3 | GT38: 0 | GV38: =ROUND((GT38),6) -> 0 | GW38: 1 | GX38: =ROUND(HC38*I38,2) -> 0 | HA38: 0 | HB38: 0 | HC38: =GV38*GW38 -> 0 | IK38: 0
A39: 17 | B39: 1 | C39: =ROW(SmtRes!A32) -> 32 | D39: =ROW(EtalonRes!A32) -> 32 | E39: 7 | F39: 4.8-288-3 | G39: Трубы гофрированные поливинилхлоридные наружным диаметром 25 мм открыто по стенам и потолкам с установкой соединительных коробок | H39: 100 м | I39: =ROUND(100/100,9) -> 1 | J39: 0 | O39: =ROUND(CP39,2) -> 6339.8 | P39: =ROUND(CQ39*I39,2) -> 1572.42 | Q39: =ROUND(CR39*I39,2) -> 362.36 | R39: =ROUND(CS39*I39,2) -> 179.59 | S39: =ROUND(CT39*I39,2) -> 4405.02 | T39: =ROUND(CU39*I39,2) -> 0 | U39: =CV39*I39 -> 15.93 | V39: =CW39*I39 -> 0 | W39: =ROUND(CX39*I39,2) -> 0 | X39: =ROUND(CY39,2) -> 3391.87 | Y39: =ROUND(CZ39,2) -> 1806.06 | AA39: 55106052 | AB39: =ROUND((AC39+AD39+AF39),6) -> 536.93 | AC39: =ROUND((ES39),6) -> 290.65 | AD39: =ROUND((ET39),6) -> 43.19 | AE39: =ROUND((EU39),6) -> 8.28 | AF39: =ROUND((EV39),6) -> 203.09 | AG39: =ROUND((AP39),6) -> 0 | AH39: =(EW39) -> 15.93 | AI39: =(EX39) -> 0 | AJ39: =(AS39) -> 0 | AK39: 536.93 | AL39: 290.65 | AM39: 43.19 | AN39: 8.28 | AO39: 203.09 | AP39: 0 | AQ39: 15.93 | AR39: 0 | AS39: 0 | AT39: 77 | AU39: 41 | AV39: 1 | AW39: 1 | AZ39: 1 | BA39: 21.69 | BB39: 8.39 | BC39: 5.41 | BH39: 0 | BI39: 2 | BJ39: ТСН-2001.4. Доп. 1-42. Сб. 8, т. 288, поз. 3 | BM39: 1518 | BN39: 0 | BO39: 4.8-288-3 | BP39: 1 | BQ39: 40 | BR39: 0 | BS39: 21.69 | BT39: 1 | BU39: 1 | BV39: 1 | BW39: 1 | BX39: 1 | BZ39: 77 | CA39: 41 | CE39: 0 | CF39: 0 | CG39: 0 | CM39: 0 | CO39: 0 | CP39: =(P39+Q39+S39) -> 6339.8 | CQ39: =(AC39*BC39*AW39) -> 1572.4165 | CR39: =(AD39*BB39*AV39) -> 362.3641 | CS39: =(AE39*BS39*AV39) -> 179.5932 | CT39: =(AF39*BA39*AV39) -> 4405.0221 | CU39: =AG39 -> 0 | CV39: =(AH39*AV39) -> 15.93 | CW39: =AI39 -> 0 | CX39: =AJ39 -> 0 | CY39: =S39*(BZ39/100) -> 3391.8654 | CZ39: =S39*(CA39/100) -> 1806.0582 | DN39: 114 | DO39: 67 | DP39: 1.047 | DQ39: 1 | DU39: 1003 | DV39: 100 м | DW39: 100 м | DX39: 100 | EE39: 21988870 | EF39: 40 | EG39: Монтаж оборудования | EH39: 0 | EJ39: 2 | EK39: 1518 | EL39: ТСН-2001.4-8. 8-288 (доп. 19) | EM39: ТСН-2001.4-8-27 | EQ39: 131072 | ER39: 536.93 | ES39: 290.65 | ET39: 43.19 | EU39: 8.28 | EV39: 203.09 | EW39: 15.93 | EX39: 0 | EY39: 0 | FQ39: 0 | FR39: =ROUND(IF(AND(BH39=3,BI39=3),P39,0),2) -> 0 | FS39: 0 | FX39: 114 | FY39: 67 | GD39: 0 | GF39: -1791677156 | GG39: 2 | GH39: 1 | GI39: 2 | GJ39: 0 | GK39: =ROUND(R39*(S12)/100,2) -> 281.96 | GL39: =ROUND(IF(AND(BH39=3,BI39=3,FS39<>0),P39,0),2) -> 0 | GM39: =ROUND(O39+X39+Y39+GK39,2)+GX39 -> 11819.69 | GN39: =IF(OR(BI39=0,BI39=1),ROUND(O39+X39+Y39+GK39,2),0) -> 0 | GO39: =IF(BI39=2,ROUND(O39+X39+Y39+GK39,2),0) -> 11819.69 | GP39: =IF(BI39=4,ROUND(O39+X39+Y39+GK39,2)+GX39,0) -> 0 | GR39: 0 | GS39: 3 | GT39: 0 | GV39: =ROUND((GT39),6) -> 0 | GW39: 1 | GX39: =ROUND(HC39*I39,2) -> 0 | HA39: 0 | HB39: 0 | HC39: =GV39*GW39 -> 0 | IK39: 0
A40: 18 | B40: 1 | C40: 26 | E40: 7,1 | F40: 1.12-5-373 | G40: Трубы электротехнические гофрированные, поливинилхлоридные, негорючие, с зондом, наружный диаметр 25 мм | H40: м | I40: =I38*J40 -> 102 | J40: 102 | O40: =ROUND(CP40,2) -> 529.38 | P40: =ROUND(CQ40*I40,2) -> 529.38 | Q40: =ROUND(CR40*I40,2) -> 0 | R40: =ROUND(CS40*I40,2) -> 0 | S40: =ROUND(CT40*I40,2) -> 0 | T40: =ROUND(CU40*I40,2) -> 0 | U40: =CV40*I40 -> 0 | V40: =CW40*I40 -> 0 | W40: =ROUND(CX40*I40,2) -> 0 | X40: =ROUND(CY40,2) -> 0 | Y40: =ROUND(CZ40,2) -> 0 | AA40: 55106055 | AB40: =ROUND((AC40+AD40+AF40),6) -> 5.19 | AC40: =ROUND((ES40),6) -> 5.19 | AD40: =ROUND((ET40),6) -> 0 | AE40: =ROUND((EU40),6) -> 0 | AF40: =ROUND((EV40),6) -> 0 | AG40: =ROUND((AP40),6) -> 0 | AH40: =(EW40) -> 0 | AI40: =(EX40) -> 0 | AJ40: =(AS40) -> 0 | AK40: 5.19 | AL40: 5.19 | AM40: 0 | AN40: 0 | AO40: 0 | AP40: 0 | AQ40: 0 | AR40: 0 | AS40: 0 | AT40: 0 | AU40: 0 | AV40: 1 | AW40: 1 | AZ40: 1 | BA40: 1 | BB40: 1 | BC40: 1 | BH40: 3 | BI40: 2 | BJ40: ТСН-2001.1. Доп. 1-42. Р. 12, о. 5, поз. 373 | BM40: 1518 | BN40: 0 | BP40: 0 | BQ40: 40 | BR40: 0 | BS40: 1 | BT40: 1 | BU40: 1 | BV40: 1 | BW40: 1 | BX40: 1 | BZ40: 0 | CA40: 0 | CE40: 0 | CF40: 0 | CG40: 0 | CM40: 0 | CO40: 0 | CP40: =(P40+Q40+S40) -> 529.38 | CQ40: =(AC40*BC40*AW40) -> 5.19 | CR40: =(AD40*BB40*AV40) -> 0 | CS40: =(AE40*BS40*AV40) -> 0 | CT40: =(AF40*BA40*AV40) -> 0 | CU40: =AG40 -> 0 | CV40: =(AH40*AV40) -> 0 | CW40: =AI40 -> 0 | CX40: =AJ40 -> 0 | CY40: =S40*(BZ40/100) -> 0 | CZ40: =S40*(CA40/100) -> 0 | DN40: 114 | DO40: 67 | DP40: 1.047 | DQ40: 1 | DU40: 1003 | DV40: м | DW40: м | DX40: 1 | EE40: 21988870 | EF40: 40 | EG40: Монтаж оборудования | EH40: 0 | EJ40: 2 | EK40: 1518 | EL40: ТСН-2001.4-8. 8-288 (доп. 19) | EM40: ТСН-2001.4-8-27 | EQ40: 0 | ER40: 5.19 | ES40: 5.19 | ET40: 0 | EU40: 0 | EV40: 0 | EW40: 0 | EX40: 0 | FQ40: 0 | FR40: =ROUND(IF(AND(BH40=3,BI40=3),P40,0),2) -> 0 | FS40: 0 | FX40: 114 | FY40: 67 | GD40: 0 | GF40: -1867355440 | GG40: 2 | GH40: 1 | GI40: -2 | GJ40: 0 | GK40: =ROUND(R40*(R12)/100,2) -> 0 | GL40: =ROUND(IF(AND(BH40=3,BI40=3,FS40<>0),P40,0),2) -> 0 | GM40: =ROUND(O40+X40+Y40+GK40,2)+GX40 -> 529.38 | GN40: =IF(OR(BI40=0,BI40=1),ROUND(O40+X40+Y40+GK40,2),0) -> 0 | GO40: =IF(BI40=2,ROUND(O40+X40+Y40+GK40,2),0) -> 529.38 | GP40: =IF(BI40=4,ROUND(O40+X40+Y40+GK40,2)+GX40,0) -> 0 | GR40: 0 | GS40: 3 | GT40: 0 | GV40: =ROUND((GT40),6) -> 0 | GW40: 1 | GX40: =ROUND(HC40*I40,2) -> 0 | HA40: 0 | HB40: 0 | HC40: =GV40*GW40 -> 0 | IK40: 0
A41: 18 | B41: 1 | C41: 30 | E41: 7,1 | F41: 1.12-5-373 | G41: Трубы электротехнические гофрированные, поливинилхлоридные, негорючие, с зондом, наружный диаметр 25 мм | H41: м | I41: =I39*J41 -> 102 | J41: 102 | O41: =ROUND(CP41,2) -> 3520.38 | P41: =ROUND(CQ41*I41,2) -> 3520.38 | Q41: =ROUND(CR41*I41,2) -> 0 | R41: =ROUND(CS41*I41,2) -> 0 | S41: =ROUND(CT41*I41,2) -> 0 | T41: =ROUND(CU41*I41,2) -> 0 | U41: =CV41*I41 -> 0 | V41: =CW41*I41 -> 0 | W41: =ROUND(CX41*I41,2) -> 0 | X41: =ROUND(CY41,2) -> 0 | Y41: =ROUND(CZ41,2) -> 0 | AA41: 55106052 | AB41: =ROUND((AC41+AD41+AF41),6) -> 5.19 | AC41: =ROUND((ES41),6) -> 5.19 | AD41: =ROUND((ET41),6) -> 0 | AE41: =ROUND((EU41),6) -> 0 | AF41: =ROUND((EV41),6) -> 0 | AG41: =ROUND((AP41),6) -> 0 | AH41: =(EW41) -> 0 | AI41: =(EX41) -> 0 | AJ41: =(AS41) -> 0 | AK41: 5.19 | AL41: 5.19 | AM41: 0 | AN41: 0 | AO41: 0 | AP41: 0 | AQ41: 0 | AR41: 0 | AS41: 0 | AT41: 0 | AU41: 0 | AV41: 1 | AW41: 1 | AZ41: 1 | BA41: 1 | BB41: 1 | BC41: 6.65 | BH41: 3 | BI41: 2 | BJ41: ТСН-2001.1. Доп. 1-42. Р. 12, о. 5, поз. 373 | BM41: 1518 | BN41: 0 | BO41: 1.12-5-373 | BP41: 1 | BQ41: 40 | BR41: 0 | BS41: 1 | BT41: 1 | BU41: 1 | BV41: 1 | BW41: 1 | BX41: 1 | BZ41: 0 | CA41: 0 | CE41: 0 | CF41: 0 | CG41: 0 | CM41: 0 | CO41: 0 | CP41: =(P41+Q41+S41) -> 3520.38 | CQ41: =(AC41*BC41*AW41) -> 34.5135 | CR41: =(AD41*BB41*AV41) -> 0 | CS41: =(AE41*BS41*AV41) -> 0 | CT41: =(AF41*BA41*AV41) -> 0 | CU41: =AG41 -> 0 | CV41: =(AH41*AV41) -> 0 | CW41: =AI41 -> 0 | CX41: =AJ41 -> 0 | CY41: =S41*(BZ41/100) -> 0 | CZ41: =S41*(CA41/100) -> 0 | DN41: 114 | DO41: 67 | DP41: 1.047 | DQ41: 1 | DU41: 1003 | DV41: м | DW41: м | DX41: 1 | EE41: 21988870 | EF41: 40 | EG41: Монтаж оборудования | EH41: 0 | EJ41: 2 | EK41: 1518 | EL41: ТСН-2001.4-8. 8-288 (доп. 19) | EM41: ТСН-2001.4-8-27 | EQ41: 0 | ER41: 5.19 | ES41: 5.19 | ET41: 0 | EU41: 0 | EV41: 0 | EW41: 0 | EX41: 0 | FQ41: 0 | FR41: =ROUND(IF(AND(BH41=3,BI41=3),P41,0),2) -> 0 | FS41: 0 | FX41: 114 | FY41: 67 | GD41: 0 | GF41: -1867355440 | GG41: 2 | GH41: 1 | GI41: 2 | GJ41: 0 | GK41: =ROUND(R41*(S12)/100,2) -> 0 | GL41: =ROUND(IF(AND(BH41=3,BI41=3,FS41<>0),P41,0),2) -> 0 | GM41: =ROUND(O41+X41+Y41+GK41,2)+GX41 -> 3520.38 | GN41: =IF(OR(BI41=0,BI41=1),ROUND(O41+X41+Y41+GK41,2),0) -> 0 | GO41: =IF(BI41=2,ROUND(O41+X41+Y41+GK41,2),0) -> 3520.38 | GP41: =IF(BI41=4,ROUND(O41+X41+Y41+GK41,2)+GX41,0) -> 0 | GR41: 0 | GS41: 3 | GT41: 0 | GV41: =ROUND((GT41),6) -> 0 | GW41: 1 | GX41: =ROUND(HC41*I41,2) -> 0 | HA41: 0 | HB41: 0 | HC41: =GV41*GW41 -> 0 | IK41: 0
A42: 18 | B42: 1 | C42: 28 | E42: 7,2 | F42: 1.21-5-185 | G42: Коробки ответвительные, тип КРП-1 УХЛ4, размеры 52х109х109 мм | H42: шт. | I42: =I38*J42 -> 5 | J42: 5 | O42: =ROUND(CP42,2) -> 130.95 | P42: =ROUND(CQ42*I42,2) -> 130.95 | Q42: =ROUND(CR42*I42,2) -> 0 | R42: =ROUND(CS42*I42,2) -> 0 | S42: =ROUND(CT42*I42,2) -> 0 | T42: =ROUND(CU42*I42,2) -> 0 | U42: =CV42*I42 -> 0 | V42: =CW42*I42 -> 0 | W42: =ROUND(CX42*I42,2) -> 0 | X42: =ROUND(CY42,2) -> 0 | Y42: =ROUND(CZ42,2) -> 0 | AA42: 55106055 | AB42: =ROUND((AC42+AD42+AF42),6) -> 26.19 | AC42: =ROUND((ES42),6) -> 26.19 | AD42: =ROUND((ET42),6) -> 0 | AE42: =ROUND((EU42),6) -> 0 | AF42: =ROUND((EV42),6) -> 0 | AG42: =ROUND((AP42),6) -> 0 | AH42: =(EW42) -> 0 | AI42: =(EX42) -> 0 | AJ42: =(AS42) -> 0 | AK42: 26.19 | AL42: 26.19 | AM42: 0 | AN42: 0 | AO42: 0 | AP42: 0 | AQ42: 0 | AR42: 0 | AS42: 0 | AT42: 0 | AU42: 0 | AV42: 1 | AW42: 1 | AZ42: 1 | BA42: 1 | BB42: 1 | BC42: 1 | BH42: 3 | BI42: 2 | BJ42: ТСН-2001.1. Доп. 1-42. Р. 21, о. 5, поз. 185 | BM42: 1518 | BN42: 0 | BP42: 0 | BQ42: 40 | BR42: 0 | BS42: 1 | BT42: 1 | BU42: 1 | BV42: 1 | BW42: 1 | BX42: 1 | BZ42: 0 | CA42: 0 | CE42: 0 | CF42: 0 | CG42: 0 | CM42: 0 | CO42: 0 | CP42: =(P42+Q42+S42) -> 130.95 | CQ42: =(AC42*BC42*AW42) -> 26.19 | CR42: =(AD42*BB42*AV42) -> 0 | CS42: =(AE42*BS42*AV42) -> 0 | CT42: =(AF42*BA42*AV42) -> 0 | CU42: =AG42 -> 0 | CV42: =(AH42*AV42) -> 0 | CW42: =AI42 -> 0 | CX42: =AJ42 -> 0 | CY42: =S42*(BZ42/100) -> 0 | CZ42: =S42*(CA42/100) -> 0 | DN42: 114 | DO42: 67 | DP42: 1.047 | DQ42: 1 | DU42: 1010 | DV42: шт. | DW42: шт. | DX42: 1 | EE42: 21988870 | EF42: 40 | EG42: Монтаж оборудования | EH42: 0 | EJ42: 2 | EK42: 1518 | EL42: ТСН-2001.4-8. 8-288 (доп. 19) | EM42: ТСН-2001.4-8-27 | EQ42: 0 | ER42: 26.19 | ES42: 26.19 | ET42: 0 | EU42: 0 | EV42: 0 | EW42: 0 | EX42: 0 | FQ42: 0 | FR42: =ROUND(IF(AND(BH42=3,BI42=3),P42,0),2) -> 0 | FS42: 0 | FX42: 114 | FY42: 67 | GD42: 0 | GF42: -838499012 | GG42: 2 | GH42: 1 | GI42: -2 | GJ42: 0 | GK42: =ROUND(R42*(R12)/100,2) -> 0 | GL42: =ROUND(IF(AND(BH42=3,BI42=3,FS42<>0),P42,0),2) -> 0 | GM42: =ROUND(O42+X42+Y42+GK42,2)+GX42 -> 130.95 | GN42: =IF(OR(BI42=0,BI42=1),ROUND(O42+X42+Y42+GK42,2),0) -> 0 | GO42: =IF(BI42=2,ROUND(O42+X42+Y42+GK42,2),0) -> 130.95 | GP42: =IF(BI42=4,ROUND(O42+X42+Y42+GK42,2)+GX42,0) -> 0 | GR42: 0 | GS42: 3 | GT42: 0 | GV42: =ROUND((GT42),6) -> 0 | GW42: 1 | GX42: =ROUND(HC42*I42,2) -> 0 | HA42: 0 | HB42: 0 | HC42: =GV42*GW42 -> 0 | IK42: 0
A43: 18 | B43: 1 | C43: 32 | E43: 7,2 | F43: 1.21-5-185 | G43: Коробки ответвительные, тип КРП-1 УХЛ4, размеры 52х109х109 мм | H43: шт. | I43: =I39*J43 -> 5 | J43: 5 | O43: =ROUND(CP43,2) -> 125.71 | P43: =ROUND(CQ43*I43,2) -> 125.71 | Q43: =ROUND(CR43*I43,2) -> 0 | R43: =ROUND(CS43*I43,2) -> 0 | S43: =ROUND(CT43*I43,2) -> 0 | T43: =ROUND(CU43*I43,2) -> 0 | U43: =CV43*I43 -> 0 | V43: =CW43*I43 -> 0 | W43: =ROUND(CX43*I43,2) -> 0 | X43: =ROUND(CY43,2) -> 0 | Y43: =ROUND(CZ43,2) -> 0 | AA43: 55106052 | AB43: =ROUND((AC43+AD43+AF43),6) -> 26.19 | AC43: =ROUND((ES43),6) -> 26.19 | AD43: =ROUND((ET43),6) -> 0 | AE43: =ROUND((EU43),6) -> 0 | AF43: =ROUND((EV43),6) -> 0 | AG43: =ROUND((AP43),6) -> 0 | AH43: =(EW43) -> 0 | AI43: =(EX43) -> 0 | AJ43: =(AS43) -> 0 | AK43: 26.19 | AL43: 26.19 | AM43: 0 | AN43: 0 | AO43: 0 | AP43: 0 | AQ43: 0 | AR43: 0 | AS43: 0 | AT43: 0 | AU43: 0 | AV43: 1 | AW43: 1 | AZ43: 1 | BA43: 1 | BB43: 1 | BC43: 0.96 | BH43: 3 | BI43: 2 | BJ43: ТСН-2001.1. Доп. 1-42. Р. 21, о. 5, поз. 185 | BM43: 1518 | BN43: 0 | BO43: 1.21-5-185 | BP43: 1 | BQ43: 40 | BR43: 0 | BS43: 1 | BT43: 1 | BU43: 1 | BV43: 1 | BW43: 1 | BX43: 1 | BZ43: 0 | CA43: 0 | CE43: 0 | CF43: 0 | CG43: 0 | CM43: 0 | CO43: 0 | CP43: =(P43+Q43+S43) -> 125.71 | CQ43: =(AC43*BC43*AW43) -> 25.1424 | CR43: =(AD43*BB43*AV43) -> 0 | CS43: =(AE43*BS43*AV43) -> 0 | CT43: =(AF43*BA43*AV43) -> 0 | CU43: =AG43 -> 0 | CV43: =(AH43*AV43) -> 0 | CW43: =AI43 -> 0 | CX43: =AJ43 -> 0 | CY43: =S43*(BZ43/100) -> 0 | CZ43: =S43*(CA43/100) -> 0 | DN43: 114 | DO43: 67 | DP43: 1.047 | DQ43: 1 | DU43: 1010 | DV43: шт. | DW43: шт. | DX43: 1 | EE43: 21988870 | EF43: 40 | EG43: Монтаж оборудования | EH43: 0 | EJ43: 2 | EK43: 1518 | EL43: ТСН-2001.4-8. 8-288 (доп. 19) | EM43: ТСН-2001.4-8-27 | EQ43: 0 | ER43: 26.19 | ES43: 26.19 | ET43: 0 | EU43: 0 | EV43: 0 | EW43: 0 | EX43: 0 | FQ43: 0 | FR43: =ROUND(IF(AND(BH43=3,BI43=3),P43,0),2) -> 0 | FS43: 0 | FX43: 114 | FY43: 67 | GD43: 0 | GF43: -838499012 | GG43: 2 | GH43: 1 | GI43: 2 | GJ43: 0 | GK43: =ROUND(R43*(S12)/100,2) -> 0 | GL43: =ROUND(IF(AND(BH43=3,BI43=3,FS43<>0),P43,0),2) -> 0 | GM43: =ROUND(O43+X43+Y43+GK43,2)+GX43 -> 125.71 | GN43: =IF(OR(BI43=0,BI43=1),ROUND(O43+X43+Y43+GK43,2),0) -> 0 | GO43: =IF(BI43=2,ROUND(O43+X43+Y43+GK43,2),0) -> 125.71 | GP43: =IF(BI43=4,ROUND(O43+X43+Y43+GK43,2)+GX43,0) -> 0 | GR43: 0 | GS43: 3 | GT43: 0 | GV43: =ROUND((GT43),6) -> 0 | GW43: 1 | GX43: =ROUND(HC43*I43,2) -> 0 | HA43: 0 | HB43: 0 | HC43: =GV43*GW43 -> 0 | IK43: 0
A44: 18 | B44: 1 | C44: 27 | E44: 7,3 | F44: 1.21-5-1137 | G44: Держатели пластиковые с защелкой для крепления труб, рукавов и гибких вводов диаметром 25 мм | H44: 100 шт. | I44: =I38*J44 -> 0.91 | J44: 0.91 | O44: =ROUND(CP44,2) -> 140.48 | P44: =ROUND(CQ44*I44,2) -> 140.48 | Q44: =ROUND(CR44*I44,2) -> 0 | R44: =ROUND(CS44*I44,2) -> 0 | S44: =ROUND(CT44*I44,2) -> 0 | T44: =ROUND(CU44*I44,2) -> 0 | U44: =CV44*I44 -> 0 | V44: =CW44*I44 -> 0 | W44: =ROUND(CX44*I44,2) -> 0 | X44: =ROUND(CY44,2) -> 0 | Y44: =ROUND(CZ44,2) -> 0 | AA44: 55106055 | AB44: =ROUND((AC44+AD44+AF44),6) -> 154.37 | AC44: =ROUND((ES44),6) -> 154.37 | AD44: =ROUND((ET44),6) -> 0 | AE44: =ROUND((EU44),6) -> 0 | AF44: =ROUND((EV44),6) -> 0 | AG44: =ROUND((AP44),6) -> 0 | AH44: =(EW44) -> 0 | AI44: =(EX44) -> 0 | AJ44: =(AS44) -> 0 | AK44: 154.37 | AL44: 154.37 | AM44: 0 | AN44: 0 | AO44: 0 | AP44: 0 | AQ44: 0 | AR44: 0 | AS44: 0 | AT44: 0 | AU44: 0 | AV44: 1 | AW44: 1 | AZ44: 1 | BA44: 1 | BB44: 1 | BC44: 1 | BH44: 3 | BI44: 2 | BJ44: ТСН-2001.1. Доп. 1-42. Р. 21, о. 5, поз. 1137 | BM44: 1518 | BN44: 0 | BP44: 0 | BQ44: 40 | BR44: 0 | BS44: 1 | BT44: 1 | BU44: 1 | BV44: 1 | BW44: 1 | BX44: 1 | BZ44: 0 | CA44: 0 | CE44: 0 | CF44: 0 | CG44: 0 | CM44: 0 | CO44: 0 | CP44: =(P44+Q44+S44) -> 140.48 | CQ44: =(AC44*BC44*AW44) -> 154.37 | CR44: =(AD44*BB44*AV44) -> 0 | CS44: =(AE44*BS44*AV44) -> 0 | CT44: =(AF44*BA44*AV44) -> 0 | CU44: =AG44 -> 0 | CV44: =(AH44*AV44) -> 0 | CW44: =AI44 -> 0 | CX44: =AJ44 -> 0 | CY44: =S44*(BZ44/100) -> 0 | CZ44: =S44*(CA44/100) -> 0 | DN44: 114 | DO44: 67 | DP44: 1.047 | DQ44: 1 | DU44: 1010 | DV44: 100 шт. | DW44: 100 шт. | DX44: 100 | EE44: 21988870 | EF44: 40 | EG44: Монтаж оборудования | EH44: 0 | EJ44: 2 | EK44: 1518 | EL44: ТСН-2001.4-8. 8-288 (доп. 19) | EM44: ТСН-2001.4-8-27 | EQ44: 0 | ER44: 154.37 | ES44: 154.37 | ET44: 0 | EU44: 0 | EV44: 0 | EW44: 0 | EX44: 0 | FQ44: 0 | FR44: =ROUND(IF(AND(BH44=3,BI44=3),P44,0),2) -> 0 | FS44: 0 | FX44: 114 | FY44: 67 | GD44: 0 | GF44: 1689615020 | GG44: 2 | GH44: 1 | GI44: -2 | GJ44: 0 | GK44: =ROUND(R44*(R12)/100,2) -> 0 | GL44: =ROUND(IF(AND(BH44=3,BI44=3,FS44<>0),P44,0),2) -> 0 | GM44: =ROUND(O44+X44+Y44+GK44,2)+GX44 -> 140.48 | GN44: =IF(OR(BI44=0,BI44=1),ROUND(O44+X44+Y44+GK44,2),0) -> 0 | GO44: =IF(BI44=2,ROUND(O44+X44+Y44+GK44,2),0) -> 140.48 | GP44: =IF(BI44=4,ROUND(O44+X44+Y44+GK44,2)+GX44,0) -> 0 | GR44: 0 | GS44: 3 | GT44: 0 | GV44: =ROUND((GT44),6) -> 0 | GW44: 1 | GX44: =ROUND(HC44*I44,2) -> 0 | HA44: 0 | HB44: 0 | HC44: =GV44*GW44 -> 0 | IK44: 0
A45: 18 | B45: 1 | C45: 31 | E45: 7,3 | F45: 1.21-5-1137 | G45: Держатели пластиковые с защелкой для крепления труб, рукавов и гибких вводов диаметром 25 мм | H45: 100 шт. | I45: =I39*J45 -> 0.91 | J45: 0.91 | O45: =ROUND(CP45,2) -> 195.26 | P45: =ROUND(CQ45*I45,2) -> 195.26 | Q45: =ROUND(CR45*I45,2) -> 0 | R45: =ROUND(CS45*I45,2) -> 0 | S45: =ROUND(CT45*I45,2) -> 0 | T45: =ROUND(CU45*I45,2) -> 0 | U45: =CV45*I45 -> 0 | V45: =CW45*I45 -> 0 | W45: =ROUND(CX45*I45,2) -> 0 | X45: =ROUND(CY45,2) -> 0 | Y45: =ROUND(CZ45,2) -> 0 | AA45: 55106052 | AB45: =ROUND((AC45+AD45+AF45),6) -> 154.37 | AC45: =ROUND((ES45),6) -> 154.37 | AD45: =ROUND((ET45),6) -> 0 | AE45: =ROUND((EU45),6) -> 0 | AF45: =ROUND((EV45),6) -> 0 | AG45: =ROUND((AP45),6) -> 0 | AH45: =(EW45) -> 0 | AI45: =(EX45) -> 0 | AJ45: =(AS45) -> 0 | AK45: 154.37 | AL45: 154.37 | AM45: 0 | AN45: 0 | AO45: 0 | AP45: 0 | AQ45: 0 | AR45: 0 | AS45: 0 | AT45: 0 | AU45: 0 | AV45: 1 | AW45: 1 | AZ45: 1 | BA45: 1 | BB45: 1 | BC45: 1.39 | BH45: 3 | BI45: 2 | BJ45: ТСН-2001.1. Доп. 1-42. Р. 21, о. 5, поз. 1137 | BM45: 1518 | BN45: 0 | BO45: 1.21-5-1137 | BP45: 1 | BQ45: 40 | BR45: 0 | BS45: 1 | BT45: 1 | BU45: 1 | BV45: 1 | BW45: 1 | BX45: 1 | BZ45: 0 | CA45: 0 | CE45: 0 | CF45: 0 | CG45: 0 | CM45: 0 | CO45: 0 | CP45: =(P45+Q45+S45) -> 195.26 | CQ45: =(AC45*BC45*AW45) -> 214.5743 | CR45: =(AD45*BB45*AV45) -> 0 | CS45: =(AE45*BS45*AV45) -> 0 | CT45: =(AF45*BA45*AV45) -> 0 | CU45: =AG45 -> 0 | CV45: =(AH45*AV45) -> 0 | CW45: =AI45 -> 0 | CX45: =AJ45 -> 0 | CY45: =S45*(BZ45/100) -> 0 | CZ45: =S45*(CA45/100) -> 0 | DN45: 114 | DO45: 67 | DP45: 1.047 | DQ45: 1 | DU45: 1010 | DV45: 100 шт. | DW45: 100 шт. | DX45: 100 | EE45: 21988870 | EF45: 40 | EG45: Монтаж оборудования | EH45: 0 | EJ45: 2 | EK45: 1518 | EL45: ТСН-2001.4-8. 8-288 (доп. 19) | EM45: ТСН-2001.4-8-27 | EQ45: 0 | ER45: 154.37 | ES45: 154.37 | ET45: 0 | EU45: 0 | EV45: 0 | EW45: 0 | EX45: 0 | FQ45: 0 | FR45: =ROUND(IF(AND(BH45=3,BI45=3),P45,0),2) -> 0 | FS45: 0 | FX45: 114 | FY45: 67 | GD45: 0 | GF45: 1689615020 | GG45: 2 | GH45: 1 | GI45: 2 | GJ45: 0 | GK45: =ROUND(R45*(S12)/100,2) -> 0 | GL45: =ROUND(IF(AND(BH45=3,BI45=3,FS45<>0),P45,0),2) -> 0 | GM45: =ROUND(O45+X45+Y45+GK45,2)+GX45 -> 195.26 | GN45: =IF(OR(BI45=0,BI45=1),ROUND(O45+X45+Y45+GK45,2),0) -> 0 | GO45: =IF(BI45=2,ROUND(O45+X45+Y45+GK45,2),0) -> 195.26 | GP45: =IF(BI45=4,ROUND(O45+X45+Y45+GK45,2)+GX45,0) -> 0 | GR45: 0 | GS45: 3 | GT45: 0 | GV45: =ROUND((GT45),6) -> 0 | GW45: 1 | GX45: =ROUND(HC45*I45,2) -> 0 | HA45: 0 | HB45: 0 | HC45: =GV45*GW45 -> 0 | IK45: 0
A46: 17 | B46: 1 | C46: =ROW(SmtRes!A37) -> 37 | D46: =ROW(EtalonRes!A40) -> 40 | E46: 8 | F46: 4.8-280-2 | G46: Прокладка пластикового кабель-канала по бетонному основанию | H46: 100 м | I46: 0.5 | J46: 0 | O46: =ROUND(CP46,2) -> 1182.72 | P46: =ROUND(CQ46*I46,2) -> 922.3 | Q46: =ROUND(CR46*I46,2) -> 14.74 | R46: =ROUND(CS46*I46,2) -> 1.97 | S46: =ROUND(CT46*I46,2) -> 245.68 | T46: =ROUND(CU46*I46,2) -> 0 | U46: =CV46*I46 -> 20.335 | V46: =CW46*I46 -> 0 | W46: =ROUND(CX46*I46,2) -> 0 | X46: =ROUND(CY46,2) -> 0 | Y46: =ROUND(CZ46,2) -> 0 | AA46: 55106055 | AB46: =ROUND((AC46+AD46+AF46),6) -> 2365.41 | AC46: =ROUND((ES46),6) -> 1844.59 | AD46: =ROUND((ET46),6) -> 29.47 | AE46: =ROUND((EU46),6) -> 3.94 | AF46: =ROUND((EV46),6) -> 491.35 | AG46: =ROUND((AP46),6) -> 0 | AH46: =(EW46) -> 40.67 | AI46: =(EX46) -> 0 | AJ46: =(AS46) -> 0 | AK46: 2365.41 | AL46: 1844.59 | AM46: 29.47 | AN46: 3.94 | AO46: 491.35 | AP46: 0 | AQ46: 40.67 | AR46: 0 | AS46: 0 | AT46: 0 | AU46: 0 | AV46: 1 | AW46: 1 | AZ46: 1 | BA46: 1 | BB46: 1 | BC46: 1 | BH46: 0 | BI46: 2 | BJ46: ТСН-2001.4. Доп. 1-42. Сб. 8, т. 280, поз. 2 | BM46: 335 | BN46: 0 | BP46: 0 | BQ46: 40 | BR46: 0 | BS46: 1 | BT46: 1 | BU46: 1 | BV46: 1 | BW46: 1 | BX46: 1 | BZ46: 0 | CA46: 0 | CE46: 0 | CF46: 0 | CG46: 0 | CM46: 0 | CO46: 0 | CP46: =(P46+Q46+S46) -> 1182.72 | CQ46: =(AC46*BC46*AW46) -> 1844.59 | CR46: =(AD46*BB46*AV46) -> 29.47 | CS46: =(AE46*BS46*AV46) -> 3.94 | CT46: =(AF46*BA46*AV46) -> 491.35 | CU46: =AG46 -> 0 | CV46: =(AH46*AV46) -> 40.67 | CW46: =AI46 -> 0 | CX46: =AJ46 -> 0 | CY46: =S46*(BZ46/100) -> 0 | CZ46: =S46*(CA46/100) -> 0 | DN46: 114 | DO46: 67 | DP46: 1.047 | DQ46: 1 | DU46: 1003 | DV46: 100 м | DW46: 100 м | DX46: 100 | EE46: 21987687 | EF46: 40 | EG46: Монтаж оборудования | EH46: 0 | EJ46: 2 | EK46: 335 | EL46: ТСН-2001.4-8. 8-280, 8-281 | EM46: ТСН-2001.4-8-20 | EQ46: 131072 | ER46: 2365.41 | ES46: 1844.59 | ET46: 29.47 | EU46: 3.94 | EV46: 491.35 | EW46: 40.67 | EX46: 0 | EY46: 0 | FQ46: 0 | FR46: =ROUND(IF(AND(BH46=3,BI46=3),P46,0),2) -> 0 | FS46: 0 | FX46: 114 | FY46: 67 | GD46: 1 | GF46: 634789835 | GG46: 2 | GH46: 1 | GI46: -2 | GJ46: 0 | GK46: 0 | GL46: =ROUND(IF(AND(BH46=3,BI46=3,FS46<>0),P46,0),2) -> 0 | GM46: =ROUND(O46+X46+Y46,2)+GX46 -> 1182.72 | GN46: =IF(OR(BI46=0,BI46=1),ROUND(O46+X46+Y46,2),0) -> 0 | GO46: =IF(BI46=2,ROUND(O46+X46+Y46,2),0) -> 1182.72 | GP46: =IF(BI46=4,ROUND(O46+X46+Y46,2)+GX46,0) -> 0 | GR46: 0 | GS46: 3 | GT46: 0 | GV46: =ROUND((GT46),6) -> 0 | GW46: 1 | GX46: =ROUND(HC46*I46,2) -> 0 | HA46: 0 | HB46: 0 | HC46: =GV46*GW46 -> 0 | IK46: 0
A47: 17 | B47: 1 | C47: =ROW(SmtRes!A42) -> 42 | D47: =ROW(EtalonRes!A48) -> 48 | E47: 8 | F47: 4.8-280-2 | G47: Прокладка пластикового кабель-канала по бетонному основанию | H47: 100 м | I47: 0.5 | J47: 0 | O47: =ROUND(CP47,2) -> 10427.94 | P47: =ROUND(CQ47*I47,2) -> 4989.62 | Q47: =ROUND(CR47*I47,2) -> 109.63 | R47: =ROUND(CS47*I47,2) -> 42.73 | S47: =ROUND(CT47*I47,2) -> 5328.69 | T47: =ROUND(CU47*I47,2) -> 0 | U47: =CV47*I47 -> 20.335 | V47: =CW47*I47 -> 0 | W47: =ROUND(CX47*I47,2) -> 0 | X47: =ROUND(CY47,2) -> 4103.09 | Y47: =ROUND(CZ47,2) -> 2184.76 | AA47: 55106052 | AB47: =ROUND((AC47+AD47+AF47),6) -> 2365.41 | AC47: =ROUND((ES47),6) -> 1844.59 | AD47: =ROUND((ET47),6) -> 29.47 | AE47: =ROUND((EU47),6) -> 3.94 | AF47: =ROUND((EV47),6) -> 491.35 | AG47: =ROUND((AP47),6) -> 0 | AH47: =(EW47) -> 40.67 | AI47: =(EX47) -> 0 | AJ47: =(AS47) -> 0 | AK47: 2365.41 | AL47: 1844.59 | AM47: 29.47 | AN47: 3.94 | AO47: 491.35 | AP47: 0 | AQ47: 40.67 | AR47: 0 | AS47: 0 | AT47: 77 | AU47: 41 | AV47: 1 | AW47: 1 | AZ47: 1 | BA47: 21.69 | BB47: 7.44 | BC47: 5.41 | BH47: 0 | BI47: 2 | BJ47: ТСН-2001.4. Доп. 1-42. Сб. 8, т. 280, поз. 2 | BM47: 335 | BN47: 0 | BO47: 4.8-280-2 | BP47: 1 | BQ47: 40 | BR47: 0 | BS47: 21.69 | BT47: 1 | BU47: 1 | BV47: 1 | BW47: 1 | BX47: 1 | BZ47: 77 | CA47: 41 | CE47: 0 | CF47: 0 | CG47: 0 | CM47: 0 | CO47: 0 | CP47: =(P47+Q47+S47) -> 10427.94 | CQ47: =(AC47*BC47*AW47) -> 9979.2319 | CR47: =(AD47*BB47*AV47) -> 219.2568 | CS47: =(AE47*BS47*AV47) -> 85.4586 | CT47: =(AF47*BA47*AV47) -> 10657.382 | CU47: =AG47 -> 0 | CV47: =(AH47*AV47) -> 40.67 | CW47: =AI47 -> 0 | CX47: =AJ47 -> 0 | CY47: =S47*(BZ47/100) -> 4103.0913 | CZ47: =S47*(CA47/100) -> 2184.7629 | DN47: 114 | DO47: 67 | DP47: 1.047 | DQ47: 1 | DU47: 1003 | DV47: 100 м | DW47: 100 м | DX47: 100 | EE47: 21987687 | EF47: 40 | EG47: Монтаж оборудования | EH47: 0 | EJ47: 2 | EK47: 335 | EL47: ТСН-2001.4-8. 8-280, 8-281 | EM47: ТСН-2001.4-8-20 | EQ47: 131072 | ER47: 2365.41 | ES47: 1844.59 | ET47: 29.47 | EU47: 3.94 | EV47: 491.35 | EW47: 40.67 | EX47: 0 | EY47: 0 | FQ47: 0 | FR47: =ROUND(IF(AND(BH47=3,BI47=3),P47,0),2) -> 0 | FS47: 0 | FX47: 114 | FY47: 67 | GD47: 0 | GF47: 634789835 | GG47: 2 | GH47: 1 | GI47: 2 | GJ47: 0 | GK47: =ROUND(R47*(S12)/100,2) -> 67.09 | GL47: =ROUND(IF(AND(BH47=3,BI47=3,FS47<>0),P47,0),2) -> 0 | GM47: =ROUND(O47+X47+Y47+GK47,2)+GX47 -> 16782.88 | GN47: =IF(OR(BI47=0,BI47=1),ROUND(O47+X47+Y47+GK47,2),0) -> 0 | GO47: =IF(BI47=2,ROUND(O47+X47+Y47+GK47,2),0) -> 16782.88 | GP47: =IF(BI47=4,ROUND(O47+X47+Y47+GK47,2)+GX47,0) -> 0 | GR47: 0 | GS47: 3 | GT47: 0 | GV47: =ROUND((GT47),6) -> 0 | GW47: 1 | GX47: =ROUND(HC47*I47,2) -> 0 | HA47: 0 | HB47: 0 | HC47: =GV47*GW47 -> 0 | IK47: 0
A48: 18 | B48: 1 | C48: 34 | E48: 8,1 | F48: 1.1-1-2426 | G48: Кабель-каналы, размер 20х12,5 мм, кабель-каналы | H48: м | I48: =I46*J48 -> 50 | J48: 100 | O48: =ROUND(CP48,2) -> 364 | P48: =ROUND(CQ48*I48,2) -> 364 | Q48: =ROUND(CR48*I48,2) -> 0 | R48: =ROUND(CS48*I48,2) -> 0 | S48: =ROUND(CT48*I48,2) -> 0 | T48: =ROUND(CU48*I48,2) -> 0 | U48: =CV48*I48 -> 0 | V48: =CW48*I48 -> 0 | W48: =ROUND(CX48*I48,2) -> 0 | X48: =ROUND(CY48,2) -> 0 | Y48: =ROUND(CZ48,2) -> 0 | AA48: 55106055 | AB48: =ROUND((AC48+AD48+AF48),6) -> 7.28 | AC48: =ROUND((ES48),6) -> 7.28 | AD48: =ROUND((ET48),6) -> 0 | AE48: =ROUND((EU48),6) -> 0 | AF48: =ROUND((EV48),6) -> 0 | AG48: =ROUND((AP48),6) -> 0 | AH48: =(EW48) -> 0 | AI48: =(EX48) -> 0 | AJ48: =(AS48) -> 0 | AK48: 7.28 | AL48: 7.28 | AM48: 0 | AN48: 0 | AO48: 0 | AP48: 0 | AQ48: 0 | AR48: 0 | AS48: 0 | AT48: 0 | AU48: 0 | AV48: 1 | AW48: 1 | AZ48: 1 | BA48: 1 | BB48: 1 | BC48: 1 | BH48: 3 | BI48: 2 | BJ48: ТСН-2001.1. Доп. 1-42. Р. 1, о. 1, поз. 2426 | BM48: 335 | BN48: 0 | BP48: 0 | BQ48: 40 | BR48: 0 | BS48: 1 | BT48: 1 | BU48: 1 | BV48: 1 | BW48: 1 | BX48: 1 | BZ48: 0 | CA48: 0 | CE48: 0 | CF48: 0 | CG48: 0 | CM48: 0 | CO48: 0 | CP48: =(P48+Q48+S48) -> 364 | CQ48: =(AC48*BC48*AW48) -> 7.28 | CR48: =(AD48*BB48*AV48) -> 0 | CS48: =(AE48*BS48*AV48) -> 0 | CT48: =(AF48*BA48*AV48) -> 0 | CU48: =AG48 -> 0 | CV48: =(AH48*AV48) -> 0 | CW48: =AI48 -> 0 | CX48: =AJ48 -> 0 | CY48: =S48*(BZ48/100) -> 0 | CZ48: =S48*(CA48/100) -> 0 | DN48: 114 | DO48: 67 | DP48: 1.047 | DQ48: 1 | DU48: 1003 | DV48: м | DW48: м | DX48: 1 | EE48: 21987687 | EF48: 40 | EG48: Монтаж оборудования | EH48: 0 | EJ48: 2 | EK48: 335 | EL48: ТСН-2001.4-8. 8-280, 8-281 | EM48: ТСН-2001.4-8-20 | EQ48: 0 | ER48: 7.28 | ES48: 7.28 | ET48: 0 | EU48: 0 | EV48: 0 | EW48: 0 | EX48: 0 | FQ48: 0 | FR48: =ROUND(IF(AND(BH48=3,BI48=3),P48,0),2) -> 0 | FS48: 0 | FX48: 114 | FY48: 67 | GD48: 0 | GF48: -1211388013 | GG48: 2 | GH48: 1 | GI48: -2 | GJ48: 0 | GK48: =ROUND(R48*(R12)/100,2) -> 0 | GL48: =ROUND(IF(AND(BH48=3,BI48=3,FS48<>0),P48,0),2) -> 0 | GM48: =ROUND(O48+X48+Y48+GK48,2)+GX48 -> 364 | GN48: =IF(OR(BI48=0,BI48=1),ROUND(O48+X48+Y48+GK48,2),0) -> 0 | GO48: =IF(BI48=2,ROUND(O48+X48+Y48+GK48,2),0) -> 364 | GP48: =IF(BI48=4,ROUND(O48+X48+Y48+GK48,2)+GX48,0) -> 0 | GR48: 0 | GS48: 3 | GT48: 0 | GV48: =ROUND((GT48),6) -> 0 | GW48: 1 | GX48: =ROUND(HC48*I48,2) -> 0 | HA48: 0 | HB48: 0 | HC48: =GV48*GW48 -> 0 | IK48: 0
A49: 18 | B49: 1 | C49: 39 | E49: 8,1 | F49: 1.1-1-2426 | G49: Кабель-каналы, размер 20х12,5 мм, кабель-каналы | H49: м | I49: =I47*J49 -> 50 | J49: 100 | O49: =ROUND(CP49,2) -> 673.4 | P49: =ROUND(CQ49*I49,2) -> 673.4 | Q49: =ROUND(CR49*I49,2) -> 0 | R49: =ROUND(CS49*I49,2) -> 0 | S49: =ROUND(CT49*I49,2) -> 0 | T49: =ROUND(CU49*I49,2) -> 0 | U49: =CV49*I49 -> 0 | V49: =CW49*I49 -> 0 | W49: =ROUND(CX49*I49,2) -> 0 | X49: =ROUND(CY49,2) -> 0 | Y49: =ROUND(CZ49,2) -> 0 | AA49: 55106052 | AB49: =ROUND((AC49+AD49+AF49),6) -> 7.28 | AC49: =ROUND((ES49),6) -> 7.28 | AD49: =ROUND((ET49),6) -> 0 | AE49: =ROUND((EU49),6) -> 0 | AF49: =ROUND((EV49),6) -> 0 | AG49: =ROUND((AP49),6) -> 0 | AH49: =(EW49) -> 0 | AI49: =(EX49) -> 0 | AJ49: =(AS49) -> 0 | AK49: 7.28 | AL49: 7.28 | AM49: 0 | AN49: 0 | AO49: 0 | AP49: 0 | AQ49: 0 | AR49: 0 | AS49: 0 | AT49: 0 | AU49: 0 | AV49: 1 | AW49: 1 | AZ49: 1 | BA49: 1 | BB49: 1 | BC49: 1.85 | BH49: 3 | BI49: 2 | BJ49: ТСН-2001.1. Доп. 1-42. Р. 1, о. 1, поз. 2426 | BM49: 335 | BN49: 0 | BO49: 1.1-1-2426 | BP49: 1 | BQ49: 40 | BR49: 0 | BS49: 1 | BT49: 1 | BU49: 1 | BV49: 1 | BW49: 1 | BX49: 1 | BZ49: 0 | CA49: 0 | CE49: 0 | CF49: 0 | CG49: 0 | CM49: 0 | CO49: 0 | CP49: =(P49+Q49+S49) -> 673.4 | CQ49: =(AC49*BC49*AW49) -> 13.468 | CR49: =(AD49*BB49*AV49) -> 0 | CS49: =(AE49*BS49*AV49) -> 0 | CT49: =(AF49*BA49*AV49) -> 0 | CU49: =AG49 -> 0 | CV49: =(AH49*AV49) -> 0 | CW49: =AI49 -> 0 | CX49: =AJ49 -> 0 | CY49: =S49*(BZ49/100) -> 0 | CZ49: =S49*(CA49/100) -> 0 | DN49: 114 | DO49: 67 | DP49: 1.047 | DQ49: 1 | DU49: 1003 | DV49: м | DW49: м | DX49: 1 | EE49: 21987687 | EF49: 40 | EG49: Монтаж оборудования | EH49: 0 | EJ49: 2 | EK49: 335 | EL49: ТСН-2001.4-8. 8-280, 8-281 | EM49: ТСН-2001.4-8-20 | EQ49: 0 | ER49: 7.28 | ES49: 7.28 | ET49: 0 | EU49: 0 | EV49: 0 | EW49: 0 | EX49: 0 | FQ49: 0 | FR49: =ROUND(IF(AND(BH49=3,BI49=3),P49,0),2) -> 0 | FS49: 0 | FX49: 114 | FY49: 67 | GD49: 0 | GF49: -1211388013 | GG49: 2 | GH49: 1 | GI49: 2 | GJ49: 0 | GK49: =ROUND(R49*(S12)/100,2) -> 0 | GL49: =ROUND(IF(AND(BH49=3,BI49=3,FS49<>0),P49,0),2) -> 0 | GM49: =ROUND(O49+X49+Y49+GK49,2)+GX49 -> 673.4 | GN49: =IF(OR(BI49=0,BI49=1),ROUND(O49+X49+Y49+GK49,2),0) -> 0 | GO49: =IF(BI49=2,ROUND(O49+X49+Y49+GK49,2),0) -> 673.4 | GP49: =IF(BI49=4,ROUND(O49+X49+Y49+GK49,2)+GX49,0) -> 0 | GR49: 0 | GS49: 3 | GT49: 0 | GV49: =ROUND((GT49),6) -> 0 | GW49: 1 | GX49: =ROUND(HC49*I49,2) -> 0 | HA49: 0 | HB49: 0 | HC49: =GV49*GW49 -> 0 | IK49: 0
A50: 18 | B50: 1 | C50: 36 | E50: 8,2 | F50: 1.1-1-2428 | G50: Кабель-каналы, размер 20х12,5 мм, углы наружные | H50: 1000 шт. | I50: =I46*J50 -> 0.01 | J50: 0.02 | O50: =ROUND(CP50,2) -> 111.4 | P50: =ROUND(CQ50*I50,2) -> 111.4 | Q50: =ROUND(CR50*I50,2) -> 0 | R50: =ROUND(CS50*I50,2) -> 0 | S50: =ROUND(CT50*I50,2) -> 0 | T50: =ROUND(CU50*I50,2) -> 0 | U50: =CV50*I50 -> 0 | V50: =CW50*I50 -> 0 | W50: =ROUND(CX50*I50,2) -> 0 | X50: =ROUND(CY50,2) -> 0 | Y50: =ROUND(CZ50,2) -> 0 | AA50: 55106055 | AB50: =ROUND((AC50+AD50+AF50),6) -> 11139.68 | AC50: =ROUND((ES50),6) -> 11139.68 | AD50: =ROUND((ET50),6) -> 0 | AE50: =ROUND((EU50),6) -> 0 | AF50: =ROUND((EV50),6) -> 0 | AG50: =ROUND((AP50),6) -> 0 | AH50: =(EW50) -> 0 | AI50: =(EX50) -> 0 | AJ50: =(AS50) -> 0 | AK50: 11139.68 | AL50: 11139.68 | AM50: 0 | AN50: 0 | AO50: 0 | AP50: 0 | AQ50: 0 | AR50: 0 | AS50: 0 | AT50: 0 | AU50: 0 | AV50: 1 | AW50: 1 | AZ50: 1 | BA50: 1 | BB50: 1 | BC50: 1 | BH50: 3 | BI50: 2 | BJ50: ТСН-2001.1. Доп. 1-42. Р. 1, о. 1, поз. 2428 | BM50: 335 | BN50: 0 | BP50: 0 | BQ50: 40 | BR50: 0 | BS50: 1 | BT50: 1 | BU50: 1 | BV50: 1 | BW50: 1 | BX50: 1 | BZ50: 0 | CA50: 0 | CE50: 0 | CF50: 0 | CG50: 0 | CM50: 0 | CO50: 0 | CP50: =(P50+Q50+S50) -> 111.4 | CQ50: =(AC50*BC50*AW50) -> 11139.68 | CR50: =(AD50*BB50*AV50) -> 0 | CS50: =(AE50*BS50*AV50) -> 0 | CT50: =(AF50*BA50*AV50) -> 0 | CU50: =AG50 -> 0 | CV50: =(AH50*AV50) -> 0 | CW50: =AI50 -> 0 | CX50: =AJ50 -> 0 | CY50: =S50*(BZ50/100) -> 0 | CZ50: =S50*(CA50/100) -> 0 | DN50: 114 | DO50: 67 | DP50: 1.047 | DQ50: 1 | DU50: 1010 | DV50: 1000 шт. | DW50: 1000 шт. | DX50: 1000 | EE50: 21987687 | EF50: 40 | EG50: Монтаж оборудования | EH50: 0 | EJ50: 2 | EK50: 335 | EL50: ТСН-2001.4-8. 8-280, 8-281 | EM50: ТСН-2001.4-8-20 | EQ50: 0 | ER50: 11139.68 | ES50: 11139.68 | ET50: 0 | EU50: 0 | EV50: 0 | EW50: 0 | EX50: 0 | FQ50: 0 | FR50: =ROUND(IF(AND(BH50=3,BI50=3),P50,0),2) -> 0 | FS50: 0 | FX50: 114 | FY50: 67 | GD50: 0 | GF50: 2143346931 | GG50: 2 | GH50: 1 | GI50: -2 | GJ50: 0 | GK50: =ROUND(R50*(R12)/100,2) -> 0 | GL50: =ROUND(IF(AND(BH50=3,BI50=3,FS50<>0),P50,0),2) -> 0 | GM50: =ROUND(O50+X50+Y50+GK50,2)+GX50 -> 111.4 | GN50: =IF(OR(BI50=0,BI50=1),ROUND(O50+X50+Y50+GK50,2),0) -> 0 | GO50: =IF(BI50=2,ROUND(O50+X50+Y50+GK50,2),0) -> 111.4 | GP50: =IF(BI50=4,ROUND(O50+X50+Y50+GK50,2)+GX50,0) -> 0 | GR50: 0 | GS50: 3 | GT50: 0 | GV50: =ROUND((GT50),6) -> 0 | GW50: 1 | GX50: =ROUND(HC50*I50,2) -> 0 | HA50: 0 | HB50: 0 | HC50: =GV50*GW50 -> 0 | IK50: 0
A51: 18 | B51: 1 | C51: 41 | E51: 8,2 | F51: 1.1-1-2428 | G51: Кабель-каналы, размер 20х12,5 мм, углы наружные | H51: 1000 шт. | I51: =I47*J51 -> 0.01 | J51: 0.02 | O51: =ROUND(CP51,2) -> 126.99 | P51: =ROUND(CQ51*I51,2) -> 126.99 | Q51: =ROUND(CR51*I51,2) -> 0 | R51: =ROUND(CS51*I51,2) -> 0 | S51: =ROUND(CT51*I51,2) -> 0 | T51: =ROUND(CU51*I51,2) -> 0 | U51: =CV51*I51 -> 0 | V51: =CW51*I51 -> 0 | W51: =ROUND(CX51*I51,2) -> 0 | X51: =ROUND(CY51,2) -> 0 | Y51: =ROUND(CZ51,2) -> 0 | AA51: 55106052 | AB51: =ROUND((AC51+AD51+AF51),6) -> 11139.68 | AC51: =ROUND((ES51),6) -> 11139.68 | AD51: =ROUND((ET51),6) -> 0 | AE51: =ROUND((EU51),6) -> 0 | AF51: =ROUND((EV51),6) -> 0 | AG51: =ROUND((AP51),6) -> 0 | AH51: =(EW51) -> 0 | AI51: =(EX51) -> 0 | AJ51: =(AS51) -> 0 | AK51: 11139.68 | AL51: 11139.68 | AM51: 0 | AN51: 0 | AO51: 0 | AP51: 0 | AQ51: 0 | AR51: 0 | AS51: 0 | AT51: 0 | AU51: 0 | AV51: 1 | AW51: 1 | AZ51: 1 | BA51: 1 | BB51: 1 | BC51: 1.14 | BH51: 3 | BI51: 2 | BJ51: ТСН-2001.1. Доп. 1-42. Р. 1, о. 1, поз. 2428 | BM51: 335 | BN51: 0 | BO51: 1.1-1-2428 | BP51: 1 | BQ51: 40 | BR51: 0 | BS51: 1 | BT51: 1 | BU51: 1 | BV51: 1 | BW51: 1 | BX51: 1 | BZ51: 0 | CA51: 0 | CE51: 0 | CF51: 0 | CG51: 0 | CM51: 0 | CO51: 0 | CP51: =(P51+Q51+S51) -> 126.99 | CQ51: =(AC51*BC51*AW51) -> 12699.235 | CR51: =(AD51*BB51*AV51) -> 0 | CS51: =(AE51*BS51*AV51) -> 0 | CT51: =(AF51*BA51*AV51) -> 0 | CU51: =AG51 -> 0 | CV51: =(AH51*AV51) -> 0 | CW51: =AI51 -> 0 | CX51: =AJ51 -> 0 | CY51: =S51*(BZ51/100) -> 0 | CZ51: =S51*(CA51/100) -> 0 | DN51: 114 | DO51: 67 | DP51: 1.047 | DQ51: 1 | DU51: 1010 | DV51: 1000 шт. | DW51: 1000 шт. | DX51: 1000 | EE51: 21987687 | EF51: 40 | EG51: Монтаж оборудования | EH51: 0 | EJ51: 2 | EK51: 335 | EL51: ТСН-2001.4-8. 8-280, 8-281 | EM51: ТСН-2001.4-8-20 | EQ51: 0 | ER51: 11139.68 | ES51: 11139.68 | ET51: 0 | EU51: 0 | EV51: 0 | EW51: 0 | EX51: 0 | FQ51: 0 | FR51: =ROUND(IF(AND(BH51=3,BI51=3),P51,0),2) -> 0 | FS51: 0 | FX51: 114 | FY51: 67 | GD51: 0 | GF51: 2143346931 | GG51: 2 | GH51: 1 | GI51: 2 | GJ51: 0 | GK51: =ROUND(R51*(S12)/100,2) -> 0 | GL51: =ROUND(IF(AND(BH51=3,BI51=3,FS51<>0),P51,0),2) -> 0 | GM51: =ROUND(O51+X51+Y51+GK51,2)+GX51 -> 126.99 | GN51: =IF(OR(BI51=0,BI51=1),ROUND(O51+X51+Y51+GK51,2),0) -> 0 | GO51: =IF(BI51=2,ROUND(O51+X51+Y51+GK51,2),0) -> 126.99 | GP51: =IF(BI51=4,ROUND(O51+X51+Y51+GK51,2)+GX51,0) -> 0 | GR51: 0 | GS51: 3 | GT51: 0 | GV51: =ROUND((GT51),6) -> 0 | GW51: 1 | GX51: =ROUND(HC51*I51,2) -> 0 | HA51: 0 | HB51: 0 | HC51: =GV51*GW51 -> 0 | IK51: 0
A52: 18 | B52: 1 | C52: 37 | E52: 8,3 | F52: 1.1-1-2430 | G52: Кабель-каналы, размер 20х12,5 мм, заглушки | H52: 1000 шт. | I52: =I46*J52 -> 0.003 | J52: 0.006 | O52: =ROUND(CP52,2) -> 16.34 | P52: =ROUND(CQ52*I52,2) -> 16.34 | Q52: =ROUND(CR52*I52,2) -> 0 | R52: =ROUND(CS52*I52,2) -> 0 | S52: =ROUND(CT52*I52,2) -> 0 | T52: =ROUND(CU52*I52,2) -> 0 | U52: =CV52*I52 -> 0 | V52: =CW52*I52 -> 0 | W52: =ROUND(CX52*I52,2) -> 0 | X52: =ROUND(CY52,2) -> 0 | Y52: =ROUND(CZ52,2) -> 0 | AA52: 55106055 | AB52: =ROUND((AC52+AD52+AF52),6) -> 5447.7 | AC52: =ROUND((ES52),6) -> 5447.7 | AD52: =ROUND((ET52),6) -> 0 | AE52: =ROUND((EU52),6) -> 0 | AF52: =ROUND((EV52),6) -> 0 | AG52: =ROUND((AP52),6) -> 0 | AH52: =(EW52) -> 0 | AI52: =(EX52) -> 0 | AJ52: =(AS52) -> 0 | AK52: 5447.7 | AL52: 5447.7 | AM52: 0 | AN52: 0 | AO52: 0 | AP52: 0 | AQ52: 0 | AR52: 0 | AS52: 0 | AT52: 0 | AU52: 0 | AV52: 1 | AW52: 1 | AZ52: 1 | BA52: 1 | BB52: 1 | BC52: 1 | BH52: 3 | BI52: 2 | BJ52: ТСН-2001.1. Доп. 1-42. Р. 1, о. 1, поз. 2430 | BM52: 335 | BN52: 0 | BP52: 0 | BQ52: 40 | BR52: 0 | BS52: 1 | BT52: 1 | BU52: 1 | BV52: 1 | BW52: 1 | BX52: 1 | BZ52: 0 | CA52: 0 | CE52: 0 | CF52: 0 | CG52: 0 | CM52: 0 | CO52: 0 | CP52: =(P52+Q52+S52) -> 16.34 | CQ52: =(AC52*BC52*AW52) -> 5447.7 | CR52: =(AD52*BB52*AV52) -> 0 | CS52: =(AE52*BS52*AV52) -> 0 | CT52: =(AF52*BA52*AV52) -> 0 | CU52: =AG52 -> 0 | CV52: =(AH52*AV52) -> 0 | CW52: =AI52 -> 0 | CX52: =AJ52 -> 0 | CY52: =S52*(BZ52/100) -> 0 | CZ52: =S52*(CA52/100) -> 0 | DN52: 114 | DO52: 67 | DP52: 1.047 | DQ52: 1 | DU52: 1010 | DV52: 1000 шт. | DW52: 1000 шт. | DX52: 1000 | EE52: 21987687 | EF52: 40 | EG52: Монтаж оборудования | EH52: 0 | EJ52: 2 | EK52: 335 | EL52: ТСН-2001.4-8. 8-280, 8-281 | EM52: ТСН-2001.4-8-20 | EQ52: 0 | ER52: 5447.7 | ES52: 5447.7 | ET52: 0 | EU52: 0 | EV52: 0 | EW52: 0 | EX52: 0 | FQ52: 0 | FR52: =ROUND(IF(AND(BH52=3,BI52=3),P52,0),2) -> 0 | FS52: 0 | FX52: 114 | FY52: 67 | GD52: 0 | GF52: 1934155101 | GG52: 2 | GH52: 1 | GI52: -2 | GJ52: 0 | GK52: =ROUND(R52*(R12)/100,2) -> 0 | GL52: =ROUND(IF(AND(BH52=3,BI52=3,FS52<>0),P52,0),2) -> 0 | GM52: =ROUND(O52+X52+Y52+GK52,2)+GX52 -> 16.34 | GN52: =IF(OR(BI52=0,BI52=1),ROUND(O52+X52+Y52+GK52,2),0) -> 0 | GO52: =IF(BI52=2,ROUND(O52+X52+Y52+GK52,2),0) -> 16.34 | GP52: =IF(BI52=4,ROUND(O52+X52+Y52+GK52,2)+GX52,0) -> 0 | GR52: 0 | GS52: 3 | GT52: 0 | GV52: =ROUND((GT52),6) -> 0 | GW52: 1 | GX52: =ROUND(HC52*I52,2) -> 0 | HA52: 0 | HB52: 0 | HC52: =GV52*GW52 -> 0 | IK52: 0
A53: 18 | B53: 1 | C53: 42 | E53: 8,3 | F53: 1.1-1-2430 | G53: Кабель-каналы, размер 20х12,5 мм, заглушки | H53: 1000 шт. | I53: =I47*J53 -> 0.003 | J53: 0.006 | O53: =ROUND(CP53,2) -> 29.42 | P53: =ROUND(CQ53*I53,2) -> 29.42 | Q53: =ROUND(CR53*I53,2) -> 0 | R53: =ROUND(CS53*I53,2) -> 0 | S53: =ROUND(CT53*I53,2) -> 0 | T53: =ROUND(CU53*I53,2) -> 0 | U53: =CV53*I53 -> 0 | V53: =CW53*I53 -> 0 | W53: =ROUND(CX53*I53,2) -> 0 | X53: =ROUND(CY53,2) -> 0 | Y53: =ROUND(CZ53,2) -> 0 | AA53: 55106052 | AB53: =ROUND((AC53+AD53+AF53),6) -> 5447.7 | AC53: =ROUND((ES53),6) -> 5447.7 | AD53: =ROUND((ET53),6) -> 0 | AE53: =ROUND((EU53),6) -> 0 | AF53: =ROUND((EV53),6) -> 0 | AG53: =ROUND((AP53),6) -> 0 | AH53: =(EW53) -> 0 | AI53: =(EX53) -> 0 | AJ53: =(AS53) -> 0 | AK53: 5447.7 | AL53: 5447.7 | AM53: 0 | AN53: 0 | AO53: 0 | AP53: 0 | AQ53: 0 | AR53: 0 | AS53: 0 | AT53: 0 | AU53: 0 | AV53: 1 | AW53: 1 | AZ53: 1 | BA53: 1 | BB53: 1 | BC53: 1.8 | BH53: 3 | BI53: 2 | BJ53: ТСН-2001.1. Доп. 1-42. Р. 1, о. 1, поз. 2430 | BM53: 335 | BN53: 0 | BO53: 1.1-1-2430 | BP53: 1 | BQ53: 40 | BR53: 0 | BS53: 1 | BT53: 1 | BU53: 1 | BV53: 1 | BW53: 1 | BX53: 1 | BZ53: 0 | CA53: 0 | CE53: 0 | CF53: 0 | CG53: 0 | CM53: 0 | CO53: 0 | CP53: =(P53+Q53+S53) -> 29.42 | CQ53: =(AC53*BC53*AW53) -> 9805.86 | CR53: =(AD53*BB53*AV53) -> 0 | CS53: =(AE53*BS53*AV53) -> 0 | CT53: =(AF53*BA53*AV53) -> 0 | CU53: =AG53 -> 0 | CV53: =(AH53*AV53) -> 0 | CW53: =AI53 -> 0 | CX53: =AJ53 -> 0 | CY53: =S53*(BZ53/100) -> 0 | CZ53: =S53*(CA53/100) -> 0 | DN53: 114 | DO53: 67 | DP53: 1.047 | DQ53: 1 | DU53: 1010 | DV53: 1000 шт. | DW53: 1000 шт. | DX53: 1000 | EE53: 21987687 | EF53: 40 | EG53: Монтаж оборудования | EH53: 0 | EJ53: 2 | EK53: 335 | EL53: ТСН-2001.4-8. 8-280, 8-281 | EM53: ТСН-2001.4-8-20 | EQ53: 0 | ER53: 5447.7 | ES53: 5447.7 | ET53: 0 | EU53: 0 | EV53: 0 | EW53: 0 | EX53: 0 | FQ53: 0 | FR53: =ROUND(IF(AND(BH53=3,BI53=3),P53,0),2) -> 0 | FS53: 0 | FX53: 114 | FY53: 67 | GD53: 0 | GF53: 1934155101 | GG53: 2 | GH53: 1 | GI53: 2 | GJ53: 0 | GK53: =ROUND(R53*(S12)/100,2) -> 0 | GL53: =ROUND(IF(AND(BH53=3,BI53=3,FS53<>0),P53,0),2) -> 0 | GM53: =ROUND(O53+X53+Y53+GK53,2)+GX53 -> 29.42 | GN53: =IF(OR(BI53=0,BI53=1),ROUND(O53+X53+Y53+GK53,2),0) -> 0 | GO53: =IF(BI53=2,ROUND(O53+X53+Y53+GK53,2),0) -> 29.42 | GP53: =IF(BI53=4,ROUND(O53+X53+Y53+GK53,2)+GX53,0) -> 0 | GR53: 0 | GS53: 3 | GT53: 0 | GV53: =ROUND((GT53),6) -> 0 | GW53: 1 | GX53: =ROUND(HC53*I53,2) -> 0 | HA53: 0 | HB53: 0 | HC53: =GV53*GW53 -> 0 | IK53: 0
A54: 18 | B54: 1 | C54: 35 | E54: 8,4 | F54: 1.1-1-2427 | G54: Кабель-каналы, размер 20х12,5 мм, углы внутренние | H54: 1000 шт. | I54: =I46*J54 -> 0.007 | J54: 0.014 | O54: =ROUND(CP54,2) -> 62.13 | P54: =ROUND(CQ54*I54,2) -> 62.13 | Q54: =ROUND(CR54*I54,2) -> 0 | R54: =ROUND(CS54*I54,2) -> 0 | S54: =ROUND(CT54*I54,2) -> 0 | T54: =ROUND(CU54*I54,2) -> 0 | U54: =CV54*I54 -> 0 | V54: =CW54*I54 -> 0 | W54: =ROUND(CX54*I54,2) -> 0 | X54: =ROUND(CY54,2) -> 0 | Y54: =ROUND(CZ54,2) -> 0 | AA54: 55106055 | AB54: =ROUND((AC54+AD54+AF54),6) -> 8875.18 | AC54: =ROUND((ES54),6) -> 8875.18 | AD54: =ROUND((ET54),6) -> 0 | AE54: =ROUND((EU54),6) -> 0 | AF54: =ROUND((EV54),6) -> 0 | AG54: =ROUND((AP54),6) -> 0 | AH54: =(EW54) -> 0 | AI54: =(EX54) -> 0 | AJ54: =(AS54) -> 0 | AK54: 8875.18 | AL54: 8875.18 | AM54: 0 | AN54: 0 | AO54: 0 | AP54: 0 | AQ54: 0 | AR54: 0 | AS54: 0 | AT54: 0 | AU54: 0 | AV54: 1 | AW54: 1 | AZ54: 1 | BA54: 1 | BB54: 1 | BC54: 1 | BH54: 3 | BI54: 2 | BJ54: ТСН-2001.1. Доп. 1-42. Р. 1, о. 1, поз. 2427 | BM54: 335 | BN54: 0 | BP54: 0 | BQ54: 40 | BR54: 0 | BS54: 1 | BT54: 1 | BU54: 1 | BV54: 1 | BW54: 1 | BX54: 1 | BZ54: 0 | CA54: 0 | CE54: 0 | CF54: 0 | CG54: 0 | CM54: 0 | CO54: 0 | CP54: =(P54+Q54+S54) -> 62.13 | CQ54: =(AC54*BC54*AW54) -> 8875.18 | CR54: =(AD54*BB54*AV54) -> 0 | CS54: =(AE54*BS54*AV54) -> 0 | CT54: =(AF54*BA54*AV54) -> 0 | CU54: =AG54 -> 0 | CV54: =(AH54*AV54) -> 0 | CW54: =AI54 -> 0 | CX54: =AJ54 -> 0 | CY54: =S54*(BZ54/100) -> 0 | CZ54: =S54*(CA54/100) -> 0 | DN54: 114 | DO54: 67 | DP54: 1.047 | DQ54: 1 | DU54: 1010 | DV54: 1000 шт. | DW54: 1000 шт. | DX54: 1000 | EE54: 21987687 | EF54: 40 | EG54: Монтаж оборудования | EH54: 0 | EJ54: 2 | EK54: 335 | EL54: ТСН-2001.4-8. 8-280, 8-281 | EM54: ТСН-2001.4-8-20 | EQ54: 0 | ER54: 8875.18 | ES54: 8875.18 | ET54: 0 | EU54: 0 | EV54: 0 | EW54: 0 | EX54: 0 | FQ54: 0 | FR54: =ROUND(IF(AND(BH54=3,BI54=3),P54,0),2) -> 0 | FS54: 0 | FX54: 114 | FY54: 67 | GD54: 0 | GF54: 2124294238 | GG54: 2 | GH54: 1 | GI54: -2 | GJ54: 0 | GK54: =ROUND(R54*(R12)/100,2) -> 0 | GL54: =ROUND(IF(AND(BH54=3,BI54=3,FS54<>0),P54,0),2) -> 0 | GM54: =ROUND(O54+X54+Y54+GK54,2)+GX54 -> 62.13 | GN54: =IF(OR(BI54=0,BI54=1),ROUND(O54+X54+Y54+GK54,2),0) -> 0 | GO54: =IF(BI54=2,ROUND(O54+X54+Y54+GK54,2),0) -> 62.13 | GP54: =IF(BI54=4,ROUND(O54+X54+Y54+GK54,2)+GX54,0) -> 0 | GR54: 0 | GS54: 3 | GT54: 0 | GV54: =ROUND((GT54),6) -> 0 | GW54: 1 | GX54: =ROUND(HC54*I54,2) -> 0 | HA54: 0 | HB54: 0 | HC54: =GV54*GW54 -> 0 | IK54: 0
A55: 18 | B55: 1 | C55: 40 | E55: 8,4 | F55: 1.1-1-2427 | G55: Кабель-каналы, размер 20х12,5 мм, углы внутренние | H55: 1000 шт. | I55: =I47*J55 -> 0.007 | J55: 0.014 | O55: =ROUND(CP55,2) -> 89.46 | P55: =ROUND(CQ55*I55,2) -> 89.46 | Q55: =ROUND(CR55*I55,2) -> 0 | R55: =ROUND(CS55*I55,2) -> 0 | S55: =ROUND(CT55*I55,2) -> 0 | T55: =ROUND(CU55*I55,2) -> 0 | U55: =CV55*I55 -> 0 | V55: =CW55*I55 -> 0 | W55: =ROUND(CX55*I55,2) -> 0 | X55: =ROUND(CY55,2) -> 0 | Y55: =ROUND(CZ55,2) -> 0 | AA55: 55106052 | AB55: =ROUND((AC55+AD55+AF55),6) -> 8875.18 | AC55: =ROUND((ES55),6) -> 8875.18 | AD55: =ROUND((ET55),6) -> 0 | AE55: =ROUND((EU55),6) -> 0 | AF55: =ROUND((EV55),6) -> 0 | AG55: =ROUND((AP55),6) -> 0 | AH55: =(EW55) -> 0 | AI55: =(EX55) -> 0 | AJ55: =(AS55) -> 0 | AK55: 8875.18 | AL55: 8875.18 | AM55: 0 | AN55: 0 | AO55: 0 | AP55: 0 | AQ55: 0 | AR55: 0 | AS55: 0 | AT55: 0 | AU55: 0 | AV55: 1 | AW55: 1 | AZ55: 1 | BA55: 1 | BB55: 1 | BC55: 1.44 | BH55: 3 | BI55: 2 | BJ55: ТСН-2001.1. Доп. 1-42. Р. 1, о. 1, поз. 2427 | BM55: 335 | BN55: 0 | BO55: 1.1-1-2427 | BP55: 1 | BQ55: 40 | BR55: 0 | BS55: 1 | BT55: 1 | BU55: 1 | BV55: 1 | BW55: 1 | BX55: 1 | BZ55: 0 | CA55: 0 | CE55: 0 | CF55: 0 | CG55: 0 | CM55: 0 | CO55: 0 | CP55: =(P55+Q55+S55) -> 89.46 | CQ55: =(AC55*BC55*AW55) -> 12780.259 | CR55: =(AD55*BB55*AV55) -> 0 | CS55: =(AE55*BS55*AV55) -> 0 | CT55: =(AF55*BA55*AV55) -> 0 | CU55: =AG55 -> 0 | CV55: =(AH55*AV55) -> 0 | CW55: =AI55 -> 0 | CX55: =AJ55 -> 0 | CY55: =S55*(BZ55/100) -> 0 | CZ55: =S55*(CA55/100) -> 0 | DN55: 114 | DO55: 67 | DP55: 1.047 | DQ55: 1 | DU55: 1010 | DV55: 1000 шт. | DW55: 1000 шт. | DX55: 1000 | EE55: 21987687 | EF55: 40 | EG55: Монтаж оборудования | EH55: 0 | EJ55: 2 | EK55: 335 | EL55: ТСН-2001.4-8. 8-280, 8-281 | EM55: ТСН-2001.4-8-20 | EQ55: 0 | ER55: 8875.18 | ES55: 8875.18 | ET55: 0 | EU55: 0 | EV55: 0 | EW55: 0 | EX55: 0 | FQ55: 0 | FR55: =ROUND(IF(AND(BH55=3,BI55=3),P55,0),2) -> 0 | FS55: 0 | FX55: 114 | FY55: 67 | GD55: 0 | GF55: 2124294238 | GG55: 2 | GH55: 1 | GI55: 2 | GJ55: 0 | GK55: =ROUND(R55*(S12)/100,2) -> 0 | GL55: =ROUND(IF(AND(BH55=3,BI55=3,FS55<>0),P55,0),2) -> 0 | GM55: =ROUND(O55+X55+Y55+GK55,2)+GX55 -> 89.46 | GN55: =IF(OR(BI55=0,BI55=1),ROUND(O55+X55+Y55+GK55,2),0) -> 0 | GO55: =IF(BI55=2,ROUND(O55+X55+Y55+GK55,2),0) -> 89.46 | GP55: =IF(BI55=4,ROUND(O55+X55+Y55+GK55,2)+GX55,0) -> 0 | GR55: 0 | GS55: 3 | GT55: 0 | GV55: =ROUND((GT55),6) -> 0 | GW55: 1 | GX55: =ROUND(HC55*I55,2) -> 0 | HA55: 0 | HB55: 0 | HC55: =GV55*GW55 -> 0 | IK55: 0
A56: 17 | B56: 1 | E56: 9 | F56: 1.21-5-555 | G56: Лотки кабельные оцинкованные, перфорированные, простые, без крышек, тип PNK-50 | H56: м | I56: =ROUND(50*0,9) -> 0 | J56: 0 | O56: =ROUND(CP56,2) -> 0 | P56: =ROUND(CQ56*I56,2) -> 0 | Q56: =ROUND(CR56*I56,2) -> 0 | R56: =ROUND(CS56*I56,2) -> 0 | S56: =ROUND(CT56*I56,2) -> 0 | T56: =ROUND(CU56*I56,2) -> 0 | U56: =CV56*I56 -> 0 | V56: =CW56*I56 -> 0 | W56: =ROUND(CX56*I56,2) -> 0 | X56: =ROUND(CY56,2) -> 0 | Y56: =ROUND(CZ56,2) -> 0 | AA56: 55106055 | AB56: =ROUND((AC56+AD56+AF56),6) -> 50.14 | AC56: =ROUND((ES56),6) -> 50.14 | AD56: =ROUND((ET56),6) -> 0 | AE56: =ROUND((EU56),6) -> 0 | AF56: =ROUND((EV56),6) -> 0 | AG56: =ROUND((AP56),6) -> 0 | AH56: =(EW56) -> 0 | AI56: =(EX56) -> 0 | AJ56: =(AS56) -> 0 | AK56: 50.14 | AL56: 50.14 | AM56: 0 | AN56: 0 | AO56: 0 | AP56: 0 | AQ56: 0 | AR56: 0 | AS56: 0 | AT56: 0 | AU56: 0 | AV56: 1 | AW56: 1 | AZ56: 1 | BA56: 1 | BB56: 1 | BC56: 1 | BH56: 3 | BI56: 2 | BJ56: ТСН-2001.1. Доп. 1-42. Р. 21, о. 5, поз. 555 | BM56: 1618 | BN56: 0 | BP56: 0 | BQ56: 201 | BR56: 0 | BS56: 1 | BT56: 1 | BU56: 1 | BV56: 1 | BW56: 1 | BX56: 1 | BZ56: 0 | CA56: 0 | CE56: 0 | CF56: 0 | CG56: 0 | CM56: 0 | CO56: 0 | CP56: =(P56+Q56+S56) -> 0 | CQ56: =(AC56*BC56*AW56) -> 50.14 | CR56: =(AD56*BB56*AV56) -> 0 | CS56: =(AE56*BS56*AV56) -> 0 | CT56: =(AF56*BA56*AV56) -> 0 | CU56: =AG56 -> 0 | CV56: =(AH56*AV56) -> 0 | CW56: =AI56 -> 0 | CX56: =AJ56 -> 0 | CY56: =S56*(BZ56/100) -> 0 | CZ56: =S56*(CA56/100) -> 0 | DN56: 0 | DO56: 0 | DP56: 1 | DQ56: 1 | DU56: 1003 | DV56: м | DW56: м | DX56: 1 | EE56: 21988970 | EF56: 201 | EG56: Материалы монтажные | EH56: 0 | EJ56: 2 | EK56: 1618 | EL56: ТСН-2001.1 Материалы монтажные | EM56: ТСН-2001.1-2 | EQ56: 131072 | ER56: 50.14 | ES56: 50.14 | ET56: 0 | EU56: 0 | EV56: 0 | EW56: 0 | EX56: 0 | EY56: 0 | FQ56: 0 | FR56: =ROUND(IF(AND(BH56=3,BI56=3),P56,0),2) -> 0 | FS56: 0 | FX56: 0 | FY56: 0 | GD56: 0 | GF56: -253407897 | GG56: 2 | GH56: 1 | GI56: -2 | GJ56: 0 | GK56: =ROUND(R56*(R12)/100,2) -> 0 | GL56: =ROUND(IF(AND(BH56=3,BI56=3,FS56<>0),P56,0),2) -> 0 | GM56: =ROUND(O56+X56+Y56+GK56,2)+GX56 -> 0 | GN56: =IF(OR(BI56=0,BI56=1),ROUND(O56+X56+Y56+GK56,2),0) -> 0 | GO56: =IF(BI56=2,ROUND(O56+X56+Y56+GK56,2),0) -> 0 | GP56: =IF(BI56=4,ROUND(O56+X56+Y56+GK56,2)+GX56,0) -> 0 | GR56: 0 | GS56: 0 | GT56: 0 | GV56: =ROUND((GT56),6) -> 0 | GW56: 1 | GX56: =ROUND(HC56*I56,2) -> 0 | HA56: 0 | HB56: 0 | HC56: =GV56*GW56 -> 0 | IK56: 0
A57: 17 | B57: 1 | E57: 9 | F57: 1.21-5-555 | G57: Лотки кабельные оцинкованные, перфорированные, простые, без крышек, тип PNK-50 | H57: м | I57: =ROUND(50*0,9) -> 0 | J57: 0 | O57: =ROUND(CP57,2) -> 0 | P57: =ROUND(CQ57*I57,2) -> 0 | Q57: =ROUND(CR57*I57,2) -> 0 | R57: =ROUND(CS57*I57,2) -> 0 | S57: =ROUND(CT57*I57,2) -> 0 | T57: =ROUND(CU57*I57,2) -> 0 | U57: =CV57*I57 -> 0 | V57: =CW57*I57 -> 0 | W57: =ROUND(CX57*I57,2) -> 0 | X57: =ROUND(CY57,2) -> 0 | Y57: =ROUND(CZ57,2) -> 0 | AA57: 55106052 | AB57: =ROUND((AC57+AD57+AF57),6) -> 50.14 | AC57: =ROUND((ES57),6) -> 50.14 | AD57: =ROUND((ET57),6) -> 0 | AE57: =ROUND((EU57),6) -> 0 | AF57: =ROUND((EV57),6) -> 0 | AG57: =ROUND((AP57),6) -> 0 | AH57: =(EW57) -> 0 | AI57: =(EX57) -> 0 | AJ57: =(AS57) -> 0 | AK57: 50.14 | AL57: 50.14 | AM57: 0 | AN57: 0 | AO57: 0 | AP57: 0 | AQ57: 0 | AR57: 0 | AS57: 0 | AT57: 0 | AU57: 0 | AV57: 1 | AW57: 1 | AZ57: 1 | BA57: 1 | BB57: 1 | BC57: 1.72 | BH57: 3 | BI57: 2 | BJ57: ТСН-2001.1. Доп. 1-42. Р. 21, о. 5, поз. 555 | BM57: 1618 | BN57: 0 | BO57: 1.21-5-555 | BP57: 1 | BQ57: 201 | BR57: 0 | BS57: 1 | BT57: 1 | BU57: 1 | BV57: 1 | BW57: 1 | BX57: 1 | BZ57: 0 | CA57: 0 | CE57: 0 | CF57: 0 | CG57: 0 | CM57: 0 | CO57: 0 | CP57: =(P57+Q57+S57) -> 0 | CQ57: =(AC57*BC57*AW57) -> 86.2408 | CR57: =(AD57*BB57*AV57) -> 0 | CS57: =(AE57*BS57*AV57) -> 0 | CT57: =(AF57*BA57*AV57) -> 0 | CU57: =AG57 -> 0 | CV57: =(AH57*AV57) -> 0 | CW57: =AI57 -> 0 | CX57: =AJ57 -> 0 | CY57: =S57*(BZ57/100) -> 0 | CZ57: =S57*(CA57/100) -> 0 | DN57: 0 | DO57: 0 | DP57: 1 | DQ57: 1 | DU57: 1003 | DV57: м | DW57: м | DX57: 1 | EE57: 21988970 | EF57: 201 | EG57: Материалы монтажные | EH57: 0 | EJ57: 2 | EK57: 1618 | EL57: ТСН-2001.1 Материалы монтажные | EM57: ТСН-2001.1-2 | EQ57: 131072 | ER57: 50.14 | ES57: 50.14 | ET57: 0 | EU57: 0 | EV57: 0 | EW57: 0 | EX57: 0 | EY57: 0 | FQ57: 0 | FR57: =ROUND(IF(AND(BH57=3,BI57=3),P57,0),2) -> 0 | FS57: 0 | FX57: 0 | FY57: 0 | GD57: 0 | GF57: -253407897 | GG57: 2 | GH57: 1 | GI57: 2 | GJ57: 0 | GK57: =ROUND(R57*(S12)/100,2) -> 0 | GL57: =ROUND(IF(AND(BH57=3,BI57=3,FS57<>0),P57,0),2) -> 0 | GM57: =ROUND(O57+X57+Y57+GK57,2)+GX57 -> 0 | GN57: =IF(OR(BI57=0,BI57=1),ROUND(O57+X57+Y57+GK57,2),0) -> 0 | GO57: =IF(BI57=2,ROUND(O57+X57+Y57+GK57,2),0) -> 0 | GP57: =IF(BI57=4,ROUND(O57+X57+Y57+GK57,2)+GX57,0) -> 0 | GR57: 0 | GS57: 3 | GT57: 0 | GV57: =ROUND((GT57),6) -> 0 | GW57: 1 | GX57: =ROUND(HC57*I57,2) -> 0 | HA57: 0 | HB57: 0 | HC57: =GV57*GW57 -> 0 | IK57: 0
A58: 17 | B58: 1 | E58: 10 | F58: 1.21-5-559 | G58: Крышки для лотков простых марки PNK-50 | H58: м | I58: =ROUND(50*0,9) -> 0 | J58: 0 | O58: =ROUND(CP58,2) -> 0 | P58: =ROUND(CQ58*I58,2) -> 0 | Q58: =ROUND(CR58*I58,2) -> 0 | R58: =ROUND(CS58*I58,2) -> 0 | S58: =ROUND(CT58*I58,2) -> 0 | T58: =ROUND(CU58*I58,2) -> 0 | U58: =CV58*I58 -> 0 | V58: =CW58*I58 -> 0 | W58: =ROUND(CX58*I58,2) -> 0 | X58: =ROUND(CY58,2) -> 0 | Y58: =ROUND(CZ58,2) -> 0 | AA58: 55106055 | AB58: =ROUND((AC58+AD58+AF58),6) -> 34.73 | AC58: =ROUND((ES58),6) -> 34.73 | AD58: =ROUND((ET58),6) -> 0 | AE58: =ROUND((EU58),6) -> 0 | AF58: =ROUND((EV58),6) -> 0 | AG58: =ROUND((AP58),6) -> 0 | AH58: =(EW58) -> 0 | AI58: =(EX58) -> 0 | AJ58: =(AS58) -> 0 | AK58: 34.73 | AL58: 34.73 | AM58: 0 | AN58: 0 | AO58: 0 | AP58: 0 | AQ58: 0 | AR58: 0 | AS58: 0 | AT58: 0 | AU58: 0 | AV58: 1 | AW58: 1 | AZ58: 1 | BA58: 1 | BB58: 1 | BC58: 1 | BH58: 3 | BI58: 2 | BJ58: ТСН-2001.1. Доп. 1-42. Р. 21, о. 5, поз. 559 | BM58: 1618 | BN58: 0 | BP58: 0 | BQ58: 201 | BR58: 0 | BS58: 1 | BT58: 1 | BU58: 1 | BV58: 1 | BW58: 1 | BX58: 1 | BZ58: 0 | CA58: 0 | CE58: 0 | CF58: 0 | CG58: 0 | CM58: 0 | CO58: 0 | CP58: =(P58+Q58+S58) -> 0 | CQ58: =(AC58*BC58*AW58) -> 34.73 | CR58: =(AD58*BB58*AV58) -> 0 | CS58: =(AE58*BS58*AV58) -> 0 | CT58: =(AF58*BA58*AV58) -> 0 | CU58: =AG58 -> 0 | CV58: =(AH58*AV58) -> 0 | CW58: =AI58 -> 0 | CX58: =AJ58 -> 0 | CY58: =S58*(BZ58/100) -> 0 | CZ58: =S58*(CA58/100) -> 0 | DN58: 0 | DO58: 0 | DP58: 1 | DQ58: 1 | DU58: 1003 | DV58: м | DW58: м | DX58: 1 | EE58: 21988970 | EF58: 201 | EG58: Материалы монтажные | EH58: 0 | EJ58: 2 | EK58: 1618 | EL58: ТСН-2001.1 Материалы монтажные | EM58: ТСН-2001.1-2 | EQ58: 131072 | ER58: 34.73 | ES58: 34.73 | ET58: 0 | EU58: 0 | EV58: 0 | EW58: 0 | EX58: 0 | EY58: 0 | FQ58: 0 | FR58: =ROUND(IF(AND(BH58=3,BI58=3),P58,0),2) -> 0 | FS58: 0 | FX58: 0 | FY58: 0 | GD58: 0 | GF58: 2038973461 | GG58: 2 | GH58: 1 | GI58: -2 | GJ58: 0 | GK58: =ROUND(R58*(R12)/100,2) -> 0 | GL58: =ROUND(IF(AND(BH58=3,BI58=3,FS58<>0),P58,0),2) -> 0 | GM58: =ROUND(O58+X58+Y58+GK58,2)+GX58 -> 0 | GN58: =IF(OR(BI58=0,BI58=1),ROUND(O58+X58+Y58+GK58,2),0) -> 0 | GO58: =IF(BI58=2,ROUND(O58+X58+Y58+GK58,2),0) -> 0 | GP58: =IF(BI58=4,ROUND(O58+X58+Y58+GK58,2)+GX58,0) -> 0 | GR58: 0 | GS58: 0 | GT58: 0 | GV58: =ROUND((GT58),6) -> 0 | GW58: 1 | GX58: =ROUND(HC58*I58,2) -> 0 | HA58: 0 | HB58: 0 | HC58: =GV58*GW58 -> 0 | IK58: 0
A59: 17 | B59: 1 | E59: 10 | F59: 1.21-5-559 | G59: Крышки для лотков простых марки PNK-50 | H59: м | I59: =ROUND(50*0,9) -> 0 | J59: 0 | O59: =ROUND(CP59,2) -> 0 | P59: =ROUND(CQ59*I59,2) -> 0 | Q59: =ROUND(CR59*I59,2) -> 0 | R59: =ROUND(CS59*I59,2) -> 0 | S59: =ROUND(CT59*I59,2) -> 0 | T59: =ROUND(CU59*I59,2) -> 0 | U59: =CV59*I59 -> 0 | V59: =CW59*I59 -> 0 | W59: =ROUND(CX59*I59,2) -> 0 | X59: =ROUND(CY59,2) -> 0 | Y59: =ROUND(CZ59,2) -> 0 | AA59: 55106052 | AB59: =ROUND((AC59+AD59+AF59),6) -> 34.73 | AC59: =ROUND((ES59),6) -> 34.73 | AD59: =ROUND((ET59),6) -> 0 | AE59: =ROUND((EU59),6) -> 0 | AF59: =ROUND((EV59),6) -> 0 | AG59: =ROUND((AP59),6) -> 0 | AH59: =(EW59) -> 0 | AI59: =(EX59) -> 0 | AJ59: =(AS59) -> 0 | AK59: 34.73 | AL59: 34.73 | AM59: 0 | AN59: 0 | AO59: 0 | AP59: 0 | AQ59: 0 | AR59: 0 | AS59: 0 | AT59: 0 | AU59: 0 | AV59: 1 | AW59: 1 | AZ59: 1 | BA59: 1 | BB59: 1 | BC59: 1.48 | BH59: 3 | BI59: 2 | BJ59: ТСН-2001.1. Доп. 1-42. Р. 21, о. 5, поз. 559 | BM59: 1618 | BN59: 0 | BO59: 1.21-5-559 | BP59: 1 | BQ59: 201 | BR59: 0 | BS59: 1 | BT59: 1 | BU59: 1 | BV59: 1 | BW59: 1 | BX59: 1 | BZ59: 0 | CA59: 0 | CE59: 0 | CF59: 0 | CG59: 0 | CM59: 0 | CO59: 0 | CP59: =(P59+Q59+S59) -> 0 | CQ59: =(AC59*BC59*AW59) -> 51.4004 | CR59: =(AD59*BB59*AV59) -> 0 | CS59: =(AE59*BS59*AV59) -> 0 | CT59: =(AF59*BA59*AV59) -> 0 | CU59: =AG59 -> 0 | CV59: =(AH59*AV59) -> 0 | CW59: =AI59 -> 0 | CX59: =AJ59 -> 0 | CY59: =S59*(BZ59/100) -> 0 | CZ59: =S59*(CA59/100) -> 0 | DN59: 0 | DO59: 0 | DP59: 1 | DQ59: 1 | DU59: 1003 | DV59: м | DW59: м | DX59: 1 | EE59: 21988970 | EF59: 201 | EG59: Материалы монтажные | EH59: 0 | EJ59: 2 | EK59: 1618 | EL59: ТСН-2001.1 Материалы монтажные | EM59: ТСН-2001.1-2 | EQ59: 131072 | ER59: 34.73 | ES59: 34.73 | ET59: 0 | EU59: 0 | EV59: 0 | EW59: 0 | EX59: 0 | EY59: 0 | FQ59: 0 | FR59: =ROUND(IF(AND(BH59=3,BI59=3),P59,0),2) -> 0 | FS59: 0 | FX59: 0 | FY59: 0 | GD59: 0 | GF59: 2038973461 | GG59: 2 | GH59: 1 | GI59: 2 | GJ59: 0 | GK59: =ROUND(R59*(S12)/100,2) -> 0 | GL59: =ROUND(IF(AND(BH59=3,BI59=3,FS59<>0),P59,0),2) -> 0 | GM59: =ROUND(O59+X59+Y59+GK59,2)+GX59 -> 0 | GN59: =IF(OR(BI59=0,BI59=1),ROUND(O59+X59+Y59+GK59,2),0) -> 0 | GO59: =IF(BI59=2,ROUND(O59+X59+Y59+GK59,2),0) -> 0 | GP59: =IF(BI59=4,ROUND(O59+X59+Y59+GK59,2)+GX59,0) -> 0 | GR59: 0 | GS59: 3 | GT59: 0 | GV59: =ROUND((GT59),6) -> 0 | GW59: 1 | GX59: =ROUND(HC59*I59,2) -> 0 | HA59: 0 | HB59: 0 | HC59: =GV59*GW59 -> 0 | IK59: 0
A60: 17 | B60: 1 | C60: =ROW(SmtRes!A43) -> 43 | D60: =ROW(EtalonRes!A49) -> 49 | E60: 11 | F60: 4.8-175-2 | G60: Затягивание проводов и кабелей в проложенные трубы и металлические рукава, провод первый одножильный или многожильный в общей оплетке, суммарное сечение до 6 мм2 | H60: 100 м | I60: =ROUND(100/100,9) -> 1 | J60: 0 | O60: =ROUND(CP60,2) -> 87.83 | P60: =ROUND(CQ60*I60,2) -> 9.94 | Q60: =ROUND(CR60*I60,2) -> 1.69 | R60: =ROUND(CS60*I60,2) -> 0.39 | S60: =ROUND(CT60*I60,2) -> 76.2 | T60: =ROUND(CU60*I60,2) -> 0 | U60: =CV60*I60 -> 6.18 | V60: =CW60*I60 -> 0 | W60: =ROUND(CX60*I60,2) -> 0 | X60: =ROUND(CY60,2) -> 0 | Y60: =ROUND(CZ60,2) -> 0 | AA60: 55106055 | AB60: =ROUND((AC60+AD60+AF60),6) -> 87.83 | AC60: =ROUND((ES60),6) -> 9.94 | AD60: =ROUND((ET60),6) -> 1.69 | AE60: =ROUND((EU60),6) -> 0.39 | AF60: =ROUND((EV60),6) -> 76.2 | AG60: =ROUND((AP60),6) -> 0 | AH60: =(EW60) -> 6.18 | AI60: =(EX60) -> 0 | AJ60: =(AS60) -> 0 | AK60: 87.83 | AL60: 9.94 | AM60: 1.69 | AN60: 0.39 | AO60: 76.2 | AP60: 0 | AQ60: 6.18 | AR60: 0 | AS60: 0 | AT60: 0 | AU60: 0 | AV60: 1 | AW60: 1 | AZ60: 1 | BA60: 1 | BB60: 1 | BC60: 1 | BH60: 0 | BI60: 2 | BJ60: ТСН-2001.4. Доп. 1-42. Сб. 8, т. 175, поз. 2 | BM60: 331 | BN60: 0 | BP60: 0 | BQ60: 40 | BR60: 0 | BS60: 1 | BT60: 1 | BU60: 1 | BV60: 1 | BW60: 1 | BX60: 1 | BZ60: 0 | CA60: 0 | CE60: 0 | CF60: 0 | CG60: 0 | CM60: 0 | CO60: 0 | CP60: =(P60+Q60+S60) -> 87.83 | CQ60: =(AC60*BC60*AW60) -> 9.94 | CR60: =(AD60*BB60*AV60) -> 1.69 | CS60: =(AE60*BS60*AV60) -> 0.39 | CT60: =(AF60*BA60*AV60) -> 76.2 | CU60: =AG60 -> 0 | CV60: =(AH60*AV60) -> 6.18 | CW60: =AI60 -> 0 | CX60: =AJ60 -> 0 | CY60: =S60*(BZ60/100) -> 0 | CZ60: =S60*(CA60/100) -> 0 | DN60: 114 | DO60: 67 | DP60: 1.047 | DQ60: 1 | DU60: 1003 | DV60: 100 м | DW60: 100 м | DX60: 100 | EE60: 21987683 | EF60: 40 | EG60: Монтаж оборудования | EH60: 0 | EJ60: 2 | EK60: 331 | EL60: ТСН-2001.4-8. 8-155...8-184 | EM60: ТСН-2001.4-8-16 | EQ60: 131072 | ER60: 87.83 | ES60: 9.94 | ET60: 1.69 | EU60: 0.39 | EV60: 76.2 | EW60: 6.18 | EX60: 0 | EY60: 0 | FQ60: 0 | FR60: =ROUND(IF(AND(BH60=3,BI60=3),P60,0),2) -> 0 | FS60: 0 | FX60: 114 | FY60: 67 | GD60: 1 | GF60: -1874974313 | GG60: 2 | GH60: 1 | GI60: -2 | GJ60: 0 | GK60: 0 | GL60: =ROUND(IF(AND(BH60=3,BI60=3,FS60<>0),P60,0),2) -> 0 | GM60: =ROUND(O60+X60+Y60,2)+GX60 -> 87.83 | GN60: =IF(OR(BI60=0,BI60=1),ROUND(O60+X60+Y60,2),0) -> 0 | GO60: =IF(BI60=2,ROUND(O60+X60+Y60,2),0) -> 87.83 | GP60: =IF(BI60=4,ROUND(O60+X60+Y60,2)+GX60,0) -> 0 | GR60: 0 | GS60: 0 | GT60: 0 | GV60: =ROUND((GT60),6) -> 0 | GW60: 1 | GX60: =ROUND(HC60*I60,2) -> 0 | HA60: 0 | HB60: 0 | HC60: =GV60*GW60 -> 0 | IK60: 0
A61: 17 | B61: 1 | C61: =ROW(SmtRes!A44) -> 44 | D61: =ROW(EtalonRes!A50) -> 50 | E61: 11 | F61: 4.8-175-2 | G61: Затягивание проводов и кабелей в проложенные трубы и металлические рукава, провод первый одножильный или многожильный в общей оплетке, суммарное сечение до 6 мм2 | H61: 100 м | I61: =ROUND(100/100,9) -> 1 | J61: 0 | O61: =ROUND(CP61,2) -> 1721.84 | P61: =ROUND(CQ61*I61,2) -> 53.78 | Q61: =ROUND(CR61*I61,2) -> 15.28 | R61: =ROUND(CS61*I61,2) -> 8.46 | S61: =ROUND(CT61*I61,2) -> 1652.78 | T61: =ROUND(CU61*I61,2) -> 0 | U61: =CV61*I61 -> 6.18 | V61: =CW61*I61 -> 0 | W61: =ROUND(CX61*I61,2) -> 0 | X61: =ROUND(CY61,2) -> 1272.64 | Y61: =ROUND(CZ61,2) -> 677.64 | AA61: 55106052 | AB61: =ROUND((AC61+AD61+AF61),6) -> 87.83 | AC61: =ROUND((ES61),6) -> 9.94 | AD61: =ROUND((ET61),6) -> 1.69 | AE61: =ROUND((EU61),6) -> 0.39 | AF61: =ROUND((EV61),6) -> 76.2 | AG61: =ROUND((AP61),6) -> 0 | AH61: =(EW61) -> 6.18 | AI61: =(EX61) -> 0 | AJ61: =(AS61) -> 0 | AK61: 87.83 | AL61: 9.94 | AM61: 1.69 | AN61: 0.39 | AO61: 76.2 | AP61: 0 | AQ61: 6.18 | AR61: 0 | AS61: 0 | AT61: 77 | AU61: 41 | AV61: 1 | AW61: 1 | AZ61: 1 | BA61: 21.69 | BB61: 9.04 | BC61: 5.41 | BH61: 0 | BI61: 2 | BJ61: ТСН-2001.4. Доп. 1-42. Сб. 8, т. 175, поз. 2 | BM61: 331 | BN61: 0 | BO61: 4.8-175-2 | BP61: 1 | BQ61: 40 | BR61: 0 | BS61: 21.69 | BT61: 1 | BU61: 1 | BV61: 1 | BW61: 1 | BX61: 1 | BZ61: 77 | CA61: 41 | CE61: 0 | CF61: 0 | CG61: 0 | CM61: 0 | CO61: 0 | CP61: =(P61+Q61+S61) -> 1721.84 | CQ61: =(AC61*BC61*AW61) -> 53.7754 | CR61: =(AD61*BB61*AV61) -> 15.2776 | CS61: =(AE61*BS61*AV61) -> 8.4591 | CT61: =(AF61*BA61*AV61) -> 1652.778 | CU61: =AG61 -> 0 | CV61: =(AH61*AV61) -> 6.18 | CW61: =AI61 -> 0 | CX61: =AJ61 -> 0 | CY61: =S61*(BZ61/100) -> 1272.6406 | CZ61: =S61*(CA61/100) -> 677.6398 | DN61: 114 | DO61: 67 | DP61: 1.047 | DQ61: 1 | DU61: 1003 | DV61: 100 м | DW61: 100 м | DX61: 100 | EE61: 21987683 | EF61: 40 | EG61: Монтаж оборудования | EH61: 0 | EJ61: 2 | EK61: 331 | EL61: ТСН-2001.4-8. 8-155...8-184 | EM61: ТСН-2001.4-8-16 | EQ61: 131072 | ER61: 87.83 | ES61: 9.94 | ET61: 1.69 | EU61: 0.39 | EV61: 76.2 | EW61: 6.18 | EX61: 0 | EY61: 0 | FQ61: 0 | FR61: =ROUND(IF(AND(BH61=3,BI61=3),P61,0),2) -> 0 | FS61: 0 | FX61: 114 | FY61: 67 | GD61: 0 | GF61: -1874974313 | GG61: 2 | GH61: 1 | GI61: 2 | GJ61: 0 | GK61: =ROUND(R61*(S12)/100,2) -> 13.28 | GL61: =ROUND(IF(AND(BH61=3,BI61=3,FS61<>0),P61,0),2) -> 0 | GM61: =ROUND(O61+X61+Y61+GK61,2)+GX61 -> 3685.4 | GN61: =IF(OR(BI61=0,BI61=1),ROUND(O61+X61+Y61+GK61,2),0) -> 0 | GO61: =IF(BI61=2,ROUND(O61+X61+Y61+GK61,2),0) -> 3685.4 | GP61: =IF(BI61=4,ROUND(O61+X61+Y61+GK61,2)+GX61,0) -> 0 | GR61: 0 | GS61: 3 | GT61: 0 | GV61: =ROUND((GT61),6) -> 0 | GW61: 1 | GX61: =ROUND(HC61*I61,2) -> 0 | HA61: 0 | HB61: 0 | HC61: =GV61*GW61 -> 0 | IK61: 0
A62: 17 | B62: 1 | C62: =ROW(SmtRes!A45) -> 45 | D62: =ROW(EtalonRes!A51) -> 51 | E62: 12 | F62: 4.8-162-1 | G62: Провода и кабели в коробах, провод, сечением до 6 мм2 | H62: 100 м | I62: =ROUND(50/100,9) -> 0.5 | J62: 0 | O62: =ROUND(CP62,2) -> 21.34 | P62: =ROUND(CQ62*I62,2) -> 1.86 | Q62: =ROUND(CR62*I62,2) -> 0.43 | R62: =ROUND(CS62*I62,2) -> 0.1 | S62: =ROUND(CT62*I62,2) -> 19.05 | T62: =ROUND(CU62*I62,2) -> 0 | U62: =CV62*I62 -> 1.545 | V62: =CW62*I62 -> 0 | W62: =ROUND(CX62*I62,2) -> 0 | X62: =ROUND(CY62,2) -> 0 | Y62: =ROUND(CZ62,2) -> 0 | AA62: 55106055 | AB62: =ROUND((AC62+AD62+AF62),6) -> 42.66 | AC62: =ROUND((ES62),6) -> 3.71 | AD62: =ROUND((ET62),6) -> 0.85 | AE62: =ROUND((EU62),6) -> 0.2 | AF62: =ROUND((EV62),6) -> 38.1 | AG62: =ROUND((AP62),6) -> 0 | AH62: =(EW62) -> 3.09 | AI62: =(EX62) -> 0 | AJ62: =(AS62) -> 0 | AK62: 42.66 | AL62: 3.71 | AM62: 0.85 | AN62: 0.2 | AO62: 38.1 | AP62: 0 | AQ62: 3.09 | AR62: 0 | AS62: 0 | AT62: 0 | AU62: 0 | AV62: 1 | AW62: 1 | AZ62: 1 | BA62: 1 | BB62: 1 | BC62: 1 | BH62: 0 | BI62: 2 | BJ62: ТСН-2001.4. Доп. 1-42. Сб. 8, т. 162, поз. 1 | BM62: 331 | BN62: 0 | BP62: 0 | BQ62: 40 | BR62: 0 | BS62: 1 | BT62: 1 | BU62: 1 | BV62: 1 | BW62: 1 | BX62: 1 | BZ62: 0 | CA62: 0 | CE62: 0 | CF62: 0 | CG62: 0 | CM62: 0 | CO62: 0 | CP62: =(P62+Q62+S62) -> 21.34 | CQ62: =(AC62*BC62*AW62) -> 3.71 | CR62: =(AD62*BB62*AV62) -> 0.85 | CS62: =(AE62*BS62*AV62) -> 0.2 | CT62: =(AF62*BA62*AV62) -> 38.1 | CU62: =AG62 -> 0 | CV62: =(AH62*AV62) -> 3.09 | CW62: =AI62 -> 0 | CX62: =AJ62 -> 0 | CY62: =S62*(BZ62/100) -> 0 | CZ62: =S62*(CA62/100) -> 0 | DN62: 114 | DO62: 67 | DP62: 1.047 | DQ62: 1 | DU62: 1003 | DV62: 100 м | DW62: 100 м | DX62: 100 | EE62: 21987683 | EF62: 40 | EG62: Монтаж оборудования | EH62: 0 | EJ62: 2 | EK62: 331 | EL62: ТСН-2001.4-8. 8-155...8-184 | EM62: ТСН-2001.4-8-16 | EQ62: 131072 | ER62: 42.66 | ES62: 3.71 | ET62: 0.85 | EU62: 0.2 | EV62: 38.1 | EW62: 3.09 | EX62: 0 | EY62: 0 | FQ62: 0 | FR62: =ROUND(IF(AND(BH62=3,BI62=3),P62,0),2) -> 0 | FS62: 0 | FX62: 114 | FY62: 67 | GD62: 1 | GF62: -103104656 | GG62: 2 | GH62: 1 | GI62: -2 | GJ62: 0 | GK62: 0 | GL62: =ROUND(IF(AND(BH62=3,BI62=3,FS62<>0),P62,0),2) -> 0 | GM62: =ROUND(O62+X62+Y62,2)+GX62 -> 21.34 | GN62: =IF(OR(BI62=0,BI62=1),ROUND(O62+X62+Y62,2),0) -> 0 | GO62: =IF(BI62=2,ROUND(O62+X62+Y62,2),0) -> 21.34 | GP62: =IF(BI62=4,ROUND(O62+X62+Y62,2)+GX62,0) -> 0 | GR62: 0 | GS62: 3 | GT62: 0 | GV62: =ROUND((GT62),6) -> 0 | GW62: 1 | GX62: =ROUND(HC62*I62,2) -> 0 | HA62: 0 | HB62: 0 | HC62: =GV62*GW62 -> 0 | IK62: 0
A63: 17 | B63: 1 | C63: =ROW(SmtRes!A46) -> 46 | D63: =ROW(EtalonRes!A52) -> 52 | E63: 12 | F63: 4.8-162-1 | G63: Провода и кабели в коробах, провод, сечением до 6 мм2 | H63: 100 м | I63: =ROUND(50/100,9) -> 0.5 | J63: 0 | O63: =ROUND(CP63,2) -> 427.1 | P63: =ROUND(CQ63*I63,2) -> 10.04 | Q63: =ROUND(CR63*I63,2) -> 3.87 | R63: =ROUND(CS63*I63,2) -> 2.17 | S63: =ROUND(CT63*I63,2) -> 413.19 | T63: =ROUND(CU63*I63,2) -> 0 | U63: =CV63*I63 -> 1.545 | V63: =CW63*I63 -> 0 | W63: =ROUND(CX63*I63,2) -> 0 | X63: =ROUND(CY63,2) -> 318.16 | Y63: =ROUND(CZ63,2) -> 169.41 | AA63: 55106052 | AB63: =ROUND((AC63+AD63+AF63),6) -> 42.66 | AC63: =ROUND((ES63),6) -> 3.71 | AD63: =ROUND((ET63),6) -> 0.85 | AE63: =ROUND((EU63),6) -> 0.2 | AF63: =ROUND((EV63),6) -> 38.1 | AG63: =ROUND((AP63),6) -> 0 | AH63: =(EW63) -> 3.09 | AI63: =(EX63) -> 0 | AJ63: =(AS63) -> 0 | AK63: 42.66 | AL63: 3.71 | AM63: 0.85 | AN63: 0.2 | AO63: 38.1 | AP63: 0 | AQ63: 3.09 | AR63: 0 | AS63: 0 | AT63: 77 | AU63: 41 | AV63: 1 | AW63: 1 | AZ63: 1 | BA63: 21.69 | BB63: 9.11 | BC63: 5.41 | BH63: 0 | BI63: 2 | BJ63: ТСН-2001.4. Доп. 1-42. Сб. 8, т. 162, поз. 1 | BM63: 331 | BN63: 0 | BO63: 4.8-162-1 | BP63: 1 | BQ63: 40 | BR63: 0 | BS63: 21.69 | BT63: 1 | BU63: 1 | BV63: 1 | BW63: 1 | BX63: 1 | BZ63: 77 | CA63: 41 | CE63: 0 | CF63: 0 | CG63: 0 | CM63: 0 | CO63: 0 | CP63: =(P63+Q63+S63) -> 427.1 | CQ63: =(AC63*BC63*AW63) -> 20.0711 | CR63: =(AD63*BB63*AV63) -> 7.7435 | CS63: =(AE63*BS63*AV63) -> 4.338 | CT63: =(AF63*BA63*AV63) -> 826.389 | CU63: =AG63 -> 0 | CV63: =(AH63*AV63) -> 3.09 | CW63: =AI63 -> 0 | CX63: =AJ63 -> 0 | CY63: =S63*(BZ63/100) -> 318.1563 | CZ63: =S63*(CA63/100) -> 169.4079 | DN63: 114 | DO63: 67 | DP63: 1.047 | DQ63: 1 | DU63: 1003 | DV63: 100 м | DW63: 100 м | DX63: 100 | EE63: 21987683 | EF63: 40 | EG63: Монтаж оборудования | EH63: 0 | EJ63: 2 | EK63: 331 | EL63: ТСН-2001.4-8. 8-155...8-184 | EM63: ТСН-2001.4-8-16 | EQ63: 131072 | ER63: 42.66 | ES63: 3.71 | ET63: 0.85 | EU63: 0.2 | EV63: 38.1 | EW63: 3.09 | EX63: 0 | EY63: 0 | FQ63: 0 | FR63: =ROUND(IF(AND(BH63=3,BI63=3),P63,0),2) -> 0 | FS63: 0 | FX63: 114 | FY63: 67 | GD63: 0 | GF63: -103104656 | GG63: 2 | GH63: 1 | GI63: 2 | GJ63: 0 | GK63: =ROUND(R63*(S12)/100,2) -> 3.41 | GL63: =ROUND(IF(AND(BH63=3,BI63=3,FS63<>0),P63,0),2) -> 0 | GM63: =ROUND(O63+X63+Y63+GK63,2)+GX63 -> 918.08 | GN63: =IF(OR(BI63=0,BI63=1),ROUND(O63+X63+Y63+GK63,2),0) -> 0 | GO63: =IF(BI63=2,ROUND(O63+X63+Y63+GK63,2),0) -> 918.08 | GP63: =IF(BI63=4,ROUND(O63+X63+Y63+GK63,2)+GX63,0) -> 0 | GR63: 0 | GS63: 3 | GT63: 0 | GV63: =ROUND((GT63),6) -> 0 | GW63: 1 | GX63: =ROUND(HC63*I63,2) -> 0 | HA63: 0 | HB63: 0 | HC63: =GV63*GW63 -> 0 | IK63: 0
A64: 17 | B64: 1 | C64: =ROW(SmtRes!A47) -> 47 | D64: =ROW(EtalonRes!A53) -> 53 | E64: 13 | F64: 4.8-163-1 | G64: Провода и кабели по перфорированным профилям, провод сечением до 6 мм2 | H64: 100 м | I64: =ROUND(1000/100,9) -> 10 | J64: 0 | O64: =ROUND(CP64,2) -> 2857.1 | P64: =ROUND(CQ64*I64,2) -> 38.5 | Q64: =ROUND(CR64*I64,2) -> 2310.6 | R64: =ROUND(CS64*I64,2) -> 498.2 | S64: =ROUND(CT64*I64,2) -> 508 | T64: =ROUND(CU64*I64,2) -> 0 | U64: =CV64*I64 -> 41.2 | V64: =CW64*I64 -> 0 | W64: =ROUND(CX64*I64,2) -> 0 | X64: =ROUND(CY64,2) -> 0 | Y64: =ROUND(CZ64,2) -> 0 | AA64: 55106055 | AB64: =ROUND((AC64+AD64+AF64),6) -> 285.71 | AC64: =ROUND((ES64),6) -> 3.85 | AD64: =ROUND((ET64),6) -> 231.06 | AE64: =ROUND((EU64),6) -> 49.82 | AF64: =ROUND((EV64),6) -> 50.8 | AG64: =ROUND((AP64),6) -> 0 | AH64: =(EW64) -> 4.12 | AI64: =(EX64) -> 0 | AJ64: =(AS64) -> 0 | AK64: 285.71 | AL64: 3.85 | AM64: 231.06 | AN64: 49.82 | AO64: 50.8 | AP64: 0 | AQ64: 4.12 | AR64: 0 | AS64: 0 | AT64: 0 | AU64: 0 | AV64: 1 | AW64: 1 | AZ64: 1 | BA64: 1 | BB64: 1 | BC64: 1 | BH64: 0 | BI64: 2 | BJ64: ТСН-2001.4. Доп. 1-42. Сб. 8, т. 163, поз. 1 | BM64: 331 | BN64: 0 | BP64: 0 | BQ64: 40 | BR64: 0 | BS64: 1 | BT64: 1 | BU64: 1 | BV64: 1 | BW64: 1 | BX64: 1 | BZ64: 0 | CA64: 0 | CE64: 0 | CF64: 0 | CG64: 0 | CM64: 0 | CO64: 0 | CP64: =(P64+Q64+S64) -> 2857.1 | CQ64: =(AC64*BC64*AW64) -> 3.85 | CR64: =(AD64*BB64*AV64) -> 231.06 | CS64: =(AE64*BS64*AV64) -> 49.82 | CT64: =(AF64*BA64*AV64) -> 50.8 | CU64: =AG64 -> 0 | CV64: =(AH64*AV64) -> 4.12 | CW64: =AI64 -> 0 | CX64: =AJ64 -> 0 | CY64: =S64*(BZ64/100) -> 0 | CZ64: =S64*(CA64/100) -> 0 | DN64: 114 | DO64: 67 | DP64: 1.047 | DQ64: 1 | DU64: 1003 | DV64: 100 м | DW64: 100 м | DX64: 100 | EE64: 21987683 | EF64: 40 | EG64: Монтаж оборудования | EH64: 0 | EJ64: 2 | EK64: 331 | EL64: ТСН-2001.4-8. 8-155...8-184 | EM64: ТСН-2001.4-8-16 | EQ64: 131072 | ER64: 285.71 | ES64: 3.85 | ET64: 231.06 | EU64: 49.82 | EV64: 50.8 | EW64: 4.12 | EX64: 0 | EY64: 0 | FQ64: 0 | FR64: =ROUND(IF(AND(BH64=3,BI64=3),P64,0),2) -> 0 | FS64: 0 | FX64: 114 | FY64: 67 | GD64: 1 | GF64: 1422259547 | GG64: 2 | GH64: 1 | GI64: -2 | GJ64: 0 | GK64: 0 | GL64: =ROUND(IF(AND(BH64=3,BI64=3,FS64<>0),P64,0),2) -> 0 | GM64: =ROUND(O64+X64+Y64,2)+GX64 -> 2857.1 | GN64: =IF(OR(BI64=0,BI64=1),ROUND(O64+X64+Y64,2),0) -> 0 | GO64: =IF(BI64=2,ROUND(O64+X64+Y64,2),0) -> 2857.1 | GP64: =IF(BI64=4,ROUND(O64+X64+Y64,2)+GX64,0) -> 0 | GR64: 0 | GS64: 3 | GT64: 0 | GV64: =ROUND((GT64),6) -> 0 | GW64: 1 | GX64: =ROUND(HC64*I64,2) -> 0 | HA64: 0 | HB64: 0 | HC64: =GV64*GW64 -> 0 | IK64: 0
A65: 17 | B65: 1 | C65: =ROW(SmtRes!A48) -> 48 | D65: =ROW(EtalonRes!A54) -> 54 | E65: 13 | F65: 4.8-163-1 | G65: Провода и кабели по перфорированным профилям, провод сечением до 6 мм2 | H65: 100 м | I65: =ROUND(1000/100,9) -> 10 | J65: 0 | O65: =ROUND(CP65,2) -> 31536.98 | P65: =ROUND(CQ65*I65,2) -> 208.29 | Q65: =ROUND(CR65*I65,2) -> 20310.17 | R65: =ROUND(CS65*I65,2) -> 10805.96 | S65: =ROUND(CT65*I65,2) -> 11018.52 | T65: =ROUND(CU65*I65,2) -> 0 | U65: =CV65*I65 -> 41.2 | V65: =CW65*I65 -> 0 | W65: =ROUND(CX65*I65,2) -> 0 | X65: =ROUND(CY65,2) -> 8484.26 | Y65: =ROUND(CZ65,2) -> 4517.59 | AA65: 55106052 | AB65: =ROUND((AC65+AD65+AF65),6) -> 285.71 | AC65: =ROUND((ES65),6) -> 3.85 | AD65: =ROUND((ET65),6) -> 231.06 | AE65: =ROUND((EU65),6) -> 49.82 | AF65: =ROUND((EV65),6) -> 50.8 | AG65: =ROUND((AP65),6) -> 0 | AH65: =(EW65) -> 4.12 | AI65: =(EX65) -> 0 | AJ65: =(AS65) -> 0 | AK65: 285.71 | AL65: 3.85 | AM65: 231.06 | AN65: 49.82 | AO65: 50.8 | AP65: 0 | AQ65: 4.12 | AR65: 0 | AS65: 0 | AT65: 77 | AU65: 41 | AV65: 1 | AW65: 1 | AZ65: 1 | BA65: 21.69 | BB65: 8.79 | BC65: 5.41 | BH65: 0 | BI65: 2 | BJ65: ТСН-2001.4. Доп. 1-42. Сб. 8, т. 163, поз. 1 | BM65: 331 | BN65: 0 | BO65: 4.8-163-1 | BP65: 1 | BQ65: 40 | BR65: 0 | BS65: 21.69 | BT65: 1 | BU65: 1 | BV65: 1 | BW65: 1 | BX65: 1 | BZ65: 77 | CA65: 41 | CE65: 0 | CF65: 0 | CG65: 0 | CM65: 0 | CO65: 0 | CP65: =(P65+Q65+S65) -> 31536.98 | CQ65: =(AC65*BC65*AW65) -> 20.8285 | CR65: =(AD65*BB65*AV65) -> 2031.0174 | CS65: =(AE65*BS65*AV65) -> 1080.5958 | CT65: =(AF65*BA65*AV65) -> 1101.852 | CU65: =AG65 -> 0 | CV65: =(AH65*AV65) -> 4.12 | CW65: =AI65 -> 0 | CX65: =AJ65 -> 0 | CY65: =S65*(BZ65/100) -> 8484.2604 | CZ65: =S65*(CA65/100) -> 4517.5932 | DN65: 114 | DO65: 67 | DP65: 1.047 | DQ65: 1 | DU65: 1003 | DV65: 100 м | DW65: 100 м | DX65: 100 | EE65: 21987683 | EF65: 40 | EG65: Монтаж оборудования | EH65: 0 | EJ65: 2 | EK65: 331 | EL65: ТСН-2001.4-8. 8-155...8-184 | EM65: ТСН-2001.4-8-16 | EQ65: 131072 | ER65: 285.71 | ES65: 3.85 | ET65: 231.06 | EU65: 49.82 | EV65: 50.8 | EW65: 4.12 | EX65: 0 | EY65: 0 | FQ65: 0 | FR65: =ROUND(IF(AND(BH65=3,BI65=3),P65,0),2) -> 0 | FS65: 0 | FX65: 114 | FY65: 67 | GD65: 0 | GF65: 1422259547 | GG65: 2 | GH65: 1 | GI65: 2 | GJ65: 0 | GK65: =ROUND(R65*(S12)/100,2) -> 16965.36 | GL65: =ROUND(IF(AND(BH65=3,BI65=3,FS65<>0),P65,0),2) -> 0 | GM65: =ROUND(O65+X65+Y65+GK65,2)+GX65 -> 61504.19 | GN65: =IF(OR(BI65=0,BI65=1),ROUND(O65+X65+Y65+GK65,2),0) -> 0 | GO65: =IF(BI65=2,ROUND(O65+X65+Y65+GK65,2),0) -> 61504.19 | GP65: =IF(BI65=4,ROUND(O65+X65+Y65+GK65,2)+GX65,0) -> 0 | GR65: 0 | GS65: 3 | GT65: 0 | GV65: =ROUND((GT65),6) -> 0 | GW65: 1 | GX65: =ROUND(HC65*I65,2) -> 0 | HA65: 0 | HB65: 0 | HC65: =GV65*GW65 -> 0 | IK65: 0
A66: 17 | B66: 1 | E66: 14 | F66: ц. пост. | G66: Кабель КВПЭфнг(С)-LSLTx-5e 4х2х0,52 | H66: ПМ | I66: 510 | J66: 0 | O66: =ROUND(CP66,2) -> 6359.7 | P66: =ROUND(CQ66*I66,2) -> 6359.7 | Q66: =ROUND(CR66*I66,2) -> 0 | R66: =ROUND(CS66*I66,2) -> 0 | S66: =ROUND(CT66*I66,2) -> 0 | T66: =ROUND(CU66*I66,2) -> 0 | U66: =CV66*I66 -> 0 | V66: =CW66*I66 -> 0 | W66: =ROUND(CX66*I66,2) -> 0 | X66: =ROUND(CY66,2) -> 0 | Y66: =ROUND(CZ66,2) -> 0 | AA66: 55106055 | AB66: =ROUND((AC66+AD66+AF66),6) -> 12.47 | AC66: =ROUND((ES66),6) -> 12.47 | AD66: =ROUND((ET66),6) -> 0 | AE66: =ROUND((EU66),6) -> 0 | AF66: =ROUND((EV66),6) -> 0 | AG66: =ROUND((AP66),6) -> 0 | AH66: =(EW66) -> 0 | AI66: =(EX66) -> 0 | AJ66: =(AS66) -> 0 | AK66: 12.47 | AL66: 12.47 | AM66: 0 | AN66: 0 | AO66: 0 | AP66: 0 | AQ66: 0 | AR66: 0 | AS66: 0 | AT66: 0 | AU66: 0 | AV66: 1 | AW66: 1 | AZ66: 1 | BA66: 1 | BB66: 1 | BC66: 1 | BH66: 3 | BI66: 2 | BM66: 400002 | BN66: 0 | BP66: 0 | BQ66: 202 | BR66: 0 | BS66: 1 | BT66: 1 | BU66: 1 | BV66: 1 | BW66: 1 | BX66: 1 | BZ66: 0 | CA66: 0 | CE66: 0 | CF66: 0 | CG66: 0 | CM66: 0 | CO66: 0 | CP66: =(P66+Q66+S66) -> 6359.7 | CQ66: =(AC66*BC66*AW66) -> 12.47 | CR66: =(AD66*BB66*AV66) -> 0 | CS66: =(AE66*BS66*AV66) -> 0 | CT66: =(AF66*BA66*AV66) -> 0 | CU66: =AG66 -> 0 | CV66: =(AH66*AV66) -> 0 | CW66: =AI66 -> 0 | CX66: =AJ66 -> 0 | CY66: =S66*(BZ66/100) -> 0 | CZ66: =S66*(CA66/100) -> 0 | DN66: 0 | DO66: 0 | DP66: 1 | DQ66: 1 | DU66: 1013 | DV66: ПМ | DW66: ПМ | DX66: 1 | EE66: 22047206 | EF66: 202 | EG66: Материалы | EH66: 0 | EJ66: 1 | EK66: 400002 | EL66: Материалы, изделия и конструкции | EM66: Материалы | EQ66: 131072 | ER66: 12.47 | ES66: 12.47 | ET66: 0 | EU66: 0 | EV66: 0 | EW66: 0 | EX66: 0 | EY66: 0 | FQ66: 0 | FR66: =ROUND(IF(AND(BH66=3,BI66=3),P66,0),2) -> 0 | FS66: 0 | FX66: 0 | FY66: 0 | GD66: 0 | GF66: 1696774418 | GG66: 2 | GH66: 0 | GI66: -2 | GJ66: 0 | GK66: =ROUND(R66*(R12)/100,2) -> 0 | GL66: =ROUND(IF(AND(BH66=3,BI66=3,FS66<>0),P66,0),2) -> 0 | GM66: =ROUND(O66+X66+Y66+GK66,2)+GX66 -> 6359.7 | GN66: =IF(OR(BI66=0,BI66=1),ROUND(O66+X66+Y66+GK66,2),0) -> 0 | GO66: =IF(BI66=2,ROUND(O66+X66+Y66+GK66,2),0) -> 6359.7 | GP66: =IF(BI66=4,ROUND(O66+X66+Y66+GK66,2)+GX66,0) -> 0 | GR66: 0 | GS66: 0 | GT66: 0 | GV66: =ROUND((GT66),6) -> 0 | GW66: 1 | GX66: =ROUND(HC66*I66,2) -> 0 | HA66: 0 | HB66: 0 | HC66: =GV66*GW66 -> 0 | IK66: 0
A67: 17 | B67: 1 | E67: 14 | F67: ц. пост. | G67: Кабель КВПЭфнг(С)-LSLTx-5e 4х2х0,52 | H67: ПМ | I67: 510 | J67: 0 | O67: =ROUND(CP67,2) -> 34102.48 | P67: =ROUND(CQ67*I67,2) -> 34102.48 | Q67: =ROUND(CR67*I67,2) -> 0 | R67: =ROUND(CS67*I67,2) -> 0 | S67: =ROUND(CT67*I67,2) -> 0 | T67: =ROUND(CU67*I67,2) -> 0 | U67: =CV67*I67 -> 0 | V67: =CW67*I67 -> 0 | W67: =ROUND(CX67*I67,2) -> 0 | X67: =ROUND(CY67,2) -> 0 | Y67: =ROUND(CZ67,2) -> 0 | AA67: 55106052 | AB67: =ROUND((AC67+AD67+AF67),6) -> 12.36 | AC67: =ROUND((ES67),6) -> 12.36 | AD67: =ROUND((ET67),6) -> 0 | AE67: =ROUND((EU67),6) -> 0 | AF67: =ROUND((EV67),6) -> 0 | AG67: =ROUND((AP67),6) -> 0 | AH67: =(EW67) -> 0 | AI67: =(EX67) -> 0 | AJ67: =(AS67) -> 0 | AK67: 12.36 | AL67: 12.36 | AM67: 0 | AN67: 0 | AO67: 0 | AP67: 0 | AQ67: 0 | AR67: 0 | AS67: 0 | AT67: 0 | AU67: 0 | AV67: 1 | AW67: 1 | AZ67: 1 | BA67: 1 | BB67: 1 | BC67: 5.41 | BH67: 3 | BI67: 2 | BM67: 400002 | BN67: 0 | BP67: 0 | BQ67: 202 | BR67: 0 | BS67: 1 | BT67: 1 | BU67: 1 | BV67: 1 | BW67: 1 | BX67: 1 | BZ67: 0 | CA67: 0 | CE67: 0 | CF67: 0 | CG67: 0 | CM67: 0 | CO67: 0 | CP67: =(P67+Q67+S67) -> 34102.48 | CQ67: =(AC67*BC67*AW67) -> 66.8676 | CR67: =(AD67*BB67*AV67) -> 0 | CS67: =(AE67*BS67*AV67) -> 0 | CT67: =(AF67*BA67*AV67) -> 0 | CU67: =AG67 -> 0 | CV67: =(AH67*AV67) -> 0 | CW67: =AI67 -> 0 | CX67: =AJ67 -> 0 | CY67: =S67*(BZ67/100) -> 0 | CZ67: =S67*(CA67/100) -> 0 | DN67: 0 | DO67: 0 | DP67: 1 | DQ67: 1 | DU67: 1013 | DV67: ПМ | DW67: ПМ | DX67: 1 | EE67: 22047206 | EF67: 202 | EG67: Материалы | EH67: 0 | EJ67: 1 | EK67: 400002 | EL67: Материалы, изделия и конструкции | EM67: Материалы | EQ67: 131072 | ER67: 12.47 | ES67: 12.36 | ET67: 0 | EU67: 0 | EV67: 0 | EW67: 0 | EX67: 0 | EY67: 0 | EZ67: 5 | FC67: 1 | FD67: 18 | FF67: 78.68 | FQ67: 0 | FR67: =ROUND(IF(AND(BH67=3,BI67=3),P67,0),2) -> 0 | FS67: 0 | FX67: 0 | FY67: 0 | GA67: [78,68 / 1,2 / 5,41] + 2% Заг.скл | GD67: 0 | GF67: 1696774418 | GG67: 2 | GH67: 3 | GI67: 5 | GJ67: 0 | GK67: =ROUND(R67*(S12)/100,2) -> 0 | GL67: =ROUND(IF(AND(BH67=3,BI67=3,FS67<>0),P67,0),2) -> 0 | GM67: =ROUND(O67+X67+Y67+GK67,2)+GX67 -> 34102.48 | GN67: =IF(OR(BI67=0,BI67=1),ROUND(O67+X67+Y67+GK67,2),0) -> 0 | GO67: =IF(BI67=2,ROUND(O67+X67+Y67+GK67,2),0) -> 34102.48 | GP67: =IF(BI67=4,ROUND(O67+X67+Y67+GK67,2)+GX67,0) -> 0 | GR67: 1 | GS67: 1 | GT67: 0 | GV67: =ROUND((GT67),6) -> 0 | GW67: 1 | GX67: =ROUND(HC67*I67,2) -> 0 | HA67: 0 | HB67: 0 | HC67: =GV67*GW67 -> 0 | IK67: 0
A68: 17 | B68: 1 | E68: 15 | F68: ц. пост. | G68: Кабель ВВГЭ нг(А)-LSLTх 3х1,5 | H68: ПМ | I68: 510 | J68: 0 | O68: =ROUND(CP68,2) -> 3978 | P68: =ROUND(CQ68*I68,2) -> 3978 | Q68: =ROUND(CR68*I68,2) -> 0 | R68: =ROUND(CS68*I68,2) -> 0 | S68: =ROUND(CT68*I68,2) -> 0 | T68: =ROUND(CU68*I68,2) -> 0 | U68: =CV68*I68 -> 0 | V68: =CW68*I68 -> 0 | W68: =ROUND(CX68*I68,2) -> 0 | X68: =ROUND(CY68,2) -> 0 | Y68: =ROUND(CZ68,2) -> 0 | AA68: 55106055 | AB68: =ROUND((AC68+AD68+AF68),6) -> 7.8 | AC68: =ROUND((ES68),6) -> 7.8 | AD68: =ROUND((ET68),6) -> 0 | AE68: =ROUND((EU68),6) -> 0 | AF68: =ROUND((EV68),6) -> 0 | AG68: =ROUND((AP68),6) -> 0 | AH68: =(EW68) -> 0 | AI68: =(EX68) -> 0 | AJ68: =(AS68) -> 0 | AK68: 7.8 | AL68: 7.8 | AM68: 0 | AN68: 0 | AO68: 0 | AP68: 0 | AQ68: 0 | AR68: 0 | AS68: 0 | AT68: 0 | AU68: 0 | AV68: 1 | AW68: 1 | AZ68: 1 | BA68: 1 | BB68: 1 | BC68: 1 | BH68: 3 | BI68: 2 | BM68: 400002 | BN68: 0 | BP68: 0 | BQ68: 202 | BR68: 0 | BS68: 1 | BT68: 1 | BU68: 1 | BV68: 1 | BW68: 1 | BX68: 1 | BZ68: 0 | CA68: 0 | CE68: 0 | CF68: 0 | CG68: 0 | CM68: 0 | CO68: 0 | CP68: =(P68+Q68+S68) -> 3978 | CQ68: =(AC68*BC68*AW68) -> 7.8 | CR68: =(AD68*BB68*AV68) -> 0 | CS68: =(AE68*BS68*AV68) -> 0 | CT68: =(AF68*BA68*AV68) -> 0 | CU68: =AG68 -> 0 | CV68: =(AH68*AV68) -> 0 | CW68: =AI68 -> 0 | CX68: =AJ68 -> 0 | CY68: =S68*(BZ68/100) -> 0 | CZ68: =S68*(CA68/100) -> 0 | DN68: 0 | DO68: 0 | DP68: 1 | DQ68: 1 | DU68: 1013 | DV68: ПМ | DW68: ПМ | DX68: 1 | EE68: 22047206 | EF68: 202 | EG68: Материалы | EH68: 0 | EJ68: 1 | EK68: 400002 | EL68: Материалы, изделия и конструкции | EM68: Материалы | EQ68: 131072 | ER68: 7.8 | ES68: 7.8 | ET68: 0 | EU68: 0 | EV68: 0 | EW68: 0 | EX68: 0 | EY68: 0 | FQ68: 0 | FR68: =ROUND(IF(AND(BH68=3,BI68=3),P68,0),2) -> 0 | FS68: 0 | FX68: 0 | FY68: 0 | GD68: 0 | GF68: 926290351 | GG68: 2 | GH68: 0 | GI68: -2 | GJ68: 0 | GK68: =ROUND(R68*(R12)/100,2) -> 0 | GL68: =ROUND(IF(AND(BH68=3,BI68=3,FS68<>0),P68,0),2) -> 0 | GM68: =ROUND(O68+X68+Y68+GK68,2)+GX68 -> 3978 | GN68: =IF(OR(BI68=0,BI68=1),ROUND(O68+X68+Y68+GK68,2),0) -> 0 | GO68: =IF(BI68=2,ROUND(O68+X68+Y68+GK68,2),0) -> 3978 | GP68: =IF(BI68=4,ROUND(O68+X68+Y68+GK68,2)+GX68,0) -> 0 | GR68: 0 | GS68: 0 | GT68: 0 | GV68: =ROUND((GT68),6) -> 0 | GW68: 1 | GX68: =ROUND(HC68*I68,2) -> 0 | HA68: 0 | HB68: 0 | HC68: =GV68*GW68 -> 0 | IK68: 0
A69: 17 | B69: 1 | E69: 15 | F69: ц. пост. | G69: Кабель ВВГЭ нг(А)-LSLTх 3х1,5 | H69: ПМ | I69: 510 | J69: 0 | O69: =ROUND(CP69,2) -> 21327.84 | P69: =ROUND(CQ69*I69,2) -> 21327.84 | Q69: =ROUND(CR69*I69,2) -> 0 | R69: =ROUND(CS69*I69,2) -> 0 | S69: =ROUND(CT69*I69,2) -> 0 | T69: =ROUND(CU69*I69,2) -> 0 | U69: =CV69*I69 -> 0 | V69: =CW69*I69 -> 0 | W69: =ROUND(CX69*I69,2) -> 0 | X69: =ROUND(CY69,2) -> 0 | Y69: =ROUND(CZ69,2) -> 0 | AA69: 55106052 | AB69: =ROUND((AC69+AD69+AF69),6) -> 7.73 | AC69: =ROUND((ES69),6) -> 7.73 | AD69: =ROUND((ET69),6) -> 0 | AE69: =ROUND((EU69),6) -> 0 | AF69: =ROUND((EV69),6) -> 0 | AG69: =ROUND((AP69),6) -> 0 | AH69: =(EW69) -> 0 | AI69: =(EX69) -> 0 | AJ69: =(AS69) -> 0 | AK69: 7.73 | AL69: 7.73 | AM69: 0 | AN69: 0 | AO69: 0 | AP69: 0 | AQ69: 0 | AR69: 0 | AS69: 0 | AT69: 0 | AU69: 0 | AV69: 1 | AW69: 1 | AZ69: 1 | BA69: 1 | BB69: 1 | BC69: 5.41 | BH69: 3 | BI69: 2 | BM69: 400002 | BN69: 0 | BP69: 0 | BQ69: 202 | BR69: 0 | BS69: 1 | BT69: 1 | BU69: 1 | BV69: 1 | BW69: 1 | BX69: 1 | BZ69: 0 | CA69: 0 | CE69: 0 | CF69: 0 | CG69: 0 | CM69: 0 | CO69: 0 | CP69: =(P69+Q69+S69) -> 21327.84 | CQ69: =(AC69*BC69*AW69) -> 41.8193 | CR69: =(AD69*BB69*AV69) -> 0 | CS69: =(AE69*BS69*AV69) -> 0 | CT69: =(AF69*BA69*AV69) -> 0 | CU69: =AG69 -> 0 | CV69: =(AH69*AV69) -> 0 | CW69: =AI69 -> 0 | CX69: =AJ69 -> 0 | CY69: =S69*(BZ69/100) -> 0 | CZ69: =S69*(CA69/100) -> 0 | DN69: 0 | DO69: 0 | DP69: 1 | DQ69: 1 | DU69: 1013 | DV69: ПМ | DW69: ПМ | DX69: 1 | EE69: 22047206 | EF69: 202 | EG69: Материалы | EH69: 0 | EJ69: 1 | EK69: 400002 | EL69: Материалы, изделия и конструкции | EM69: Материалы | EQ69: 131072 | ER69: 7.8 | ES69: 7.73 | ET69: 0 | EU69: 0 | EV69: 0 | EW69: 0 | EX69: 0 | EY69: 0 | EZ69: 5 | FC69: 1 | FD69: 18 | FF69: 49.22 | FQ69: 0 | FR69: =ROUND(IF(AND(BH69=3,BI69=3),P69,0),2) -> 0 | FS69: 0 | FX69: 0 | FY69: 0 | GA69: [49,22 / 1,2 / 5,41] + 2% Заг.скл | GD69: 0 | GF69: 926290351 | GG69: 2 | GH69: 3 | GI69: 5 | GJ69: 0 | GK69: =ROUND(R69*(S12)/100,2) -> 0 | GL69: =ROUND(IF(AND(BH69=3,BI69=3,FS69<>0),P69,0),2) -> 0 | GM69: =ROUND(O69+X69+Y69+GK69,2)+GX69 -> 21327.84 | GN69: =IF(OR(BI69=0,BI69=1),ROUND(O69+X69+Y69+GK69,2),0) -> 0 | GO69: =IF(BI69=2,ROUND(O69+X69+Y69+GK69,2),0) -> 21327.84 | GP69: =IF(BI69=4,ROUND(O69+X69+Y69+GK69,2)+GX69,0) -> 0 | GR69: 1 | GS69: 1 | GT69: 0 | GV69: =ROUND((GT69),6) -> 0 | GW69: 1 | GX69: =ROUND(HC69*I69,2) -> 0 | HA69: 0 | HB69: 0 | HC69: =GV69*GW69 -> 0 | IK69: 0
A70: 17 | B70: 1 | E70: 16 | F70: 1.23-9-38 | G70: Кабели для адресных систем пожарной сигнализации с однопроволочными медными жилами, с изоляцией и оболочкой из ПВХ пластиката, марка КПСВВ, число пар и сечение 1х2х0,75 мм2 | H70: км | I70: 0.11 | J70: 0 | O70: =ROUND(CP70,2) -> 442.26 | P70: =ROUND(CQ70*I70,2) -> 442.26 | Q70: =ROUND(CR70*I70,2) -> 0 | R70: =ROUND(CS70*I70,2) -> 0 | S70: =ROUND(CT70*I70,2) -> 0 | T70: =ROUND(CU70*I70,2) -> 0 | U70: =CV70*I70 -> 0 | V70: =CW70*I70 -> 0 | W70: =ROUND(CX70*I70,2) -> 0 | X70: =ROUND(CY70,2) -> 0 | Y70: =ROUND(CZ70,2) -> 0 | AA70: 55106055 | AB70: =ROUND((AC70+AD70+AF70),6) -> 4020.51 | AC70: =ROUND((ES70),6) -> 4020.51 | AD70: =ROUND((ET70),6) -> 0 | AE70: =ROUND((EU70),6) -> 0 | AF70: =ROUND((EV70),6) -> 0 | AG70: =ROUND((AP70),6) -> 0 | AH70: =(EW70) -> 0 | AI70: =(EX70) -> 0 | AJ70: =(AS70) -> 0 | AK70: 4020.51 | AL70: 4020.51 | AM70: 0 | AN70: 0 | AO70: 0 | AP70: 0 | AQ70: 0 | AR70: 0 | AS70: 0 | AT70: 0 | AU70: 0 | AV70: 1 | AW70: 1 | AZ70: 1 | BA70: 1 | BB70: 1 | BC70: 1 | BH70: 3 | BI70: 2 | BJ70: ТСН-2001.1. Доп. 1-42. Р. 23, о. 9, поз. 38 | BM70: 1618 | BN70: 0 | BP70: 0 | BQ70: 201 | BR70: 0 | BS70: 1 | BT70: 1 | BU70: 1 | BV70: 1 | BW70: 1 | BX70: 1 | BZ70: 0 | CA70: 0 | CE70: 0 | CF70: 0 | CG70: 0 | CM70: 0 | CO70: 0 | CP70: =(P70+Q70+S70) -> 442.26 | CQ70: =(AC70*BC70*AW70) -> 4020.51 | CR70: =(AD70*BB70*AV70) -> 0 | CS70: =(AE70*BS70*AV70) -> 0 | CT70: =(AF70*BA70*AV70) -> 0 | CU70: =AG70 -> 0 | CV70: =(AH70*AV70) -> 0 | CW70: =AI70 -> 0 | CX70: =AJ70 -> 0 | CY70: =S70*(BZ70/100) -> 0 | CZ70: =S70*(CA70/100) -> 0 | DN70: 0 | DO70: 0 | DP70: 1 | DQ70: 1 | DU70: 1003 | DV70: км | DW70: км | DX70: 1000 | EE70: 21988970 | EF70: 201 | EG70: Материалы монтажные | EH70: 0 | EJ70: 2 | EK70: 1618 | EL70: ТСН-2001.1 Материалы монтажные | EM70: ТСН-2001.1-2 | EQ70: 131072 | ER70: 4020.51 | ES70: 4020.51 | ET70: 0 | EU70: 0 | EV70: 0 | EW70: 0 | EX70: 0 | EY70: 0 | FQ70: 0 | FR70: =ROUND(IF(AND(BH70=3,BI70=3),P70,0),2) -> 0 | FS70: 0 | FX70: 0 | FY70: 0 | GD70: 0 | GF70: 459342775 | GG70: 2 | GH70: 1 | GI70: -2 | GJ70: 0 | GK70: =ROUND(R70*(R12)/100,2) -> 0 | GL70: =ROUND(IF(AND(BH70=3,BI70=3,FS70<>0),P70,0),2) -> 0 | GM70: =ROUND(O70+X70+Y70+GK70,2)+GX70 -> 442.26 | GN70: =IF(OR(BI70=0,BI70=1),ROUND(O70+X70+Y70+GK70,2),0) -> 0 | GO70: =IF(BI70=2,ROUND(O70+X70+Y70+GK70,2),0) -> 442.26 | GP70: =IF(BI70=4,ROUND(O70+X70+Y70+GK70,2)+GX70,0) -> 0 | GR70: 0 | GS70: 3 | GT70: 0 | GV70: =ROUND((GT70),6) -> 0 | GW70: 1 | GX70: =ROUND(HC70*I70,2) -> 0 | HA70: 0 | HB70: 0 | HC70: =GV70*GW70 -> 0 | IK70: 0
A71: 17 | B71: 1 | E71: 16 | F71: 1.23-9-38 | G71: Кабели для адресных систем пожарной сигнализации с однопроволочными медными жилами, с изоляцией и оболочкой из ПВХ пластиката, марка КПСВВ, число пар и сечение 1х2х0,75 мм2 | H71: км | I71: 0.11 | J71: 0 | O71: =ROUND(CP71,2) -> 1171.98 | P71: =ROUND(CQ71*I71,2) -> 1171.98 | Q71: =ROUND(CR71*I71,2) -> 0 | R71: =ROUND(CS71*I71,2) -> 0 | S71: =ROUND(CT71*I71,2) -> 0 | T71: =ROUND(CU71*I71,2) -> 0 | U71: =CV71*I71 -> 0 | V71: =CW71*I71 -> 0 | W71: =ROUND(CX71*I71,2) -> 0 | X71: =ROUND(CY71,2) -> 0 | Y71: =ROUND(CZ71,2) -> 0 | AA71: 55106052 | AB71: =ROUND((AC71+AD71+AF71),6) -> 4020.51 | AC71: =ROUND((ES71),6) -> 4020.51 | AD71: =ROUND((ET71),6) -> 0 | AE71: =ROUND((EU71),6) -> 0 | AF71: =ROUND((EV71),6) -> 0 | AG71: =ROUND((AP71),6) -> 0 | AH71: =(EW71) -> 0 | AI71: =(EX71) -> 0 | AJ71: =(AS71) -> 0 | AK71: 4020.51 | AL71: 4020.51 | AM71: 0 | AN71: 0 | AO71: 0 | AP71: 0 | AQ71: 0 | AR71: 0 | AS71: 0 | AT71: 0 | AU71: 0 | AV71: 1 | AW71: 1 | AZ71: 1 | BA71: 1 | BB71: 1 | BC71: 2.65 | BH71: 3 | BI71: 2 | BJ71: ТСН-2001.1. Доп. 1-42. Р. 23, о. 9, поз. 38 | BM71: 1618 | BN71: 0 | BO71: 1.23-9-38 | BP71: 1 | BQ71: 201 | BR71: 0 | BS71: 1 | BT71: 1 | BU71: 1 | BV71: 1 | BW71: 1 | BX71: 1 | BZ71: 0 | CA71: 0 | CE71: 0 | CF71: 0 | CG71: 0 | CM71: 0 | CO71: 0 | CP71: =(P71+Q71+S71) -> 1171.98 | CQ71: =(AC71*BC71*AW71) -> 10654.352 | CR71: =(AD71*BB71*AV71) -> 0 | CS71: =(AE71*BS71*AV71) -> 0 | CT71: =(AF71*BA71*AV71) -> 0 | CU71: =AG71 -> 0 | CV71: =(AH71*AV71) -> 0 | CW71: =AI71 -> 0 | CX71: =AJ71 -> 0 | CY71: =S71*(BZ71/100) -> 0 | CZ71: =S71*(CA71/100) -> 0 | DN71: 0 | DO71: 0 | DP71: 1 | DQ71: 1 | DU71: 1003 | DV71: км | DW71: км | DX71: 1000 | EE71: 21988970 | EF71: 201 | EG71: Материалы монтажные | EH71: 0 | EJ71: 2 | EK71: 1618 | EL71: ТСН-2001.1 Материалы монтажные | EM71: ТСН-2001.1-2 | EQ71: 131072 | ER71: 4020.51 | ES71: 4020.51 | ET71: 0 | EU71: 0 | EV71: 0 | EW71: 0 | EX71: 0 | EY71: 0 | FQ71: 0 | FR71: =ROUND(IF(AND(BH71=3,BI71=3),P71,0),2) -> 0 | FS71: 0 | FX71: 0 | FY71: 0 | GD71: 0 | GF71: 459342775 | GG71: 2 | GH71: 1 | GI71: 2 | GJ71: 0 | GK71: =ROUND(R71*(S12)/100,2) -> 0 | GL71: =ROUND(IF(AND(BH71=3,BI71=3,FS71<>0),P71,0),2) -> 0 | GM71: =ROUND(O71+X71+Y71+GK71,2)+GX71 -> 1171.98 | GN71: =IF(OR(BI71=0,BI71=1),ROUND(O71+X71+Y71+GK71,2),0) -> 0 | GO71: =IF(BI71=2,ROUND(O71+X71+Y71+GK71,2),0) -> 1171.98 | GP71: =IF(BI71=4,ROUND(O71+X71+Y71+GK71,2)+GX71,0) -> 0 | GR71: 0 | GS71: 3 | GT71: 0 | GV71: =ROUND((GT71),6) -> 0 | GW71: 1 | GX71: =ROUND(HC71*I71,2) -> 0 | HA71: 0 | HB71: 0 | HC71: =GV71*GW71 -> 0 | IK71: 0
A72: 17 | B72: 1 | C72: =ROW(SmtRes!A49) -> 49 | D72: =ROW(EtalonRes!A55) -> 55 | E72: 17 | F72: 4.8-70-1 | G72: Аккумуляторы кислотные стационарные, аккумулятор С-1, СК-1 | H72: 1 ШТ. | I72: 1 | J72: 0 | O72: =ROUND(CP72,2) -> 27.82 | P72: =ROUND(CQ72*I72,2) -> 1.82 | Q72: =ROUND(CR72*I72,2) -> 0 | R72: =ROUND(CS72*I72,2) -> 0 | S72: =ROUND(CT72*I72,2) -> 26 | T72: =ROUND(CU72*I72,2) -> 0 | U72: =CV72*I72 -> 2.06 | V72: =CW72*I72 -> 0 | W72: =ROUND(CX72*I72,2) -> 0 | X72: =ROUND(CY72,2) -> 0 | Y72: =ROUND(CZ72,2) -> 0 | AA72: 55106055 | AB72: =ROUND((AC72+AD72+AF72),6) -> 27.82 | AC72: =ROUND((ES72),6) -> 1.82 | AD72: =ROUND((ET72),6) -> 0 | AE72: =ROUND((EU72),6) -> 0 | AF72: =ROUND((EV72),6) -> 26 | AG72: =ROUND((AP72),6) -> 0 | AH72: =(EW72) -> 2.06 | AI72: =(EX72) -> 0 | AJ72: =(AS72) -> 0 | AK72: 27.82 | AL72: 1.82 | AM72: 0 | AN72: 0 | AO72: 26 | AP72: 0 | AQ72: 2.06 | AR72: 0 | AS72: 0 | AT72: 0 | AU72: 0 | AV72: 1 | AW72: 1 | AZ72: 1 | BA72: 1 | BB72: 1 | BC72: 1 | BH72: 0 | BI72: 2 | BJ72: ТСН-2001.4. Доп. 1-42. Сб. 8, т. 70, поз. 1 | BM72: 317 | BN72: 0 | BP72: 0 | BQ72: 40 | BR72: 0 | BS72: 1 | BT72: 1 | BU72: 1 | BV72: 1 | BW72: 1 | BX72: 1 | BZ72: 0 | CA72: 0 | CE72: 0 | CF72: 0 | CG72: 0 | CM72: 0 | CO72: 0 | CP72: =(P72+Q72+S72) -> 27.82 | CQ72: =(AC72*BC72*AW72) -> 1.82 | CR72: =(AD72*BB72*AV72) -> 0 | CS72: =(AE72*BS72*AV72) -> 0 | CT72: =(AF72*BA72*AV72) -> 26 | CU72: =AG72 -> 0 | CV72: =(AH72*AV72) -> 2.06 | CW72: =AI72 -> 0 | CX72: =AJ72 -> 0 | CY72: =S72*(BZ72/100) -> 0 | CZ72: =S72*(CA72/100) -> 0 | DN72: 114 | DO72: 67 | DP72: 1.047 | DQ72: 1 | DU72: 1013 | DV72: 1 ШТ. | DW72: 1 ШТ. | DX72: 1 | EE72: 21987669 | EF72: 40 | EG72: Монтаж оборудования | EH72: 0 | EJ72: 2 | EK72: 317 | EL72: ТСН-2001.4-8. 8-28...8-72 | EM72: ТСН-2001.4-8-2 | EQ72: 131072 | ER72: 27.82 | ES72: 1.82 | ET72: 0 | EU72: 0 | EV72: 26 | EW72: 2.06 | EX72: 0 | EY72: 0 | FQ72: 0 | FR72: =ROUND(IF(AND(BH72=3,BI72=3),P72,0),2) -> 0 | FS72: 0 | FX72: 114 | FY72: 67 | GD72: 1 | GF72: 1456314243 | GG72: 2 | GH72: 1 | GI72: -2 | GJ72: 0 | GK72: 0 | GL72: =ROUND(IF(AND(BH72=3,BI72=3,FS72<>0),P72,0),2) -> 0 | GM72: =ROUND(O72+X72+Y72,2)+GX72 -> 27.82 | GN72: =IF(OR(BI72=0,BI72=1),ROUND(O72+X72+Y72,2),0) -> 0 | GO72: =IF(BI72=2,ROUND(O72+X72+Y72,2),0) -> 27.82 | GP72: =IF(BI72=4,ROUND(O72+X72+Y72,2)+GX72,0) -> 0 | GR72: 0 | GS72: 3 | GT72: 0 | GV72: =ROUND((GT72),6) -> 0 | GW72: 1 | GX72: =ROUND(HC72*I72,2) -> 0 | HA72: 0 | HB72: 0 | HC72: =GV72*GW72 -> 0 | IK72: 0
A73: 17 | B73: 1 | C73: =ROW(SmtRes!A50) -> 50 | D73: =ROW(EtalonRes!A56) -> 56 | E73: 17 | F73: 4.8-70-1 | G73: Аккумуляторы кислотные стационарные, аккумулятор С-1, СК-1 | H73: 1 ШТ. | I73: 1 | J73: 0 | O73: =ROUND(CP73,2) -> 573.79 | P73: =ROUND(CQ73*I73,2) -> 9.85 | Q73: =ROUND(CR73*I73,2) -> 0 | R73: =ROUND(CS73*I73,2) -> 0 | S73: =ROUND(CT73*I73,2) -> 563.94 | T73: =ROUND(CU73*I73,2) -> 0 | U73: =CV73*I73 -> 2.06 | V73: =CW73*I73 -> 0 | W73: =ROUND(CX73*I73,2) -> 0 | X73: =ROUND(CY73,2) -> 434.23 | Y73: =ROUND(CZ73,2) -> 231.22 | AA73: 55106052 | AB73: =ROUND((AC73+AD73+AF73),6) -> 27.82 | AC73: =ROUND((ES73),6) -> 1.82 | AD73: =ROUND((ET73),6) -> 0 | AE73: =ROUND((EU73),6) -> 0 | AF73: =ROUND((EV73),6) -> 26 | AG73: =ROUND((AP73),6) -> 0 | AH73: =(EW73) -> 2.06 | AI73: =(EX73) -> 0 | AJ73: =(AS73) -> 0 | AK73: 27.82 | AL73: 1.82 | AM73: 0 | AN73: 0 | AO73: 26 | AP73: 0 | AQ73: 2.06 | AR73: 0 | AS73: 0 | AT73: 77 | AU73: 41 | AV73: 1 | AW73: 1 | AZ73: 1 | BA73: 21.69 | BB73: 1 | BC73: 5.41 | BH73: 0 | BI73: 2 | BJ73: ТСН-2001.4. Доп. 1-42. Сб. 8, т. 70, поз. 1 | BM73: 317 | BN73: 0 | BO73: 4.8-70-1 | BP73: 1 | BQ73: 40 | BR73: 0 | BS73: 21.69 | BT73: 1 | BU73: 1 | BV73: 1 | BW73: 1 | BX73: 1 | BZ73: 77 | CA73: 41 | CE73: 0 | CF73: 0 | CG73: 0 | CM73: 0 | CO73: 0 | CP73: =(P73+Q73+S73) -> 573.79 | CQ73: =(AC73*BC73*AW73) -> 9.8462 | CR73: =(AD73*BB73*AV73) -> 0 | CS73: =(AE73*BS73*AV73) -> 0 | CT73: =(AF73*BA73*AV73) -> 563.94 | CU73: =AG73 -> 0 | CV73: =(AH73*AV73) -> 2.06 | CW73: =AI73 -> 0 | CX73: =AJ73 -> 0 | CY73: =S73*(BZ73/100) -> 434.2338 | CZ73: =S73*(CA73/100) -> 231.2154 | DN73: 114 | DO73: 67 | DP73: 1.047 | DQ73: 1 | DU73: 1013 | DV73: 1 ШТ. | DW73: 1 ШТ. | DX73: 1 | EE73: 21987669 | EF73: 40 | EG73: Монтаж оборудования | EH73: 0 | EJ73: 2 | EK73: 317 | EL73: ТСН-2001.4-8. 8-28...8-72 | EM73: ТСН-2001.4-8-2 | EQ73: 131072 | ER73: 27.82 | ES73: 1.82 | ET73: 0 | EU73: 0 | EV73: 26 | EW73: 2.06 | EX73: 0 | EY73: 0 | FQ73: 0 | FR73: =ROUND(IF(AND(BH73=3,BI73=3),P73,0),2) -> 0 | FS73: 0 | FX73: 114 | FY73: 67 | GD73: 0 | GF73: 1456314243 | GG73: 2 | GH73: 1 | GI73: 2 | GJ73: 0 | GK73: =ROUND(R73*(S12)/100,2) -> 0 | GL73: =ROUND(IF(AND(BH73=3,BI73=3,FS73<>0),P73,0),2) -> 0 | GM73: =ROUND(O73+X73+Y73+GK73,2)+GX73 -> 1239.24 | GN73: =IF(OR(BI73=0,BI73=1),ROUND(O73+X73+Y73+GK73,2),0) -> 0 | GO73: =IF(BI73=2,ROUND(O73+X73+Y73+GK73,2),0) -> 1239.24 | GP73: =IF(BI73=4,ROUND(O73+X73+Y73+GK73,2)+GX73,0) -> 0 | GR73: 0 | GS73: 3 | GT73: 0 | GV73: =ROUND((GT73),6) -> 0 | GW73: 1 | GX73: =ROUND(HC73*I73,2) -> 0 | HA73: 0 | HB73: 0 | HC73: =GV73*GW73 -> 0 | IK73: 0
A74: 17 | B74: 1 | C74: =ROW(SmtRes!A51) -> 51 | D74: =ROW(EtalonRes!A57) -> 57 | E74: 18 | F74: 4.10-177-1 | G74: Устройство связи с согласующим устройством (вызывная панель) | H74: 10 шт. | I74: =ROUND(4/10,9) -> 0.4 | J74: 0 | O74: =ROUND(CP74,2) -> 94.78 | P74: =ROUND(CQ74*I74,2) -> 0.99 | Q74: =ROUND(CR74*I74,2) -> 2.79 | R74: =ROUND(CS74*I74,2) -> 0.47 | S74: =ROUND(CT74*I74,2) -> 91 | T74: =ROUND(CU74*I74,2) -> 0 | U74: =CV74*I74 -> 5.856 | V74: =CW74*I74 -> 0 | W74: =ROUND(CX74*I74,2) -> 0 | X74: =ROUND(CY74,2) -> 0 | Y74: =ROUND(CZ74,2) -> 0 | AA74: 55106055 | AB74: =ROUND((AC74+AD74+AF74),6) -> 236.94 | AC74: =ROUND((ES74),6) -> 2.47 | AD74: =ROUND((ET74),6) -> 6.98 | AE74: =ROUND((EU74),6) -> 1.18 | AF74: =ROUND((EV74),6) -> 227.49 | AG74: =ROUND((AP74),6) -> 0 | AH74: =(EW74) -> 14.64 | AI74: =(EX74) -> 0 | AJ74: =(AS74) -> 0 | AK74: 236.94 | AL74: 2.47 | AM74: 6.98 | AN74: 1.18 | AO74: 227.49 | AP74: 0 | AQ74: 14.64 | AR74: 0 | AS74: 0 | AT74: 0 | AU74: 0 | AV74: 1 | AW74: 1 | AZ74: 1 | BA74: 1 | BB74: 1 | BC74: 1 | BH74: 0 | BI74: 2 | BJ74: ТСН-2001.4. Доп. 1-42. Сб. 10, т. 177, поз. 1 | BM74: 1738 | BN74: 0 | BP74: 0 | BQ74: 40 | BR74: 0 | BS74: 1 | BT74: 1 | BU74: 1 | BV74: 1 | BW74: 1 | BX74: 1 | BZ74: 0 | CA74: 0 | CE74: 0 | CF74: 0 | CG74: 0 | CM74: 0 | CO74: 0 | CP74: =(P74+Q74+S74) -> 94.78 | CQ74: =(AC74*BC74*AW74) -> 2.47 | CR74: =(AD74*BB74*AV74) -> 6.98 | CS74: =(AE74*BS74*AV74) -> 1.18 | CT74: =(AF74*BA74*AV74) -> 227.49 | CU74: =AG74 -> 0 | CV74: =(AH74*AV74) -> 14.64 | CW74: =AI74 -> 0 | CX74: =AJ74 -> 0 | CY74: =S74*(BZ74/100) -> 0 | CZ74: =S74*(CA74/100) -> 0 | DN74: 114 | DO74: 67 | DP74: 1.047 | DQ74: 1 | DU74: 1010 | DV74: 10 шт. | DW74: 10 шт. | DX74: 10 | EE74: 21989090 | EF74: 40 | EG74: Монтаж оборудования | EH74: 0 | EJ74: 2 | EK74: 1738 | EL74: ТСН-2001.4-10. 10-175…10-177 (доп. 31) | EM74: ТСН-2001.4-10-22 | EQ74: 131072 | ER74: 236.94 | ES74: 2.47 | ET74: 6.98 | EU74: 1.18 | EV74: 227.49 | EW74: 14.64 | EX74: 0 | EY74: 0 | FQ74: 0 | FR74: =ROUND(IF(AND(BH74=3,BI74=3),P74,0),2) -> 0 | FS74: 0 | FX74: 114 | FY74: 67 | GD74: 1 | GF74: 1687623392 | GG74: 2 | GH74: 1 | GI74: -2 | GJ74: 0 | GK74: 0 | GL74: =ROUND(IF(AND(BH74=3,BI74=3,FS74<>0),P74,0),2) -> 0 | GM74: =ROUND(O74+X74+Y74,2)+GX74 -> 94.78 | GN74: =IF(OR(BI74=0,BI74=1),ROUND(O74+X74+Y74,2),0) -> 0 | GO74: =IF(BI74=2,ROUND(O74+X74+Y74,2),0) -> 94.78 | GP74: =IF(BI74=4,ROUND(O74+X74+Y74,2)+GX74,0) -> 0 | GR74: 0 | GS74: 3 | GT74: 0 | GV74: =ROUND((GT74),6) -> 0 | GW74: 1 | GX74: =ROUND(HC74*I74,2) -> 0 | HA74: 0 | HB74: 0 | HC74: =GV74*GW74 -> 0 | IK74: 0
